Workbook
Name \: #REF!
Name \: #REF!
Name \: #REF!
Name \: #REF!
Name \: #REF!
Name \: #REF!
Name \a: #REF!
Name \a: #REF!
Name \a: #REF!
Name \a: #REF!
Name \P: #REF!
Name ____: #REF!
Name ____: #REF!
Name ____: #REF!
Name ____: #REF!
Name _____________________________________________________________________l12: #REF!
Name _____________________________________________________________________l3: #REF!
Name _____________________________________________________________________l5: #REF!
Name _____________________________________________________________________var1: #REF!
Name _____________________________________________________________________var4: #REF!
Name ____________________________________________________________________l12: #REF!
Name ____________________________________________________________________l3: #REF!
Name ____________________________________________________________________l5: #REF!
Name ____________________________________________________________________var1: #REF!
Name ____________________________________________________________________var4: #REF!
Name ___________________________________________________________________l12: #REF!
Name ___________________________________________________________________l3: #REF!
Name ___________________________________________________________________l5: #REF!
Name ___________________________________________________________________pc2: #REF!
Name ___________________________________________________________________pv2: #REF!
Name ___________________________________________________________________var1: #REF!
Name ___________________________________________________________________var4: #REF!
Name __________________________________________________________________pc2: #REF!
Name __________________________________________________________________pv2: #REF!
Name _________________________________________________________________l12: #REF!
Name _________________________________________________________________l3: #REF!
Name _________________________________________________________________l5: #REF!
Name _________________________________________________________________pc2: #REF!
Name _________________________________________________________________pv2: #REF!
Name _________________________________________________________________var1: #REF!
Name _________________________________________________________________var4: #REF!
Name ________________________________________________________________l12: #REF!
Name ________________________________________________________________l3: #REF!
Name ________________________________________________________________l5: #REF!
Name ________________________________________________________________pc2: #REF!
Name ________________________________________________________________pv2: #REF!
Name ________________________________________________________________var1: #REF!
Name ________________________________________________________________var4: #REF!
Name _______________________________________________________________l12: #REF!
Name _______________________________________________________________l3: #REF!
Name _______________________________________________________________l5: #REF!
Name _______________________________________________________________pc2: #REF!
Name _______________________________________________________________pv2: #REF!
Name _______________________________________________________________var1: #REF!
Name _______________________________________________________________var4: #REF!
Name ______________________________________________________________l12: #REF!
Name ______________________________________________________________l3: #REF!
Name ______________________________________________________________l5: #REF!
Name ______________________________________________________________pc2: #REF!
Name ______________________________________________________________pv2: #REF!

Sheet 0000000000000

Sheet 1000000000000

Sheet VUP Data
B1: DATA-CD STRUCTURES
B2: Name of Work ::- | D2: =#REF! -> #REF!
A4: S.No. | B4: Quantity | D4: Description of Item | H4: Rate | I4: per | J4: Amount (Rs.)
A6: 1 | B6: Dismantling of Structures (superstructure, substructure, foundation and other miscellaneous structures) and pavements including disposing of resulting materials and/or salvaging useful materials up to a distance of 1 km from project road complete as per Drawings and Technical Specification Clause MoRT&H 202 and as directed by the Engineer.(By Mechanical means in Cement Concrete grade M-15 & M-20)
D7: Page 23,24,25 of MoRT&H SDB
B8: Unit = cum
B9: Taking output = 1.25 cum
D10: (A) Labour
B11: 0.02 | C11: no | D11: Mate | H11: ='SSR-rates'!$I$58 -> 490 | I11: 1 | J11: =ROUND(B11*H11,2) -> 9.8
B12: 0.25 | C12: no | D12: Mazdoor skilled | H12: ='SSR-rates'!$I$59 -> 524 | I12: 1 | J12: =ROUND(B12*H12,2) -> 131
B13: 0.25 | C13: no | D13: Mazdoor unskilled | H13: ='SSR-rates'!$I$60 -> 490 | I13: 1 | J13: =ROUND(B13*H13,2) -> 122.5
B14: ='Input Data'!$D$23 -> 0 | D14: Agency area allowance | H14: =SUM(J11:J13) -> 263.3 | J14: =B14*H14 -> 0
D15: TOTAL | I15: A = | J15: =SUM(J11:J14) -> 263.3
D16: (B ) Machinery | L16: Air compressor 250 cfm with 2 leads of
D17: Air compressor 250 cfm with 2 leads of
B18: 0.67 | D18: pneumatic breaker @ 1.5 cum per hour | H18: ='SSR-rates'!$I$73 -> 619.5 | J18: =ROUND(B18*H18,2) -> 415.07 | L18: pneumatic breaker @ 1.5 cum per hour
B19: 0.27 | C19: hour | D19: Tractor Trolley | H19: ='SSR-rates'!$I$70 -> 465 | I19: 1 | J19: =ROUND(B19*H19,2) -> 125.55
D20: TOTAL | I20: B = | J20: =SUM(J18:J19) -> 540.62
D21: (A + B ) | J21: =J15+J20 -> 803.92
C22: (C) | D22: Over Head Charges on (A+B)
B23: ='Input Data'!$D$24 -> 0.13615 | D23: ="Over head charges "&'Input Data'!$D$24*100&"% on (A) + (B)" -> Over head charges 13.615% on (A) + (B) | H23: =J21 -> 803.92 | J23: =H23*B23 -> 109.45371
B25: 10 | C25: % | D25: (D) Contractors Profit on (A+B+C) | H25: =H23+J23 -> 913.37371 | J25: =ROUND(B25*H25/100,2) -> 91.34
B27: 1.25 | C27: cum | D27: =CONCATENATE("TOTAL Cost for ",B27," ",C27," = (A+B+C+D)",) -> TOTAL Cost for 1.25 cum = (A+B+C+D) | J27: =SUM(J21:J25) -> 1004.7137
D28: =CONCATENATE("Rate per 1 ",C27) -> Rate per 1 cum | J28: =J27/B27 -> 803.77097
D29: =D28 -> Rate per 1 cum | J29: =ROUND(J28,0) -> 804
B30: Earthwork excavation in soils upto SDR by mechanical means for foundations of structures as per drawing and technical specification including setting out, construction of shoring and bracing, removal of stumps and other deleterious matter, dressing sides of bottom, back filling the excavation earth to the extent required etc., complete excluding seignioarge charges for finished item of work as per MoRT&H specification 304(5th Revision) and as directed by the Engineer-in-Charge. (Payment Based on Levels)
B31: Unit : Cum | F31: Page 323 of MoRT&H SDB
B32: Taking out put = 240 Cum
B33: (A) | C33: Labour
B34: 0.32 | C34: day | D34: Mate | H34: ='SSR-rates'!$I$58 -> 490 | I34: day | J34: =ROUND(B34*H34,2) -> 156.8
B35: 8 | C35: day | D35: Mazdoor unskilled | H35: ='SSR-rates'!$I$60 -> 490 | I35: day | J35: =ROUND(B35*H35,2) -> 3920
B36: ='Input Data'!$D$23 -> 0 | D36: Agency area allowance | H36: =SUM(J34:J35) -> 4076.8 | J36: =B36*H36 -> 0
J37: =SUM(J34:J36) -> 4076.8
B38: (B) | C38: Machinery
B39: 6 | C39: hr | D39: Hydraualic Excavator 1 Cum bucket capacity @ 60 cum/hr | H39: ='SSR-rates'!$I$64 -> 3331.2 | I39: hr | J39: =ROUND(B39*H39,2) -> 19987.2
C40: cum | D40: Rate as per G.O. Ms No 10, Dt 26/7/2005 | H40: 13 | I40: cum | J40: =ROUND(B40*H40,2) -> 0
B42: (C) | C42: Over head charges
B43: ='Input Data'!$D$25 -> 0 | C43: ="Over head charges "&'Input Data'!$D$25*100&"% on (A) + (B)" -> Over head charges 0% on (A) + (B) | H43: =J39+J37 -> 24064 | J43: =H43*B43 -> 0
B44: (D) | C44: Total of (A) + (B)+( C) | J44: =J37+J40+J41+J43 -> 4076.8
B45: (E) | C45: Add Contractors Profit at 10% on (D) | J45: =J44*10/100 -> 407.68
D46: Cost per 240 cum (D)+(E) | J46: =SUM(J44:J45) -> 4484.48
D47: Rate for 1 cum | J47: =J46/240 -> 18.685333
F48: Add seignorage charges (1*22)
J49: =SUM(J47:J48) -> 18.685333
D50: Rate to be adopted | J50: =ROUND(J49,0) -> 19
J51: 1 Cum
B53: Vibrated cement concrete M 15 Grade Concrete using 40mm , 20mm and 10mm size HBG crushed stone aggregate (Coarse aggregate conforming to table 1000-1 and fine aggregate conforming to table 1000-2) including cost, (excluding seigniorage) and conveyance of all materials to site and all labour charges ,centering, machine mixing, laying in position, Compacting , Vibrating and curing including all other incidental and all other operational charges of T&P required etc., complete as per MoRT&H Specification 1500,1700, 2100 (5th Revision) for levelling Course
D54: Unit = cum | F54: Page 335 of MoRT&H SDB
D55: Taking output = 15 cum
B56: (A) | C56: Labour
B57: 0.86 | C57: Day | D57: Mate | H57: ='SSR-rates'!$I$58 -> 490 | I57: day | J57: =ROUND(B57*H57,2) -> 421.4
B58: 1.5 | C58: Day | D58: Mason | H58: ='SSR-rates'!$I$59 -> 524 | I58: day | J58: =ROUND(B58*H58,2) -> 786
B59: 20 | C59: Day | D59: Mazdoor | H59: ='SSR-rates'!$I$60 -> 490 | I59: day | J59: =ROUND(B59*H59,2) -> 9800
B60: ='Input Data'!$D$23 -> 0 | D60: Agency area allowance | H60: =SUM(J57:J59) -> 11007.4 | J60: =B60*H60 -> 0
D61: Total | J61: =SUM(J57:J60) -> 11007.4
B62: (B) | C62: Material
B63: 8.1 | C63: cum | D63: Cost of 40mm SS-5 HBG M/C metal | H63: =lead!$J$14 -> 1706.5179 | I63: cum | J63: =ROUND(B63*H63,2) -> 13822.8
B64: 4.05 | C64: cum | D64: Cost of 20mm SS-5 HBG M/C metal | H64: =lead!J16 -> 2005.5179 | I64: cum | J64: =ROUND(B64*H64,2) -> 8122.35
B65: 1.35 | C65: cum | D65: Cost of 10mm SS-5 HBG M/C metal | H65: =lead!J18 -> 1754.5179 | I65: cum | J65: =ROUND(B65*H65,2) -> 2368.6
B66: 6.75 | C66: cum | D66: Sand at site | H66: =lead!J12 -> 1658.7679 | I66: cum | J66: =ROUND(B66*H66,2) -> 11196.68
B67: 4.13 | C67: MT | D67: Cement at site | H67: ='Input Data'!$I$24 -> 5000 | I67: MT | J67: =ROUND(B67*H67,2) -> 20650
D68: Total | J68: =SUM(J63:J67) -> 56160.43
B69: (C) | C69: Machinery
B70: 6 | C70: hr | D70: Concrete mixer 0.4/0.28 cum | H70: ='SSR-rates'!$I$88 -> 627.6 | I70: hr | J70: =ROUND(B70*H70,2) -> 3765.6
B71: 6 | C71: hr | D71: Generator set 35 KVA | H71: ='SSR-rates'!$I$87 -> 1237.4 | I71: hr | J71: =ROUND(B71*H71,2) -> 7424.4
C72: hr | D72: Water tanker 6 KL capacity | H72: ='SSR-rates'!$I$69 -> 699 | I72: hr | J72: =ROUND(B72*H72,2) -> 0
D73: Total | J73: =SUM(J70:J72) -> 11190
B74: (D) | C74: Form work
C75: % | D75: Form work @ 10% on (A)+(B)+( C) | H75: =J61+J68+J73 -> 78357.83 | I75: Cum | J75: =H75*B75 -> 0
B76: (E) | C76: Over head charges @ 5%
B77: ='Input Data'!$D$25 -> 0 | C77: Add for Over head charges @ 5% on (A)+(B)+( C) | H77: =J75+J73+J68+J61 -> 78357.83 | J77: =H77*B77 -> 0
B78: (F) | C78: Total of (A) + (B)+( C)+(D)+(E) | J78: =J61+J68+J73+J75+J77 -> 78357.83
B79: (G) | C79: Add Contractors Profit at 10% on (F) | J79: =J78*10/100 -> 7835.783
D80: Cost per 15 cum (F)+(G) | J80: =SUM(J78:J79) -> 86193.613
D81: Rate for 1 cum | J81: =ROUND(J80/15,2) -> 5746.24
D82: Rate to be adopted | J82: =ROUND(J81,0) -> 5746
J83: 1 Cum
B85: Providing and filling bedding of Granular material around the pipes of Hume pipe culverts suitably compacted / rammed including cost, (excluding seigniorage) and conveyance of materials to site etc., complete as per drawing and MoRT&H Specification 2900 ( 5th Revision) and as directed by the Engineer-in-Charge.
D86: Unit = cum | F86: Page 462 of MoRT&H SDB
D87: Taking output = 10 cum
B88: (A) | C88: Labour
B89: 0.28 | C89: Day | D89: Mate | H89: ='SSR-rates'!$I$58 -> 490 | I89: day | J89: =ROUND(B89*H89,2) -> 137.2
B90: 7 | C90: Day | D90: Mazdoor | H90: ='SSR-rates'!$I$60 -> 490 | I90: day | J90: =ROUND(B90*H90,2) -> 3430
B91: ='Input Data'!$D$23 -> 0 | D91: Agency area allowance | H91: =SUM(J89:$J$90) -> 3567.2 | J91: =B91*H91 -> 0
D92: Total | J92: =SUM(J89:J91) -> 3567.2
B94: (B) | C94: Material
B95: 12 | C95: cum | D95: Cost of Gravel | H95: =lead!$J$34 -> 173.07605 | I95: cum | J95: =ROUND(B95*H95,2) -> 2076.91
D96: Total | J96: =SUM(J95:J95) -> 2076.91
B97: © | C97: Machinery
B98: 2.5 | C98: hr | D98: Plate compactor/Power rammer/road roller | H98: ='SSR-rates'!$I$91 -> 54 | I98: hr | J98: =ROUND(B98*H98,2) -> 135
B99: 0.05 | C99: hr | D99: Water tanker 6 KL capacity | H99: ='SSR-rates'!$I$69 -> 699 | I99: hr | J99: =ROUND(B99*H99,2) -> 34.95
D100: Total | J100: =SUM(J98:J99) -> 169.95
B101: (D) | C101: Over head charges
B102: ='Input Data'!$D$25 -> 0 | C102: ="Over head charges "&'Input Data'!$D$25*100&"% on (A) + (B)+(C)" -> Over head charges 0% on (A) + (B)+(C) | H102: =J100+J96+J92 -> 5814.06 | J102: =H102*B102 -> 0
B103: (E) | C103: Total of (A) + (B)+( C)+(D) | J103: =J92+J96+J100+J102 -> 5814.06
B104: (F) | C104: Add Contractors Profit at 10% on (E) | J104: =J103*10/100 -> 581.406
D105: Cost per 10 cum (E)+(F) | J105: =SUM(J103:J104) -> 6395.466
D106: Rate for 1 cum | J106: =J105/10 -> 639.5466
D107: Rate to be adopted | J107: =ROUND(J106,0) -> 640 | K107: 512
J108: 1 Cum
...

Sheet temp-calculations
A1: ='Schedule-A'!D3 -> R/F A to B in Wanaparthy Mandal of Wanaparthy District
B2: ='Schedule-A'!H4 -> NIT.No-- | C2: Estt.Cost.Rs. | D2: ='Schedule-A'!C4 -> 100 | E2: Lakhs
A3: ECV | B3: ='Schedule-A'!H189 -> 8076412 | C3: =B3 -> 8076412 | D3: 1% | E3: 0.015 | F3: 0.025
A4: EMD | B4: 1% ECV | C4: =CEILING(1%*B3,100) -> 80800 | D4: =CEILING(1%*C3,100) -> 80800 | E4: =CEILING(1.5%*C3,100) -> 121200 | F4: =SUM(D4:E4) -> 202000
A5: C1- TRANSATION FEE | B5: 0.03% of ECV+12.36% service tax | C5: Plus 12.36% service tax with upper ceiling of 10000+1236=11236/- up to 50.00 Crore | D5: =1.12368*(ROUND(0.03%*C3,0)) -> 2722.6766 | E5: 11236/-
A6: Period of contract in months | B6: =IF(B3<=20000000,12,15) -> 12 | C6: up to 2.00Cr -> 12 months above 2.00 Cr -> 15 months
A7: Solvency | B7: 3 x ECV / Period of Contract in months | C7: =ROUNDUP((3*C3)/(B6),0) -> 2019103 | D7: MTC-> | E7: ='Schedule-A'!#REF! -> #REF! | F7: ='Schedule-A'!#REF! -> #REF!
A8: Prime Contractor | B8: 50% of ECV X 12 / Period of Contract | C8: =ROUNDUP(50%*C3*12/B6,0) -> 4038206
A9: Bid Capacity | B9: ECV | C9: =C3 -> 8076412
A10: Quantities | B10: 50 % of Est. Qty X 12/Period of contract | C10: Required Quantity
A11: Earth work | B11: 0 | C11: =ROUNDUP(B11*50%*12/B6,0) -> 0 | D11: cum
A12: Gravel/GSB | B12: 0 | C12: =ROUNDUP(B12*50%*12/B6,0) -> 0 | D12: cum
A13: WBM/WET MIX | B13: 0 | C13: =ROUNDUP(B13*50%*12/B6,0) -> 0 | D13: cum
A14: BT ALL TYPES Sqm | B14: 0 | C14: =ROUNDUP(B14*50%*12/B6,0) -> 0 | D14: Sqm
A15: CC or VCC or VRCC | B15: 0 | C15: =ROUNDUP(B15*50%*12/B6,0) -> 0 | D15: cum
A17: MILE STONES | B17: Mile stone -1 ( Fnancial ) | C17: =(C9/3) -> 2692137.3 | D17: =C17*0.5 -> 1346068.7 | E17: =ROUND(D17*0.1%,0) -> 1346
B18: Mile stone -2 ( Fnancial ) | C18: =2*C17 -> 5384274.7 | D18: =C18*0.5 -> 2692137.3 | E18: =ROUND(D18*0.1%,0) -> 2692
B19: Mile stone -3 ( Fnancial ) | C19: =3*C17 -> 8076412 | D19: =C19*0.5 -> 4038206 | E19: =ROUND(D19*0.1%,0) -> 4038
D20: =SUM(D17:D19) -> 8076412 | F20: Rs.100/per Lakh per day | G20: OK | H20: =C20*0.5% -> 0
A21: LIQUIDITY DAMAGES | B21: For Mile stone -1 | C21: =ROUND(((C3/3)/1000),0) -> 2692 | D21: =C21*10% -> 269.2 | E21: =C3/3 -> 2692137.3 | F21: =E21*100/100000 -> 2692.1373 | G21: =C21-F21 -> -0.13733333
B22: For Mile stone -2 | C22: =C21 -> 2692 | D22: =C22*10% -> 269.2 | E22: =E21*2 -> 5384274.7 | F22: =E22*100/100000 -> 5384.2747 | G22: =C22-F22 -> -2692.2747
B23: For Mile stone -3 | C23: =C22 -> 2692 | D23: =C23*10% -> 269.2 | E23: =E21*3 -> 8076412 | F23: =E23*100/100000 -> 8076.412 | G23: =C23-F23 -> -5384.412
B25: Total | C25: =C21*3 -> 8076 | E25: TCV | F25: 0.10% of TCV | H25: =D17*10% -> 134606.87
D26: Mile stone 1 | E26: =C3/3 -> 2692137.3 | F26: =E26*0.1% -> 2692.1373 | G26: =C21-F26 -> -0.13733333 | H26: =D18*10% -> 269213.73
D27: Mile stone 2 | E27: =E26*2 -> 5384274.7 | F27: =E27*0.1% -> 5384.2747 | G27: =C22-F27 -> -2692.2747 | H27: =D19*10% -> 403820.6
D28: Mile stone 3 | E28: =E26*3 -> 8076412 | F28: =E28*0.1% -> 8076.412 | G28: =C23-F28 -> -5384.412 | H28: =SUM(H25:H27) -> 807641.2

Sheet Input Data
B1: Name of the Work:- | E1: R/F A to B in Wanaparthy Mandal of Wanaparthy District
H2: Sanction Details | K2: Go.No | L2: Go. Date | M2: Sl.No.in Go
B3: 1 | C3: (P.R) Circle | D3: Warangal | E3: Wgl | H3: Administrative sanction Ref. | I3: ="G.O.Rt.No."&K3&" dt: "&L3&" of PR & RD(Roads) Dept. Sl.No."&M3 -> G.O.Rt.No.273 dt: 20.07.2023 of PR & RD(Roads) Dept. Sl.No.1 | K3: 273 | L3: 20.07.2023 | M3: 1
B4: 2 | C4: District | D4: Wanaparthy | H4: Sanctioned Amount | I4: Rs. in Lakhs | J4: =K4 -> 100 | K4: 100 | L4: NIT.NO
B5: 3 | C5: (P.R) Division | D5: Wanaparthy | H5: Sanctioned Length | I5: In Km | J5: 1 | K5: 1 | L5: -
B6: 4 | C6: (P.R) Sub-Division | D6: Wanaparthy | H6: Grant | I6: CRR | J6: =H7&""&I6&"-"&I7 -> CRR-2024-25 | K6: common List Sl.No | L6: 0
B7: 5 | C7: Mandal | D7: Wanaparthy | I7: 2024-25
B9: Lead Distance | G9: Bitumen & Emulsion
B10: S.No | C10: Item | D10: Sourse of Meterial | E10: Km | G10: Location | I10: HPCL Vizag/Chennai IOCL | J10: IOCL Intial Rate excluding GST
B11: 1 | C11: Metal Cushed | D11: Wanaparthy | E11: 57 | G11: S.No | H11: Dated | I11: Item
B12: 2 | C12: Manufactured Sand (Rock Sand) | D12: =D11 -> Wanaparthy | E12: =E11 -> 57
B13: 3 | C13: Sand concrete | D13: Wanaparthy | E13: 82
B14: 4 | C14: Sand for filling | D14: Local | E14: 5 | G14: 1 | H14: 45536 | I14: Bulk VG 30 Grade 60/70 | J14: 40352
B15: 5 | C15: Gravel | D15: Local | E15: 5 | G15: 2 | H15: =H14 -> 45536 | I15: Emulsion SS-1 (Bulk) | J15: 73459
B16: 6 | C16: Pipes | D16: Wanaparthy | E16: 102 | G16: 3 | H16: =H15 -> 45536 | I16: Rapid Setting -I Bulk | J16: 39765
B17: 7 | C17: concrete mix | E17: 1
B18: 8 | C18: Borrowed earth | D18: Local | E18: 5
B19: 9 | C19: Selected earth for shoulder | D19: Local | E19: 5 | H19: Rates as on | I19: sep' 2024
B20: 10 | C20: BT Lead in Kms (Round Trip) | D20: chennai | E20: 665
B21: 11 | C21: Metal Hand Broken | D21: =D11 -> Wanaparthy | E21: =E11 -> 57
B22: Allowance | G22: Cement & Steel Rates
B23: 1 | C23: MAA/AA | D23: 0 | G23: S.No | H23: Item | I23: Amount in Rs.
B24: 2 | C24: OHC- Road Work | D24: 0.13615 | E24: 0 | G24: 1 | H24: ="Cement, "&I19&"" -> Cement, sep' 2024 | I24: 5000
B25: 3 | C25: OHC- Bridge Work | D25: 0 | G25: 2 | H25: ="Steel HYSD-Fe-500 Bars, "&I19&"" -> Steel HYSD-Fe-500 Bars, sep' 2024 | I25: 49000
B26: 4 | C26: Water cost Allowed Y/N | D26: N | G26: 3 | H26: ="Mild Steel Bars, "&I19&"" -> Mild Steel Bars, sep' 2024 | I26: 60000
G27: 4 | H27: ="6mm M.S. Rods, "&I19&"" -> 6mm M.S. Rods, sep' 2024 | I27: 55000

Sheet Cover Page
C3: GOVERNMENT OF TELANGANA
C7: PANCHAYATRAJ ENGINEERING DEPARTMENT
C14: Name of Grant | I14: : | J14: ='Input Data'!J6 -> CRR-2024-25
C16: Name of Work:-
C17: ='Input Data'!E1 -> R/F A to B in Wanaparthy Mandal of Wanaparthy District
D22: Amount Sanctioned | K22: : | L22: Rs. | M22: ='Input Data'!K4 -> 100 | O22: Lakhs
D23: Proposed Length | K23: : | L23: ='Input Data'!K5 -> 1 | N23: Km
C25: (P.R) Region | G25: :: | H25: ='Input Data'!D3 -> Warangal
C26: District | G26: :: | H26: ='Input Data'!D4 -> Wanaparthy
C27: (P.R) Division | G27: :: | H27: ='Input Data'!D5 -> Wanaparthy
C28: (P.R) Sub-Division | G28: :: | H28: ='Input Data'!D6 -> Wanaparthy
C29: Mandal | G29: :: | H29: ='Input Data'!D7 -> Wanaparthy

Sheet Note File
B1: ESTIMATE NOTE FILE | K1: CIRCLE | L1: ='Input Data'!D3 -> Warangal | P1: TS Date
B2: ="Note file.No. "&$L$2 -> Note file.No. AE-DEE-Wanaparthy-Wgl-CRR-2024-25 | L2: ="AE-DEE-"&'Input Data'!D7&"-"&N4 -> AE-DEE-Wanaparthy-Wgl-CRR-2024-25 | P2: Dt: -09-2024
B3: Subject :- | C3: ="PR Circle: "&L1&" - "&$L$7&" Dist"&'Input Data'!J6&" - "&$L$3&"- Estt.Cost.Rs."&$L$4&".00 Lakhs Detailed estimates Submitted for Technical Sanction - regarding" -> PR Circle: Warangal - Wanaparthy DistCRR-2024-25 - R/F A to B in Wanaparthy Mandal of Wanaparthy District- Estt.Cost.Rs.100.00 Lakhs Detailed estimates Submitted for Technical Sanction - regarding | K3: Name of the work | L3: ='Input Data'!E1 -> R/F A to B in Wanaparthy Mandal of Wanaparthy District
B4: Reference:- | C4: ="1)."&'Input Data'!I3&"." -> 1).G.O.Rt.No.273 dt: 20.07.2023 of PR & RD(Roads) Dept. Sl.No.1. | K4: Estt.Cost | L4: ='Input Data'!J4 -> 100 | M4: CAT | N4: ='Input Data'!E3&"-"&'Input Data'!J6&"" -> Wgl-CRR-2024-25 | Q4: ='Input Data'!L6 -> 0
C5: ="2). SE,PR,"&$L$1&$O$7 -> 2). SE,PR,Warangal vide Lr.No.T4/CRR/Wanaparthy/22 Dt: 06.09.2022 | K5: Mandal | L5: ='Input Data'!D7 -> Wanaparthy | M5: Length Sanctioned | N5: ='Input Data'!J5 -> 1
C6: 3)SE,PR,Warangal vide Lr.No.T4/Tenders/2021-22 Dt 03.08.2022
E7: ***** | K7: Dist | L7: ='Input Data'!D4 -> Wanaparthy | M7: Length Proposed | N7: ='Input Data'!K5 -> 1 | O7: vide Lr.No.T4/CRR/Wanaparthy/22 Dt: 06.09.2022
B8: Submitted, Sir, | K8: Division | L8: ="P.R."&'Input Data'!D5 -> P.R.Wanaparthy
B9: Kindly peruse the ref. 2nd cited where in the SE (PR) Warangal has submitted detailed estimates of above subject work Sanctioned vide reference 1st cited under -CRR-2024-25 grant and requested for according technical sanction the details are as follows. | K9: TS amount | L9: =ROUND(GA!E21/100000,2) -> 100
A10: 1 | B10: Name of the District | E10: : | F10: ='Input Data'!D4 -> Wanaparthy | K10: Schedule-A Road | L10: ='Schedule-A'!H188 -> 8076412
A11: 2 | B11: Name of the Division | E11: : | F11: =L8 -> P.R.Wanaparthy | K11: Schedule-A MTc. | L11: ='Schedule-A'!#REF! -> #REF!
A12: 3 | B12: Name of the Mandal | E12: : | F12: =L5 -> Wanaparthy | K12: ECV | L12: =CEILING(SUM(L10:L11),1) -> #REF! | M12: =L13-L12 -> #REF!
A13: 4 | B13: Name of the work | E13: : | F13: =L3 -> R/F A to B in Wanaparthy Mandal of Wanaparthy District | L13: ='Schedule-A'!H189 -> 8076412 | M13: Diff
A14: 5 | B14: Administrative sanction Ref. No. & date | E14: : | F14: ='Input Data'!I3 -> G.O.Rt.No.273 dt: 20.07.2023 of PR & RD(Roads) Dept. Sl.No.1 | N14: =7.5*3 -> 22.5 | O14: =2*7.5*3 -> 45
A15: 6 | B15: Category of Sanction | E15: : | F15: ='Input Data'!J6 -> CRR-2024-25 | N15: =(0.91+0.76)/2 -> 0.835 | O15: =2.7/2 -> 1.35
A16: 7 | B16: Estimate Cost | E16: : | F16: =L4 -> 100 | N16: =N14*N15 -> 18.7875 | O16: =O14*O15 -> 60.75
A17: 8 | B17: Length Proposed | E17: : | F17: ='Input Data'!J5 -> 1 | K17: =F17*3 -> 3
A18: 9 | B18: Habitations connected
A19: Sl.No | C19: Name of the Mandal | F19: Name of the village | H19: Popupation as per 2011 cencus | T19: 1505 | V19: Directly benefited
H20: SC | I20: ST | J20: Plain
A21: 1 | C21: =SPR!C12 -> Peddavangara | F21: =SPR!F12 -> Peddavangara | H21: =SPR!J12 -> 1008 | I21: =SPR!L12 -> 66 | J21: =SPR!O12 -> 2196
A22: 2 | C22: =SPR!C12 -> Peddavangara | F22: =SPR!F13 -> Hadru Thanda | H22: =SPR!J13 -> 0 | I22: =SPR!L13 -> 58 | J22: =SPR!O13 -> 0
A23: Total | I23: =H21+I21+J21+H22+I22+J22 -> 3328
A24: ="The true extract of the Inspection report of the SE, PR, "&L1&""&'Inspection Report'!E6&"" -> The true extract of the Inspection report of the SE, PR, Warangal
A25: ='Inspection Report'!C16 -> The total length of the Road is 1.000 Km. The total length is Earthen Surface. The both sides of the road is of Wet Fields, Hence Carted Earth is proposed.
A26: ='Inspection Report'!C17 -> Provide BT From Km 0/0 to 0/800 as per SP-72-2015 with GSB 175mm and Wmm 150mm as per traffic conditions
A27: ='Inspection Report'!C18 -> Provide CC M30 with 200 mm thick From Km 0/800 to 1/00 in Village Portion,with GSB 100mm and WMM 75mm thick as per SP 62-2014
A28: ='Inspection Report'!C19 -> The entire road stretch is passing through BC, Slushy soils and Fertile lands. Therefore Iron Cage Wheel tractors are regularly being passed on the road for cultivation purpose. Providing 20mm thick OGPC cannot be sustained Iron Cage Wheel load of tractors and Bituminous surface will damage due to cutting of edges and penetration of water through it at several places. Hence, Bituminous Concrete of 30mm thick is proposed as a special case to overcome the above problem as the design mix will have more strength than recipe mixes like OGPC and MSS etc., and duly keeping in view of life time of pavement with better performance.
A29: ='Inspection Report'!C20 -> CD Works:
A30: ='Inspection Report'!C21 -> Provide Culvert 2V and 1V of 1000mm dia NP4 Pipes as per field conditions.
A31: ='Inspection Report'!C22 -> 0 | L31: CVPD | M31: Curve | N31: CBR
A32: ='Inspection Report'!C23 -> 0 | L32: ='TRAFF-Count-ESAL-Cal'!N11 -> 21 | M32: ='ESAL-result'!K16 -> 3 | N32: ='ESAL-result'!E29/100 -> 0.04
A33: 10 | B33: Existing Surface Details | E33: Reaches | H33: Length in mtrs | I33: Status | J33: Proposed | L33: Existing Surface Details
A34: 1 | B34: =SPR!C20 -> Earthen | E34: =SPR!F20 -> BT Portion 0/00 to 0/800KM | H34: =SPR!K20 -> 800 | I34: =B34 -> Earthen | J34: BT
A35: 2 | B35: =SPR!C21 -> Earthen | E35: =SPR!F21 -> CC 0/800to 1/00km | H35: =SPR!K21 -> 200 | I35: =B35 -> Earthen | J35: CC | L35: =45+10+40+55+8+20 -> 178
H36: =SUBTOTAL(9,H34:H35) -> 1000 | M36: Total | P36: 0/0 - 2/810 | U36: =SUM(#REF!) -> #REF!
A38: 11 | B38: ="Traffic Count: "&L32&" CVPD" -> Traffic Count: 21 CVPD | E38: ESAL = | F38: ='TRAFF-Count-ESAL-Cal'!G30 -> 72982.87 | G38: ="Adopting T"&M32&" curve with CBR "&'ESAL-result'!E29&"% as per SPR72-2015" -> Adopting T3 curve with CBR 4% as per SPR72-2015
B49: The crust proposed by SE | F49: As per (IRC -SP-72-2015) the crust is to be provided
B50: Cumulative No. Of std. Axles | D50: N= msa | E50: CBR 3% | H50: May be provided as per existing crust | J50: Remarks
B51: The pavement layer proposed by SE is as follows | F51: As per (IRC -SP-72-2015)
B52: Proposed | C52: BC | E52: 30 mm | F52: OGPC | G52: 20mm | H52: BC | I52: 30mm | J52: As per SE IR dated:
B53: Proposed | C53: WMM | E53: 225 mm | F53: WMM | G53: 75mm | H53: WMM | I53: 150 mm
B54: Proposed | C54: Gravel Base | E54: 100 mm | F54: Gravel Base | G54: 150mm | H54: Gravel Base | I54: 175 mm
B55: Existing | C55: Granular Sub Base | E55: 50 mm | F55: Granular Sub Base | G55: 150 mm | H55: Granular Sub Base | I55: 50 mm
B56: Existing | C56: Sub Grade | E56: 150 mm | F56: Sub Grade | G56: 150 mm | H56: Sub Grade | I56: 150 mm | K56: =225+100+50+150 -> 525
B57: Total Pavement thickness | E57: 525 mm | G57: 525 mm | H57: Total Pavement thinckness | I57: 525mm
A58: 12 | B58: Crust Details Existing and Proposed | K58: Slno | L58: Reach | O58: CBR in % | P58: Crust Thickness required asper design | Q58: Existing & Proposed Crust provision | AB58: Crust thickness Check +/- | AC58: B.T.
B59: Rech | D59: CBR | E59: Req. Crust thick asper -SP-72 | F59: Existing Crust | G59: Proposed Crust | Q59: Gravel | S59: GR-II | U59: GR-III | W59: WMM | Y59: Total Pavement thickness
F60: Gravel | G60: GSB | H60: WMM | I60: BT /CC | Q60: Existing | R60: Proposed | S60: Existing | T60: Proposed | U60: Existing | V60: Proposed | W60: Existing | X60: Proposed | Y60: Existing | Z60: Proposed | AA60: Total | AC60: Existing | AD60: Proposed
A61: 1 | B61: =E34 -> BT Portion 0/00 to 0/800KM | D61: =N32 -> 0.04 | E61: ='ESAL-result'!K29 -> 325 | F61: =SPR!I36 -> 0 | G61: =SPR!L36 -> 175 | H61: =SPR!N36 -> 150 | I61: 30 mm thick BT with BC | K61: CC pavement 200 mm thick proposed
A62: 2 | B62: =E35 -> CC 0/800to 1/00km | F62: =SPR!I37 -> 0 | G62: =SPR!L37 -> 100 | H62: =SPR!N37 -> 75 | I62: CC pavement 200 mm thick proposed
A63: 13 | B63: Details of estimate provisions
A64: SNo | B64: Description | F64: Estimate with SSR 2023-24 | I64: Remarks
F65: Quantity | G65: Rate | H65: Amount | K65: 1 | L65: 0 | M65: 5.6
A66: =K66 -> 1 | B66: Clearing and grubbing of road | F66: ='Schedule-A'!B12 -> 3000 | G66: ='Schedule-A'!G12 -> 3.93 | H66: =ROUND(F66*G66,0) -> 11790 | J66: =IF(H66<E66,E66-H66,"") | K66: =IF(L66=L65,0,L66) -> 1 | L66: =IF(M66>0,(L65+1),L65) -> 1 | M66: =F66 -> 3000
A67: =K67 -> 0 | B67: Excavation for raod work | F67: ='Schedule-A'!B14 -> 0 | G67: ='Schedule-A'!G14 -> 127.41 | H67: =ROUND(F67*G67,0) -> 0 | K67: =IF(L67=L66,0,L67) -> 0 | L67: =IF(M67>0,(L66+1),L66) -> 1 | M67: =F67 -> 0
A68: =K68 -> 2 | B68: Carted earth | F68: ='Schedule-A'!B15 -> 2500 | G68: ='Schedule-A'!G15 -> 270.81 | H68: =ROUND(F68*G68,0) -> 677025 | J68: =IF(H68<E68,E68-H68,"") | K68: =IF(L68=L67,0,L68) -> 2 | L68: =IF(M68>0,(L67+1),L67) -> 2 | M68: =F68 -> 2500
A69: =K69 -> 3 | B69: Shoulders with Selected earth | F69: ='Schedule-A'!B17 -> 600 | G69: ='Schedule-A'!G17 -> 288.3 | H69: =ROUND(F69*G69,0) -> 172980 | J69: =IF(H69<E69,E69-H69,"") | K69: =IF(L69=L68,0,L69) -> 3 | L69: =IF(M69>0,(L68+1),L68) -> 3 | M69: =F69 -> 600
A70: =K70 -> 0 | B70: Scarifying ext bitumen surface | F70: ='Schedule-A'!B13 -> 0 | G70: ='Schedule-A'!G16 -> 10.22 | H70: =ROUND(F70*G70,0) -> 0 | K70: =IF(L70=L69,0,L70) -> 0 | L70: =IF(M70>0,(L69+1),L69) -> 3 | M70: =F70 -> 0
A71: =K71 -> 4 | B71: Sub-Base with Grading -VI | F71: ='Schedule-A'!B18 -> 640 | G71: ='Schedule-A'!G18 -> 2686.07 | H71: =ROUND(F71*G71,0) -> 1719085 | J71: =IF(H71<E71,E71-H71,"") | K71: =IF(L71=L70,0,L71) -> 4 | L71: =IF(M71>0,(L70+1),L70) -> 4 | M71: =F71 -> 640
A72: =K72 -> 0 | B72: WBM GR-II | F72: ='Schedule-A'!B19 -> 0 | G72: ='Schedule-A'!G19 -> 2889.56 | H72: =ROUND(F72*G72,0) -> 0 | K72: =IF(L72=L71,0,L72) -> 0 | L72: =IF(M72>0,(L71+1),L71) -> 4 | M72: =F72 -> 0
A73: =K73 -> 0 | B73: WBM GR-III | F73: ='Schedule-A'!B20 -> 0 | G73: ='Schedule-A'!G20 -> 3079 | H73: =ROUND(F73*G73,0) -> 0 | K73: =IF(L73=L72,0,L73) -> 0 | L73: =IF(M73>0,(L72+1),L72) -> 4 | M73: =F73 -> 0
A74: =K74 -> 5 | B74: WMM | F74: ='Schedule-A'!B21 -> 506.25 | G74: ='Schedule-A'!G21 -> 3062.5 | H74: =ROUND(F74*G74,0) -> 1550391 | J74: =IF(H74<E74,E74-H74,"") | K74: =IF(L74=L73,0,L74) -> 5 | L74: =IF(M74>0,(L73+1),L73) -> 5 | M74: =F74 -> 506.25
A75: =K75 -> 6 | B75: Prime coat | F75: ='Schedule-A'!B22 -> 3000 | G75: ='Schedule-A'!G22 -> 55.37 | H75: =ROUND(F75*G75,0) -> 166110 | J75: =IF(H75<E75,E75-H75,"") | K75: =IF(L75=L74,0,L75) -> 6 | L75: =IF(M75>0,(L74+1),L74) -> 6 | M75: =F75 -> 3000
A76: =K76 -> 7 | B76: Tack coat on Granuular base | F76: ='Schedule-A'!B23 -> 3000 | G76: ='Schedule-A'!G23 -> 15.66 | H76: =ROUND(F76*G76,0) -> 46980 | J76: =IF(H76<E76,E76-H76,"") | K76: =IF(L76=L75,0,L76) -> 7 | L76: =IF(M76>0,(L75+1),L75) -> 7 | M76: =F76 -> 3000
A77: =K77 -> 0 | B77: OGPC 20mm thick | F77: ='Schedule-A'!B24 -> 0 | G77: ='Schedule-A'!G24 -> 147.14 | H77: =ROUND(F77*G77,0) -> 0 | K77: =IF(L77=L76,0,L77) -> 0 | L77: =IF(M77>0,(L76+1),L76) -> 7 | M77: =F77 -> 0
A78: =K78 -> 0 | B78: Seal Coat Type-B | F78: ='Schedule-A'!B25 -> 0 | G78: ='Schedule-A'!G25 -> 58.07 | H78: =ROUND(F78*G78,0) -> 0 | K78: =IF(L78=L77,0,L78) -> 0 | L78: =IF(M78>0,(L77+1),L77) -> 7 | M78: =F78 -> 0
A79: =K79 -> 0 | B79: BM 50mm thick | F79: ='Schedule-A'!B26 -> 0 | G79: ='Schedule-A'!G26 -> 9744.47 | H79: =ROUND(F79*G79,0) -> 0 | K79: =IF(L79=L78,0,L79) -> 0 | L79: =IF(M79>0,(L78+1),L78) -> 7 | M79: =F79 -> 0
A80: =K80 -> 0 | B80: Tack Coat On Bitumen surface | F80: ='Schedule-A'!B27 -> 0 | G80: ='Schedule-A'!G27 -> 11.97 | H80: =ROUND(F80*G80,0) -> 0 | K80: =IF(L80=L79,0,L80) -> 0 | L80: =IF(M80>0,(L79+1),L79) -> 7 | M80: =F80 -> 0
A81: =K81 -> 0 | B81: SDBC | F81: ='Schedule-A'!B28 -> 0 | G81: ='Schedule-A'!G28 -> 10227.82 | H81: =ROUND(F81*G81,0) -> 0 | K81: =IF(L81=L80,0,L81) -> 0 | L81: =IF(M81>0,(L80+1),L80) -> 7 | M81: =F81 -> 0
A82: =K82 -> 8 | B82: BC 30mm thick | C82: 99 | D82: 9895.44 | E82: =ROUND(C82*D82,0) -> 979649 | F82: ='Schedule-A'!B29 -> 90 | G82: ='Schedule-A'!G29 -> 10932.2 | H82: =ROUND(F82*G82,0) -> 983898 | K82: =IF(L82=L81,0,L82) -> 8 | L82: =IF(M82>0,(L81+1),L81) -> 8 | M82: =F82 -> 90
A83: =K83 -> 9 | B83: CC Pavement | C83: 277.5 | D83: 6839.26 | E83: =ROUND(C83*D83,0) -> 1897895 | F83: ='Schedule-A'!B30 -> 150 | G83: ='Schedule-A'!G30 -> 7502.51 | H83: =ROUND(F83*G83,0) -> 1125377 | K83: =IF(L83=L82,0,L83) -> 9 | L83: =IF(M83>0,(L82+1),L82) -> 9 | M83: =F83 -> 150
K84: =IF(L84=#REF!,0,L84) -> #REF! | L84: =IF(M84>0,(#REF!+1),#REF!) -> #REF! | M84: =F84 -> 0
B85: Road Part Total | E85: =SUBTOTAL(9,E66:E83) -> 2877544 | H85: =SUBTOTAL(9,H66:H83) -> 6453636 | K85: =IF(L85=L84,0,L85) -> #REF! | L85: =IF(M85>0,(L84+1),L84) -> #REF!
B86: CD works
B87: Name of CD work | E87: Nos. | F87: No | G87: Rate | H87: Amount
A88: a | B88: =M88 -> Construction of HP Culvert 1V of 1000mm Dia.NP4 Pipes at Km | E88: =N88 -> 3 | F88: ='CD Abs'!C5 -> 3 | G88: ='CD Abs'!D5 -> 346940 | H88: =F88*G88 -> 1040820 | L88: i | M88: ='Schedule-A'!D32 -> Construction of HP Culvert 1V of 1000mm Dia.NP4 Pipes at Km | N88: ='Schedule-A'!E32 -> 3 | O88: ='Schedule-A'!I39 -> 1040819
A89: b | F89: ='CD Abs'!C6 -> 1 | G89: ='CD Abs'!D6 -> 530080 | H89: =F89*G89 -> 530080 | L89: ii | M89: ='Schedule-A'!D40 -> Construction of HP Culvert 2V of 1000mm Dia.NP4 Pipes at Km | N89: ='Schedule-A'!E40 -> 1 | O89: ='Schedule-A'!I47 -> 530080
L90: ii | M90: ='Schedule-A'!D48 -> Construction of HP Culvert 1 V of 1000mm Dia.NP4 Pipes 0 Nos at 2/150 (Skew) Kms | N90: ='Schedule-A'!E48 -> 0 | O90: ='Schedule-A'!I54 -> 0
B91: CD works Total | E91: =SUM(E89:E90) -> 0 | H91: =SUM(H88:H90) -> 1570900
B92: Road Furniture | H92: =GA!E9 -> 37461
B93: Raod Safety | H93: =GA!E10 -> 14416
B94: Road + CD works + RF | F94: Total | H94: =SUM(H93+H92+H91+H85) -> 8076413
A95: =+A92+1 -> 1 | B95: =[2]GA!B11 -> Q.C. Charges @ 0.50% | H95: =GA!E12 -> 42411
A96: =A95+1 -> 2 | B96: =[2]GA!B12 -> NAC @ 0.10% | H96: =GA!E13 -> 8482
A97: =A96+1 -> 3 | B97: =[2]GA!B13 -> Seignarage Charges | H97: =GA!E14 -> 297019
A98: =A97+1 -> 4 | B98: =[2]GA!B14 -> Add DMF @ 30% on Seignarage amount | H98: =GA!E15 -> 89106
A99: =A98+1 -> 5 | B99: =[2]GA!B15 -> Add SMET @2% on Seignarage amount | H99: =GA!E16 -> 5940 | O99: 548734 | P99: 568729 | S99: =O99-P99 -> -19995
A100: =A99+1 -> 6 | B100: =GA!B17 -> Add 0.8 times permit fee on Seign Charges | H100: =GA!E17 -> 237615
A101: =A100+1 -> 7 | B101: Add GST @ 18% | H101: =GA!E19 -> 1649306 | O101: 199305 | P101: 202046 | S101: =O101-P101 -> -2741
A102: =A101+1 -> 8 | B102: Unforeseen, price escalation, Seinarage, rounding off | H102: =GA!E20 -> -812116 | K102: =L4 -> 100 | O102: 4231119 | P102: 4185149 | S102: =O102-P102 -> 45970
B103: Total Rs. | H103: =SUBTOTAL(9,H94:H102) -> 9594176 | K103: =K102*100000-SUM(H94:I96) -> 1872694 | O103: =O99+O101+O102 -> 4979158 | P103: =P99+P101+P102 -> 4955924 | S103: =O103-P103 -> 23234
B105: Sanctioned Estimate | E105: =E103 -> 0 | G105: Excess | H105: =I103 -> 0
B106: Recast Estimate | E106: =H103 -> 9594176 | G106: Less | H106: =J103 -> 0
B107: Difference | E107: =E105-E106 -> -9594176 | G107: Diff | H107: =H105-H106 -> 0
B108: The amount in the recast estimate is increased due to adaptation of SSR 2022-23 for which the length of the road is decreased.
B109: The Following are the rates adopted in the present estimate .
B110: SSR used for preparation Estimate | H110: SSR 2024-25
A111: 14 | B111: Initial Rates of Steel, Cement, BT and Lead of materials proposed as follows
A112: Sl. No | B112: Items | E112: Rates | G112: Per | H112: Lead allowed | I112: Rate Ref. / Date | L112: Gravel | M112: ='Input Data'!D15 -> Local | N112: ='Input Data'!E15 -> 5
...

Sheet GA
A1: GENERAL ABSTRACT
A2: Name of Work: | B2: ='Input Data'!E1 -> R/F A to B in Wanaparthy Mandal of Wanaparthy District
B3: Estt.Cost Rs. | C3: ='Input Data'!J4 -> 100 | E3: Lakhs
A4: Sl. No. | B4: Particular | E4: Amount (Rs.)
A5: PART-(A)
B6: Road Works
A7: 1 | B7: Road work | C7: 0.895 | E7: ='Road Estimate'!L93 -> 6453636
A8: 2 | B8: CD Works | C8: Nos | E8: ='CD Abs'!E17 -> 1976724 | G8: =F8-E8 -> -1976724 | I8: =279184*2 -> 558368
A9: 3 | B9: Road Furniture | E9: ='Road-furniture '!G18 -> 37461 | I9: =613168 -> 613168
A10: 4 | B10: Road Safety Interventions | E10: ='RSI-Estt'!L28 -> 14416
B11: Sub-Total | E11: =SUM(E7:E10) -> 8482237
A12: 5 | B12: Q.C. Charges @ 0.50% | E12: =ROUND(E11*0.5%,0) -> 42411
A13: =+A12+1 -> 6 | B13: NAC @ 0.10% | E13: =ROUND(E11*0.1%,0) -> 8482
A14: =+A13+1 -> 7 | B14: Seignarage Charges | E14: =Seigneorage!G141 -> 297019
A15: =+A14+1 -> 8 | B15: Add DMF @ 30% on Seignarage amount | E15: =ROUND(E14*30%,0) -> 89106
A16: =+A15+1 -> 9 | B16: Add SMET @2% on Seignarage amount | E16: =ROUND(E14*2%,0) -> 5940
A17: =+A16+1 -> 10 | B17: Add 0.8 times permit fee on Seign Charges | E17: =ROUND(E14*80%,0) -> 237615 | H17: =E14*0.008 -> 2376.152
B18: Sub-Total | E18: =SUM(E11:E17) -> 9162810 | K18: =168.5/2.5 -> 67.4
A19: 11 | B19: Add GST @ 18% | E19: =ROUND(E18*18%,0) -> 1649306
A20: 12 | B20: Unforeseen, price escalation, Seinarage, as per Govt. orders and rounding off | E20: =G20 -> -812116 | G20: =(C3*100000)-E18-E19 -> -812116 | H20: =E20-G20 -> 0
B21: Total Amount (Part- A) | E21: =SUM(E18:E20) -> 10000000 | G21: =+'Input Data'!J4*100000-SUM(E11:E20) -> -9162810
A22: PART- (B)
B23: Maintenance Estimate
A24: 1 | B24: Routine Maintanance for 5 YEARS | E24: ='Mtc-Abs'!D15 -> 650192
A25: 2 | B25: Add GST on Maintanence @ 12.00% | E25: ='Mtc-Abs'!D16 -> 78023
A26: 3 | B26: Add LS For U/F items | E26: ='Mtc-Abs'!D17 -> 21785
B27: Total Part-B | E27: =SUM(E24:E26) -> 750000
B28: Total (Part- A+B) | E28: =E21+E27 -> 10750000
A30: =" The work is Administratively Sanctioned for Rs."&'Input Data'!J4&".00 lakhs, Vide "&'Input Data'!I3&" under "&'Input Data'!J6 -> The work is Administratively Sanctioned for Rs.100.00 lakhs, Vide G.O.Rt.No.273 dt: 20.07.2023 of PR & RD(Roads) Dept. Sl.No.1 under CRR-2024-25
A32: =" The Estimate of work '' "&'Input Data'!E1&" '' is Technically sanctioned for Rs."&'Note File'!L9&" lakhs, and Technically Approved for Rs."&ROUND(E28/100000,2)&" lakhs Vide TSR No. /2021-22 dated -11-2021." -> The Estimate of work '' R/F A to B in Wanaparthy Mandal of Wanaparthy District '' is Technically sanctioned for Rs.100 lakhs, and Technically Approved for Rs.107.5 lakhs Vide TSR No. /2021-22 dated -11-2021.
B34: Assistant Engineer, | C34: Dy. Exe. Engineer
B35: ="PRSD, "&'Input Data'!D6&"" -> PRSD, Wanaparthy | C35: ="PRSD, "&'Input Data'!D6&"" -> PRSD, Wanaparthy
B37: District Panchayat Raj Engineer, | C37: Superintending Engineer
B38: ="PIU, "&'Input Data'!D5&"" -> PIU, Wanaparthy | C38: ="PR, Circle, "&'Input Data'!D3&"" -> PR, Circle, Warangal
C40: Engineer-In-chief
C41: P.R, Hyderabad

Sheet Inspection Report
A2: Inspection report of the Superintending Engineer, PR, Region, Warangal
A3: Present: Sri K.Raghuveera Reddy, B.Tech.
A6: 1 | B6: Date of Inspection | D6: :
A7: 2 | B7: Name of the Officers present | D7: : | E7: 1 | F7: Srinivasulu, District Panchayat Raj Engineer, PIU, Division, Mahabubabad
D8: : | E8: 2 | F8: K. Prasannakumar, Dy. Executive Engineer, PR, SD, Thorrur.
D9: : | E9: 3 | F9: K. Suresh, Asst. Engineer, PR, SD, Thorrur.
A10: 3 | B10: Name of the Work | D10: : | E10: ='Input Data'!E1 -> R/F A to B in Wanaparthy Mandal of Wanaparthy District
A11: 4 | B11: Estimated Cost | D11: : | E11: Rs. | G11: ='Input Data'!J4 -> 100 | H11: Lakhs
A12: 5 | B12: Administrative Sanction | D12: : | E12: ='Input Data'!I3 -> G.O.Rt.No.273 dt: 20.07.2023 of PR & RD(Roads) Dept. Sl.No.1
A13: 6 | B13: Grant | D13: : | E13: ='Input Data'!J6 -> CRR-2024-25
C16: The total length of the Road is 1.000 Km. The total length is Earthen Surface. The both sides of the road is of Wet Fields, Hence Carted Earth is proposed.
C17: Provide BT From Km 0/0 to 0/800 as per SP-72-2015 with GSB 175mm and Wmm 150mm as per traffic conditions
C18: Provide CC M30 with 200 mm thick From Km 0/800 to 1/00 in Village Portion,with GSB 100mm and WMM 75mm thick as per SP 62-2014
C19: The entire road stretch is passing through BC, Slushy soils and Fertile lands. Therefore Iron Cage Wheel tractors are regularly being passed on the road for cultivation purpose. Providing 20mm thick OGPC cannot be sustained Iron Cage Wheel load of tractors and Bituminous surface will damage due to cutting of edges and penetration of water through it at several places. Hence, Bituminous Concrete of 30mm thick is proposed as a special case to overcome the above problem as the design mix will have more strength than recipe mixes like OGPC and MSS etc., and duly keeping in view of life time of pavement with better performance.
C20: CD Works:
B21: 1 | C21: Provide Culvert 2V and 1V of 1000mm dia NP4 Pipes as per field conditions.
B23: The District Panchayat Raj Engineer, PIU, Division, Mahabubabad is requested to prepare the Detailed Estimate with above provisions
H26: Superintending Engineer
H27: PR, Region, Warangal

Sheet SPR
A1: SPECIFICATION REPORT FOR WORKING ESTIMATE
A2: Name of the Work : | E2: ='Input Data'!E1:J1 -> R/F A to B in Wanaparthy Mandal of Wanaparthy District
B3: Grant | C3: ='Input Data'!I6 -> CRR | D3: ='Input Data'!I7 -> 2024-25 | L3: Est. Cost . Rs. | O3: ='Input Data'!J4 -> 100 | Q3: Lakhs
B4: The work " R/F Ayyangaripally to Thorrur via Danthalagadda in Palakurthy Mandal of Jangaon District "is administratively sanctioned for Rs 108.00 lakhs under CRR Grant Go No.67 Date: 28-02-2022. The total length of the Road is 2.650 km with track Surface existing. The both sides of total length of the road is in private patta lands hence carterd earth is proposed. Based on the traffic intensity, the traffic curve is considered as T3. Accordingly WMM-150 mm thick over GSB Gr-VI-175 mm thk, is proposed as per IRC: SP: 72-2015 in BT portions. As per IRC: SP 62-2014 under CC Pavment provided over GSB Grading -VI-100 mm thick and WMM of 75mm thick.
B5: The Sanctioned amount is not sufficient to take up the entire length of the road up to BT standards as this road is having track surface. The starting village of Ayyangaripally village is connected with PR BT road and end village of Thorrur is connected with R&B BT Road. But the Danthalagadda village is loated at Km 1/450 on this road which is not connected by all weather road. Hence the road is proposed for forming of embankment up to Danthalagadda village ie upto 1.450Kms to keep the road is under connectivity to Danthalagadda village for which it is useful for the villagers to carry their agriculture product as well as to reach the GP, Mandal and District head quarters. The Road is proposed for BT standards from Km 0/0 to 0/925 to the extent of sanctioned amount.
B6: The estimate is technically sanctioned for Rs 100.00 Lakhs and the tender are also called far. But there is no response from the contractors for tenders. Mean while the new SSR 2023-24 is also approved and non reponse from the contractor the working estimate is prepared duly adopting the SSR 2023-24 and here with submitting for favour of approval and necessry action.
A7: 1) | B7: Habitations Benifitted
B8: The following villages will be benifitted by providing this road.
B10: Sl.No. | C10: Name of the Mandal | F10: Name of the Village | J10: Popupation asper 2011cencus
J11: SC | L11: ST | O11: Plain
B12: 1 | C12: Peddavangara | F12: Peddavangara | J12: 1008 | L12: 66 | O12: 2196
B13: 2 | C13: Peddavangara | F13: Hadru Thanda | J13: 0 | L13: 58 | O13: 0
F14: Total | J14: =SUM(J12:J13) -> 1008 | L14: =SUM(L12:L13) -> 124 | O14: =SUM(O12:O13) -> 2196 | R14: =J14+L14+O14 -> 3328
A16: 2) | B16: Existing Surface Details
B17: The existing surface details of the road for proposed length as follows.
B19: S.No | C19: Existing Type of surface | F19: Reaches | K19: Total Length in mts | M19: Remarks
B20: 1 | C20: Earthen | F20: BT Portion 0/00 to 0/800KM | K20: 800 | M20: WMM-150 mm thick over GSB Gr-VI-175 mm thk, is proposed as per IRC: SP: 72-2015 in BT portions
B21: 2 | C21: Earthen | F21: CC 0/800to 1/00km | K21: 200 | M21: Provide WMM - 75mm thick over GSB Gr-VI - 100 mm thick, as per IRC:SP:62-2014 in CC Pavements
C22: Total | K22: =SUM(K20:L21) -> 1000
A24: 3) | B24: Traffic intensity
B25: Base year traffic volume Count is as follows
B27: Dates of Traffic count (3 days) | C27: Vehicle Class | Q27: Total
C28: Cars, Jeeps, Vans, Three-wheelers | D28: Motorised two- wheelers | E28: Agricultural Tractors/ Trailers (MCV) | H28: Trucks / Buses (HCV) | K28: Cycles | L28: Cycle Rickshaws | M28: Animal Drawn Vehicles | O28: CVPD
E29: Laden | F29: Unladen | G29: Over Laden | H29: Laden | I29: Unladen | J29: Over Laden
B30: 08.03.23 to 10.03.2023 | C30: ='TRAFF-Count-ESAL-Cal'!B11 -> 4 | D30: ='TRAFF-Count-ESAL-Cal'!C11 -> 38 | E30: ='TRAFF-Count-ESAL-Cal'!D11 -> 8 | F30: ='TRAFF-Count-ESAL-Cal'!E11 -> 7 | G30: ='TRAFF-Count-ESAL-Cal'!F11 -> 0 | H30: ='TRAFF-Count-ESAL-Cal'!G11 -> 3 | I30: ='TRAFF-Count-ESAL-Cal'!H11 -> 3 | J30: ='TRAFF-Count-ESAL-Cal'!I11 -> 0 | ... L30: ='TRAFF-Count-ESAL-Cal'!K11 -> 0 | M30: 0 | O30: =E30+F30+G30+H30+I30+J30 -> 21 | Q30: =C30+D30+E30+F30+G30+H30+I30+J30+K30+L30+L30+M30 -> 93
A32: 4) | B32: Reach wise CBR and proposed road Crust thickness w.r.t existing surface details are as follows
A33: Slno | B33: Reach | E33: CBR in % | F33: Crust required asper design T6 of IRC-SP-72-2015 | I33: Existing & Proposed Crust provision | T33: Crust thick ness Check +/- | U33: BC
I34: Gravel | K34: GR-VI | M34: WMM | O34: CC | Q34: Total Pavement thickness
I35: Existing | J35: Proposed | K35: Ext | L35: Pr | M35: Ext | N35: Pr | O35: Ext | P35: Pr | Q35: Ext | R35: Pr | S35: Total | U35: Ext | V35: Pr
A36: 1 | B36: =F20 -> BT Portion 0/00 to 0/800KM | E36: 0.04 | F36: 325 | I36: 0 | J36: 0 | K36: 0 | L36: 175 | M36: 0 | N36: 150 | O36: 0 | P36: 0 | Q36: =I36+K36+M36+O36 -> 0 | R36: =J36+L36+N36+P36 -> 325 | S36: =Q36+R36 -> 325 | T36: 0 | U36: 0 | V36: 30
A37: 2 | B37: =F21 -> CC 0/800to 1/00km | I37: 0 | J37: 0 | K37: 0 | L37: 100 | M37: 0 | N37: 75 | O37: 0 | P37: 200 | Q37: =G36+I37+K37+M37+O37 -> 0 | R37: =H36+J37+L37+N37+P37 -> 375 | S37: =Q37+R37 -> 375 | T37: 0 | U37: 0
A40: 5) | B40: CD works Existing Proposed Details are as follows.
B41: Existing CD works with type | F41: Nos | G41: Existing Reaches | K41: Proposed CD works with type | O41: Nos | R41: Proposed Reaches
A42: 1 | B42: Construction of HP Culvert 1V of 1000mm Dia. NP4 Pipes | K42: 1V 1000mm dia | O42: 1 | R42: 1/000 Km
A43: 2 | B43: 1vent 5.00 x 2.00m span slab culvert | K43: Slab culvert | R43: 2/100, 3/000 Km
A44: 3 | B44: 1vent 6.00 x 2.00m span slab culvert | K44: Slab culvert | R44: 0/400 KM
A45: 4 | B45: 2vent 6.00 x 2.00m span slab culvert at 1/600 Km | K45: Slab culvert | R45: 1/600 KM
A46: 5 | B46: Protection walls at 1/800, 2/400 & 3/500 KM | R46: 1/800, 2/400 & 3/500 KM
A47: 6 | B47: Construction of Village Side Drains
B48: Total Nos | F48: =SUM(F41:F41) -> 0 | K48: Total Nos | O48: =SUM(O41:O46) -> 1
B49: The following provisions are made in the working estimate up to BT standards
A50: 1 | B50: Clearing and grubbing road land including uprooting rank vegetation, grass, bushes, shrubs, saplings and trees girth up to 300 mm, removal of stumps of trees as per the Techinical Specification Clause 201 MoRTH 5th Revision from Km 0/00 to 1/000
A51: 2 | B51: Forming Embankment with material obtained from borrowed useful earth from outside road boundary by mechanical means upto SDR with all leads and lifts as per MoRT&H specification 305 (5th revision). (The soil CBR>10%, PI<18% & MDD>1.8 g/cc) from Km 0/00 to 1/000
A52: 3 | B52: Construction of granular sub-base by providing close graded material (Table 400.1) with Grading VI Material CBR Value not less than 100 and PI Value less than 6 spreading in uniform layers with Vibratory Roller to achieve the desired density, complete as directed by the Engineer-in-charge and as per Technical Specification Clause 401 MoRT&H (5th Revision) from Km 0/00 to 1/000
A53: 4 | B53: Providing, laying, spreading and compacting graded stone aggregate to Wet mix macadam specification including premixing the material with water at OMC in mechanical mixer (Pug Mill), as per Technical Specification Clause 406 MoRT&H ( 5th revision ) from Km 0/00 to 1/000
A54: 5 | B54: Providing and applying primer coat with bitumen emulsion (SS-1) on prepared surface of granular base including cleaning of road surface as per Technical Specification Clause 502 MoRT&H (5th Revision) from Km 0/0 to 0/800
A55: 6 | B55: Providing and applying tack coat with Bitumen emulsion (RS-1) using emulsion distributor at the rate of 0.20 kg per sqm on as per Technical Specification Clause 503 MoRT&H (5th Revision) from Km 0/0 to 0/800
A56: 7 | B56: Providing and laying bituminous concrete with 100-120 TPH batch type hot mix plant producing an average output of 75 tonnes per hour using crushed aggregates of grading-II premixed with bituminous binder @ 5.0 to 5.4 percent of mix as per MORTH specification clause No. 509 complete in all respects from Km 0/0 to 0/800
A57: 8 | B57: Construction of un-reinforced, expansion and construction joint plain cement concrete pavement, thickness as per design, over a prepared sub base, with 43 grade cement or any other type as per Clause 1501.2.2 M30 (Grade), as per drawing and Technical Specification Clause 1501 MORD from Km 0/800 to 1/00
A58: 9 | B58: Construction of earthen shoulders with selective soils obtained from borrow pits with MDD of 18 KN/Cum , CBR ≥ 12%, PI < 12% from approved sources, as per MoRT&H specification 305 (5th revision) from Km 0/0 to 1/00
A59: 10 | B59: Construction of CD works.
A60: 11 | B60: Construction of Side drain
A61: 12 | B61: Provide Road furniture and Road safety interventions
A62: 12
A63: 11 | B63: The estimate is prepared with the SSR for the year 2021-2022. | I63: The estimate is prepared with the SSR for the year 2021-2022. | P63: The estimate is prepared with the SSR for the year 2021-2022.
A64: 12 | B64: Construction of 8V of 1000 mm dia NP4 RCC pipe Vented Road Dams at km 3/950 and 4/450
A65: 13 | B65: Construction of 1 V of 3 m span slab culvert at Km. 3/650
A66: 16 | B66: Construction of 1 V of 3 m span slab culvert at Km. 6/850
A67: 10 | B67: C/o 30m Retaning wall to Open well at Km 1/050
A69: 7) | B69: DESIGN CRITERIA:
A70: i) | B70: The road surface is designed to carry design speed of 50 KMPH.
A71: ii) | B71: The recommended land width as per SP-20/MORD guidelines is available.
A72: iii) | B72: The road way width of 7.50 mtrs and carriage way width of 3.75 meters was provided as per MORD Guidelines.
A73: iv) | B73: Pavement camber of 1 in 50 is provided.
A74: v) | B74: Super elevation are provided as per site requirement
A75: vi) | B75: Road is designed for vertical alignment and gradient. : a) Vertical curves are not required as the road is having plain embankment all along the entire length.
B76: b) Maximum Height of embankment of 0.50 mts is to be provided at reaches where the formation to be done.
A77: vii) | B77: Pavement materials provided in the estimate satisfy the MORD & SP20 guidelines
B79: The estmate is prepared with MORTH Data duly adopting Cement and Steel rates of June 2024 and BT rates are adopted as on .2024
B80: The Estimate is prepared with the SSR for 2024-25 and with above provisions and cost is worked out to Rs. 100 .00 lakhs and same is submitted for according early Sanction.
B85: =GA!B34 -> Assistant Engineer, | F85: Dy Executive Engineer | L85: =GA!B37 -> District Panchayat Raj Engineer, | Q85: Superintending Engineer
B86: =GA!B35 -> PRSD, Wanaparthy | F86: =GA!C35 -> PRSD, Wanaparthy | L86: =GA!B38 -> PIU, Wanaparthy | Q86: ='Road Estimate'!I102 -> PR, Circle, Warangal

Sheet Key Map
A1: KEY MAP
A4: Name of the Work: | C4: ='Input Data'!E1 -> R/F A to B in Wanaparthy Mandal of Wanaparthy District
J10: Upparigudem
I16: A
D17: B
C19: Proposed BT Road from | G19: Proposed CC Road | H19: BT Road | K19: Peddavangara Village
C20: 1/250 | F20: 0/950 | G20: 1/000 | H20: 0/800 | I20: 0/000 Km | J20: Peddavangara PWD Road
B37: Asst. Engineer, | D37: Dy. Exe. Engineer | G37: ='Pipe data'!D399 -> District Panchayat Raj Engineer,
B38: PRSD, Thorrur | D38: PRSD, Thorrur | G38: ='Pipe data'!D400 -> PIU, Wanaparthy
G42: ='Pipe data'!E399 -> Superintending Engineer
G43: ='Pipe data'!E400 -> PR, Circle, Warangal

Sheet LS_2LS
A2: ='Input Data'!E1 -> R/F A to B in Wanaparthy Mandal of Wanaparthy District
B4: LONGITUDINAL SECTION
B9: 0/00 | G9: 0/800 | J9: 1/000 | Y9: 1/250
M10: 30 mm Thick BC (B.T )
H11: CC 200mm
C12: WMM 150 mm | H12: WMM 75 mm
C14: GSB 175 mm | H14: GSB 100 mm
B17: Pangidipally village limits
E20: B.T with BC | I20: (Black) | M20: CC Pavement 200 mm
E22: WMM | I22: (Yellow)
E24: GSB Gr- VI | I24: (Orange) | M24: existing earthen surface
F30: Asst Engineer | L30: Dy Executive Engineer | V30: Executive Engineer | AB30: Superintending Engineer
F31: PR SD Thorrur | L31: PR SD Thorrur | V31: PIU, Mahabubabad | AB31: PR Circle Warangal

Sheet TRAFF-Count-ESAL-Cal
A1: FIELD DATA SHEET FOR TRAFFIC CENSUS (BOTH DIRECTIONS) FOR 3 DAYS ( Lean Seasion )
A2: & CUMALATIVE ESAL APPLICATION CALCULATIONS
A3: ='Input Data'!E1 -> R/F A to B in Wanaparthy Mandal of Wanaparthy District
A4: Day | B4: Vehicle Class | M4: Total
B5: Cars, Jeeps, Vans, Three-wheelers | C5: Motorised two- wheelers | D5: Agricultural Tractors/ Trailers (MCV) | G5: Trucks / Buses (HCV) | J5: Cycles | K5: Cycle Rickshaws | L5: Animal Drawn Vehicles
D6: Laden | E6: Unladen | F6: Over Laden | G6: Laden | H6: Unladen | I6: Over Laden
A7: Day 1 From 0.00 Hrs To 24.00 Hrs | B7: 5 | C7: 35 | D7: 9 | E7: 7 | F7: 0 | G7: 4 | H7: 3 | I7: 0 | J7: 25 | K7: 0 | L7: 0 | M7: =SUM(B7:L7) -> 88 | O7: =G30 -> 72982.87
A8: Day 2 From 0.00 Hrs To 24.00 Hrs | B8: 4 | C8: 45 | D8: 6 | E8: 5 | F8: 0 | G8: 3 | H8: 3 | I8: 0 | J8: 30 | K8: 0 | L8: 0 | M8: =SUM(B8:L8) -> 96
A9: Day 3 From 0.00 Hrs To 24.00 Hrs | B9: 4 | C9: 33 | D9: 9 | E9: 8 | F9: 0 | G9: 3 | H9: 3 | I9: 0 | J9: 35 | K9: 0 | L9: 0 | M9: =SUM(B9:L9) -> 95
A10: Total | B10: =B9+B8+B7 -> 13 | C10: =C9+C8+C7 -> 113 | D10: =D9+D8+D7 -> 24 | E10: =E9+E8+E7 -> 20 | F10: =F9+F8+F7 -> 0 | G10: =G9+G8+G7 -> 10 | H10: =H9+H8+H7 -> 9 | I10: =I9+I8+I7 -> 0 | ... L10: =L9+L8+L7 -> 0 | M10: =SUM(B10:L10) -> 279 | N10: CVPD
A11: Average Daily Traffic | B11: =ROUND(B10/3,0) -> 4 | C11: =ROUND(C10/3,0) -> 38 | D11: =ROUND(D10/3,0) -> 8 | E11: =ROUND(E10/3,0) -> 7 | F11: =ROUND(F10/3,0) -> 0 | G11: =ROUND(G10/3,0) -> 3 | H11: =ROUND(H10/3,0) -> 3 | I11: =ROUND(I10/3,0) -> 0 | J11: =ROUND(J10/3,0) -> 30 | K11: =K10/3 -> 0 | L11: =ROUND(L10/3,0) -> 0 | M11: =SUM(B11:L11) -> 93 | N11: =D11+E11+F11+G11+H11+I11 -> 21
A12: ADT in the year of Traffic Count | E12: ADT = | G12: =M11 -> 93 | H12: Nos | I12: 0 | J12: 1 for if Peak season traffic count
A13: ADT in Lean | E13: T = | G13: =IF(I12=0,G12,ROUNDUP(G12/2,0)) -> 93 | H13: Nos | J13: 0 for Lean season traffic count
A14: ADT in Peak | G14: =IF(I12=1,G12,ROUNDUP(G12*2,0)) -> 186 | H14: Nos
A15: No of Harvesting Seasons | E15: n = | G15: 2 | J15: 75 | K15: Peak Seasons Days
A16: Base Year Traffic | E16: AADT (T)= | G16: =ROUND(G13+(1.2*G13*J15)/365,0) -> 116 | H16: Nos | I16: (Avarage annual daily trafic i.e AADT = T + n x T x t)
D17: Let us assuming an intial growth rate of 6% for 2years | K17: T= Lean Traffic
A18: Opening of the road after complition | E18: AADT = | G18: =ROUND(G16*1.06^2,0) -> 130 | H18: Nos | J18: (AADT * (1.06)2)
A19: From the given traffic count data, proportions of
E20: MCV = | G20: =ROUND(((D11)/M11)*G18,0) -> 11 | H20: Nos | J20: (Laden Medium Commercial Vehicle)
E21: MCV = | G21: =ROUND(((E11)/M11)*G18,0) -> 10 | H21: Nos | J21: (Un Laden Medium Commercial Vehicle)
A22: CBR Value: 4 | E22: MCV = | G22: =ROUND(((F11)/M11)*G18,0) -> 0 | H22: Nos | J22: (Over Laden Medium Commercial Vehicle)
A23: As per IRC SO 72-2015: T6 Curve (3 L to 6 L) | E23: HCV = | G23: =ROUND(((G11)/M11)*G18,0) -> 4 | H23: Nos | J23: (LadenHeavy Commercial Vehicle)
E24: HCV = | G24: =ROUND(((H11)/M11)*G18,0) -> 4 | H24: Nos | J24: (Unladen Heavy Commercial Vehicle)
E25: HCV = | G25: =ROUND(((I11)/M11)*G18,0) -> 0 | H25: Nos | J25: (Over Laden Heavy Commercial Vehicle)
A26: Cumulative ESAL applications for 10year with uniform growth rate @ 6% | J26: (VDF = Vehicle Damage Factor)
A27: Equivalent Standard Axle Load = | E27: ESAL = HCV x VDF+MCV x VDF | J27: Vehicle | K27: Laden | L27: Unladen | M27: Ov.Laden
E28: ESAL = | F28: ="("&K28&"x"&G23&") + ("&L28&"x"&G24&") + ("&M28&"x"&G25&") + ("&K29&"x"&G20&") + ("&L29&"x"&G21&") + ("&M29&"x"&G22&")" -> (2.58x4) + (0.31x4) + (2.86x0) + (0.31x11) + (0.02x10) + (0.34x0) | J28: HCV | K28: 2.58 | L28: 0.31 | M28: 2.86
E29: ESAL = | G29: =ROUND(G20*K29+G21*L29+G22*M29+G23*K28+G24*L28+G25*M28,2) -> 15.17 | H29: Nos/day | J29: MCV | K29: 0.31 | L29: 0.02 | M29: 0.34
A30: Cumulative ESAL Applications = | E30: N = | G30: =G29*4811*1 -> 72982.87 | I30: ( N = ESAL x 4811 x L) | Q30: =1.075^15 -> 2.9588774 | R30: =Q30-1 -> 1.9588774
H31: Where L= Lane distribution Factor = 1 for single lane) | R31: =365*R30 -> 714.99023
B33: Asst. Engineer | E33: Dy.Executive Engineer | H33: Executive Engineer | J33: Superintending Engineer
B34: ='Slab-Culverts Data'!C678 -> PRSD, Wanaparthy | E34: ='Slab-Culverts Data'!G678 -> PRSD, Wanaparthy | H34: ='Slab-Culverts Data'!C682 -> PIU, Wanaparthy | K34: ='Slab-Culverts Data'!G682 -> PR, Circle, Warangal
R35: =R31/0.075 -> 9533.2031
R36: =R35*382*0.75*2.5 -> 6828156.7
R37: 6.82 msa

Sheet ESAL-result
B1: State- | C1: TELANGANA | D1: Name of the Road | F1: ='Input Data'!E1 -> R/F A to B in Wanaparthy Mandal of Wanaparthy District
B2: District- | C2: ='Input Data'!D4 -> Wanaparthy
B3: Block- | C3: ='Input Data'!D7 -> Wanaparthy
B5: INPUT | H5: RESULT
K6: ADT | L6: AADT
D7: Traffic count | E7: VDF Values
H8: Total motorised Vehicle per Day | K8: ='TRAFF-Count-ESAL-Cal'!G12 -> 93 | L8: ='TRAFF-Count-ESAL-Cal'!G16 -> 116
B9: (cars/vans/jeeps/ three wheelers) | D9: ='TRAFF-Count-ESAL-Cal'!B11 -> 4
B10: LCV | D10: 0 | H10: Commercial vehicles per Day | K10: =SUM('TRAFF-Count-ESAL-Cal'!D11:I11) -> 21 | L10: =SUM('TRAFF-Count-ESAL-Cal'!G20:G25) -> 29
B11: HCV (Truck/Buses) | C11: Laden | D11: ='TRAFF-Count-ESAL-Cal'!G11 -> 3 | E11: 2.58
C12: Unladen | D12: ='TRAFF-Count-ESAL-Cal'!H11 -> 3 | E12: 0.31 | H12: Before opening to traffic , AADT | K12: ='TRAFF-Count-ESAL-Cal'!G18 -> 130
C13: Over loaded | D13: ='TRAFF-Count-ESAL-Cal'!I11 -> 0 | E13: 2.86
B14: MCV (Tractor/Trollies/ Mini-Buses) | C14: Laden | D14: ='TRAFF-Count-ESAL-Cal'!D11 -> 8 | E14: 0.31 | H14: Final cumulative ESAL | K14: ='TRAFF-Count-ESAL-Cal'!G30 -> 72982.87
C15: Unladen | D15: ='TRAFF-Count-ESAL-Cal'!E11 -> 7 | E15: 0.02
C16: Over loaded | D16: ='TRAFF-Count-ESAL-Cal'!F11 -> 0 | E16: 0.34 | H16: Traffic Category | J16: T | K16: =IF(AND(K14>10000,K14<30000),1,0)+IF(AND(K14>30000,K14<60000),2,0)+IF(AND(K14>60000,K14<100000),3,0)+IF(AND(K14>100000,K14<200000),4,0)+IF(AND(K14>200000,K14<300000),5,0)+IF(AND(K14>300000,K14<600000),6,0)+IF(AND(K14>600000,K14<1000000),7,0) -> 3
B17: Two wheelers | D17: ='TRAFF-Count-ESAL-Cal'!C11 -> 38
B18: Bicycles | D18: ='TRAFF-Count-ESAL-Cal'!J11 -> 30
B19: Bullock cart | C19: solid wheel | D19: ='TRAFF-Count-ESAL-Cal'!K11 -> 0
C20: Pnu. Tyres | D20: ='TRAFF-Count-ESAL-Cal'!L11 -> 0 | K20: THICKNESS
H21: BITUMINOUS SURFACE TREATED WBM/CRMB | K21: 30
B22: Time after which road will be opened to Traffic (year) | E22: 2 | H22: WBM/CRMB/ BASE OF GRAVEL | K22: 150
H23: GRAVEL BASE | K23: ='ESAL-calculation '!H43 -> 0
B24: Traffic count during harvesting (yes/no) | E24: NO | H24: GRANULAR SUBASE | K24: 175
B25: No of Harvesting season | E25: 2 | H25: IMPROVED SUBGRADE | K25: ='ESAL-calculation '!H45 -> 0 | L25: mm
B26: No of days in each Harvesting season | E26: 75
B27: Value of n assumed | E27: 1
B29: CBR VALUE | E29: 4 | H29: TOTAL THICKNESS | K29: ='ESAL-calculation '!H47 -> 325
B35: Asst. Engineer, | D35: Dy.Executive Engineer | H35: District Panchayat Raj Engineer, | K35: Superintending Engineer
B36: ='TRAFF-Count-ESAL-Cal'!B34 -> PRSD, Wanaparthy | D36: ='TRAFF-Count-ESAL-Cal'!E34 -> PRSD, Wanaparthy | H36: ='TRAFF-Count-ESAL-Cal'!H34 -> PIU, Wanaparthy | K36: ='TRAFF-Count-ESAL-Cal'!K34 -> PR, Circle, Warangal

Sheet ESAL-calculation 
A2: (cars/vans/jeeps/ three wheelers | B2: LCV | C2: HCV (Truck/Buses) | F2: MCV ( Tractor/Trollies/Mini-Buses) | I2: Two wheelers | J2: Bicycles | K2: Bullock cart (solid wheeled) | M2: ADT
C3: Laden | D3: Unladen | E3: Over loaded | F3: Laden | G3: Unladen | H3: Overloaded | K3: solid wheel | L3: Pnu. Tyres
A4: ='ESAL-result'!D9 -> 4 | B4: ='ESAL-result'!D10:D10 -> 0 | C4: ='ESAL-result'!D11 -> 3 | D4: ='ESAL-result'!D12 -> 3 | E4: ='ESAL-result'!D13 -> 0 | F4: ='ESAL-result'!D14 -> 8 | G4: ='ESAL-result'!D15 -> 7 | H4: ='ESAL-result'!D16 -> 0 | I4: ='ESAL-result'!D17:D17 -> 38 | J4: ='ESAL-result'!D18 -> 30 | K4: ='ESAL-result'!D19 -> 0 | L4: ='ESAL-result'!D20 -> 0 | M4: =SUM(A4:L4) -> 93
D6: Number of harvesting season= | G6: ='ESAL-result'!E25 -> 2 | I6: Traffic count during harvesting | M6: ='ESAL-result'!E24 -> NO
D7: value of n | G7: ='ESAL-result'!E27 -> 1 | I7: Duration of harvesting season | M7: ='ESAL-result'!E26 -> 75
I8: Average Daily Traffic ( non- haresting/harvesting) | M8: =IF(M6="yes",M4/2,M4) -> 93
I9: AADT= | M9: =ROUND(M8+((0.6*G7*M7*G6*M8)/365),0) -> 116
I10: Before opening to traffic , AADT= | M10: =ROUND(M9*((1.06)^'ESAL-result'!E22),0) -> 130
I11: Proportion factor (AADT/ADT) = | M11: =M10/M4 -> 1.3978495
A12: =M11 -> 1.3978495 | B12: =M11 -> 1.3978495 | C12: =M11 -> 1.3978495 | D12: =M11 -> 1.3978495 | E12: =M11 -> 1.3978495 | F12: =M11 -> 1.3978495 | G12: =M11 -> 1.3978495 | H12: =M11 -> 1.3978495 | I12: =M11 -> 1.3978495 | J12: =M11 -> 1.3978495 | K12: =M11 -> 1.3978495 | L12: =M11 -> 1.3978495
A14: (cars/vans/jeeps/ three wheelers | B14: LCV | C14: HCV (Truck/Buses) | F14: MCV ( Tractor/Trollies) | I14: Two wheelers | J14: Bicycles | K14: Bullock cart (solid wheeled)
C15: Laden | D15: Unladen | E15: Over loaded | F15: Laden | G15: Unladen | H15: Overloaded | K15: solid wheel | L15: Pnu. Tyres
A16: =ROUND(A4*A12,0) -> 6 | B16: =ROUND(B4*B12,0) -> 0 | C16: =ROUND(C4*C12,0) -> 4 | D16: =ROUND(D4*D12,0) -> 4 | E16: =ROUND(E4*E12,0) -> 0 | F16: =ROUND(F4*F12,0) -> 11 | G16: =ROUND(G4*G12,0) -> 10 | H16: =ROUND(H4*H12,0) -> 0 | ... L16: =ROUND(L4*L12,0) -> 0
A18: VDF | B18: VDF values | C18: HCV (Truck/Buses)
C19: Laden | D19: Unladen | E19: Over loaded | F19: Laden | G19: Unladen | H19: Overloaded
C20: ='ESAL-result'!E11 -> 2.58 | D20: ='ESAL-result'!E12 -> 0.31 | E20: ='ESAL-result'!E13 -> 2.86 | F20: ='ESAL-result'!E14 -> 0.31 | G20: ='ESAL-result'!E15 -> 0.02 | H20: ='ESAL-result'!E16 -> 0.34
B22: Calculated | C22: HCV (Truck/Buses) | F22: MCV ( Tractor/Trollies) | I22: ESAL/per day
C23: Laden | D23: Unladen | E23: Over loaded | F23: Laden | G23: Unladen | H23: Overloaded
C24: =C16*C20 -> 10.32 | D24: =D16*D20 -> 1.24 | E24: =E16*E20 -> 0 | F24: =F16*F20 -> 3.41 | G24: =G16*G20 -> 0.2 | H24: =H16*H20 -> 0 | I24: =ROUNDUP(SUM(C24:H24),2) -> 15.17 | K24: ESAL/per day | M24: =I24 -> 15.17
K26: Cumulative ESAL over 10 years | M26: =M24*4811*1 -> 72982.87
K28: Correction factor | M28: =IF(K4=0,1,(IF(AND(M10>100,M10<150),((((L43-L42)/(K43-K42))*(M10-K42))+L42),0)+IF(AND(M10>150,M10<200),((((L44-L43)/(K44-K43))*(M10-K43))+L43),0)+IF(AND(M10>200,M10<300),((((L45-L44)/(K45-K44))*(M10-K44))+L44),0)+IF(AND(M10>300,M10<400),((((L46-L45)/(K46-K45))*(M10-K45))+L45),0)+IF(AND(M10>400,M10<500),((((L47-L46)/(K47-K46))*(M10-K46))+L46),0))) -> 1
K30: Final cumulative ESAL | M30: =M26*M28 -> 72982.87
K32: Traffic Category | L32: T | M32: =IF(AND(M30>10000,M30<30000),1,0)+IF(AND(M30>30000,M30<60000),2,0)+IF(AND(M30>60000,M30<100000),3,0)+IF(AND(M30>100000,M30<200000),4,0)+IF(AND(M30>200000,M30<300000),5,0)+IF(AND(M30>300000,M30<600000),6,0)+IF(AND(M30>600000,M30<1000000),7,0) -> 3
G35: CASENO.
D36: CBR | E36: ='ESAL-result'!$E$29 -> 4 | G36: =IF(E36=2,1,0)+IF(AND(E36>=3,E36<=4),2,0)+IF(AND(E36>=5,E36<=6),3,0)+IF(AND(E36>=7,E36<=9),4,0)+IF(AND(E36>=10,E36<=15),5,0) -> 2 | I36: Traffic Category | J36: T | K36: =M32 -> 3
B39: PAVEMENT LAYERS
H40: THICKNESS | J40: correction factor interpolation
E41: BITUMINOUS SURFACE TREATED WBM/CRMB | H41: =INDEX('ESAL-Data'!B30:H34,'ESAL-calculation '!G36,'ESAL-calculation '!M32) -> 75
E42: WBM/CRMB/ BASE OF GRAVEL | H42: =INDEX('ESAL-Data'!B23:H27,'ESAL-calculation '!G36,'ESAL-calculation '!M32) -> 100 | K42: 100 | L42: 1.7
E43: GRAVEL BASE | H43: =INDEX('ESAL-Data'!B16:H20,'ESAL-calculation '!G36,'ESAL-calculation '!M32) -> 0 | K43: 150 | L43: 1.25
E44: GRANULAR SUBASE | H44: =INDEX('ESAL-Data'!B9:H13,'ESAL-calculation '!G36,'ESAL-calculation '!M32) -> 150 | K44: 200 | L44: 1.2
E45: IMPROVED SUBGRADE | H45: =INDEX('ESAL-Data'!B2:H6,'ESAL-calculation '!G36,'ESAL-calculation '!M32) -> 0 | K45: 300 | L45: 1.15
K46: 400 | L46: 1.1
F47: TOTAL THICKNESS | H47: =SUM(H41:H45) -> 325 | K47: 500 | L47: 1.07

Sheet ESAL-Data
A1: CBR | B1: 1 | C1: 2 | D1: 3 | E1: 4 | F1: 5 | G1: 6 | H1: 7
A2: 1 | B2: 100 | C2: 100 | D2: 100 | E2: 150 | F2: 150 | G2: 150 | H2: 225
A3: 2 | B3: 0 | C3: 0 | D3: 0 | E3: 100 | F3: 150 | G3: 150 | H3: 150
A4: 3 | B4: 0 | C4: 0 | D4: 0 | E4: 0 | F4: 0 | G4: 100 | H4: 100 | J4: Modified soil/improved subgrade
A5: 4 | B5: 0 | C5: 0 | D5: 0 | E5: 0 | F5: 0 | G5: 0 | H5: 0
A6: 5 | B6: 0 | C6: 0 | D6: 0 | E6: 0 | F6: 0 | G6: 0 | H6: 0
A8: CBR | B8: 1 | C8: 2 | D8: 3 | E8: 4 | F8: 5 | G8: 6 | H8: 7
A9: 1 | B9: 0 | C9: 0 | D9: 100 | E9: 100 | F9: 150 | G9: 225 | H9: 200
A10: 2 | B10: 0 | C10: 0 | D10: 150 | E10: 100 | F10: 100 | G10: 100 | H10: 150 | J10: Granular subbase
A11: 3 | B11: 0 | C11: 0 | D11: 0 | E11: 125 | F11: 150 | G11: 100 | H11: 100
A12: 4 | B12: 0 | C12: 0 | D12: 0 | E12: 100 | F12: 125 | G12: 150 | H12: 150
A13: 5 | B13: 0 | C13: 0 | D13: 0 | E13: 0 | F13: 100 | G13: 125 | H13: 125
A15: CBR | B15: 1 | C15: 2 | D15: 3 | E15: 4 | F15: 5 | G15: 6 | H15: 7
A16: 1 | B16: 200 | C16: 150 | D16: 0 | E16: 0 | F16: 0 | G16: 0 | H16: 0
A17: 2 | B17: 200 | C17: 275 | D17: 0 | E17: 0 | F17: 0 | G17: 0 | H17: 0 | J17: Gravel Base
A18: 3 | B18: 175 | C18: 250 | D18: 275 | E18: 0 | F18: 0 | G18: 0 | H18: 0
A19: 4 | B19: 150 | C19: 175 | D19: 225 | E19: 0 | F19: 0 | G19: 0 | H19: 0
A20: 5 | B20: 125 | C20: 150 | D20: 175 | E20: 0 | F20: 0 | G20: 0 | H20: 0
A22: CBR | B22: 1 | C22: 2 | D22: 3 | E22: 4 | F22: 5 | G22: 6 | H22: 7
A23: 1 | B23: 0 | C23: 0 | D23: 100 | E23: 100 | F23: 100 | G23: 100 | H23: 150
A24: 2 | B24: 0 | C24: 0 | D24: 100 | E24: 100 | F24: 100 | G24: 150 | H24: 150 | J24: WBM/CRMB
A25: 3 | B25: 0 | C25: 0 | D25: 0 | E25: 100 | F25: 100 | G25: 100 | H25: 150
A26: 4 | B26: 0 | C26: 0 | D26: 0 | E26: 100 | F26: 100 | G26: 100 | H26: 150
A27: 5 | B27: 0 | C27: 0 | D27: 0 | E27: 150 | F27: 100 | G27: 100 | H27: 150
A29: CBR | B29: 1 | C29: 2 | D29: 3 | E29: 4 | F29: 5 | G29: 6 | H29: 7
A30: 1 | B30: 0 | C30: 75 | D30: 75 | E30: 75 | F30: 75 | G30: 75 | H30: 75
A31: 2 | B31: 0 | C31: 0 | D31: 75 | E31: 75 | F31: 75 | G31: 75 | H31: 75 | J31: Bituminous surface Treated WBM/CRMB
A32: 3 | B32: 0 | C32: 0 | D32: 0 | E32: 75 | F32: 75 | G32: 75 | H32: 75
A33: 4 | B33: 0 | C33: 0 | D33: 0 | E33: 75 | F33: 75 | G33: 75 | H33: 75
A34: 5 | B34: 0 | C34: 0 | D34: 0 | E34: 75 | F34: 75 | G34: 75 | H34: 75

Sheet Cover
C3: GOVERNMENT OF TELANGANA
D7: PANCHAYATRAJ ENGINEERING DEPARTMENT
C12: Name of Grant | I12: : | J12: CRR -2018-19
C15: Name of Work:-
C16: ='Input Data'!E1 -> R/F A to B in Wanaparthy Mandal of Wanaparthy District
D21: Amount Sanctioned | K21: : | L21: Rs. | M21: =+'Input Data'!$J$4 -> 100 | O21: Lakhs
D22: Sanctioned Length | K22: : | L22: =+'Input Data'!$J$5 -> 1 | N22: Km
C26: (P.R) Circle | G26: :: | H26: =+'Input Data'!$D$3 -> Warangal
C27: District | G27: :: | H27: =+'Input Data'!$D$4 -> Wanaparthy
C28: (P.R) Division | G28: :: | H28: =+'Input Data'!$D$5 -> Wanaparthy
C29: (P.R) Sub-Division | G29: :: | H29: =+'Input Data'!$D$6 -> Wanaparthy
C30: Mandal | G30: :: | H30: =+'Input Data'!$D$7 -> Wanaparthy

Sheet google-map

Sheet Schedule-A
A1: Schedule A (Part -I)
A2: Schedule of Rates and Approximate Quantities
A3: Name of the work : - | D3: =+'Input Data'!E1 -> R/F A to B in Wanaparthy Mandal of Wanaparthy District
A4: Estt.Cost Rs.. | C4: =+'Input Data'!J4 -> 100 | D4: Lakhs | E4: Grant | F4: ='Input Data'!J6 -> CRR-2024-25 | H4: ="NIT.No-"&'Input Data'!L5 -> NIT.No--
A5: A) | B5: The quanties here given are those upon which the lumpsum tender cost of work is based but they are subject to alteration, omissions, deductions, or additions as provided for in the conditions of this contract and do not necessarily show the actual quantities of work to be done. The total contract value and unit rates noted below are those governing payment of extras or deductions for omissions according to the conditions to the contract as set forth in the preliminary specifications of the AP Standard Specifications and other conditions of specification of this contract.
A6: B) | B6: It is to be expressly understood that the measured work is to be taken net (not withstanding any custom or practice to the contrary) according to the actual quantities when in place and finished according to the drawings or as may be ordered from time to time by the Executive Engineer and the cost calculated by measurmeent or weight, at their respective rates wihtout any additional charge for any necessary or contingent works connected works connected therewith. The total contract value is for works in situ and complete in every respect.
A7: C) | B7: Additions and alterations in the Schedule of quantities will disqualify the tender
A8: D) | B8: In case of discrepancies between the written description of the item in the Schedule 'A" and the detailed description in the specification of the same item, the latter shall be adopted.
A9: Sl.No | B9: Probable quantity both in figures | C9: Per | D9: Description of works | E9: MoRD/ MoRT&H specification | F9: Unit of Measurement in figures and words | G9: Rate in figures | H9: Amount
A10: 1 | B10: 2 | C10: 3 | D10: 4 | E10: 5 | F10: 6 | G10: 7 | H10: 8
C11: 1 | D11: Road Portion | L11: 1 | M11: 0 | N11: =H11 -> 0
A12: =L12 -> 1 | B12: ='Road Estimate'!I8 -> 3000 | C12: Sqm | D12: ='Road Estimate'!B5 -> Clearing and grubbing road land including uprooting rank vegetation, grass, bushes, shrubs, saplings and trees girth up to 300 mm, removal of stumps of trees cut earlier and disposal of unserviceable materials and stacking of serviceable material to be used or auctioned, up to a lead of 1000 metres including removal and disposal of top organic soil not exceeding 150 mm in thickness by Mechanical means as per the Techinical Specification Clause 201 MoRTH 5th Revision | E12: 201 MoRTH | F12: 1.00 Sqm | G12: ='Road Estimate'!$J$8 -> 3.93 | H12: =ROUND(B12*G12,0) -> 11790 | L12: =IF(M12=M11,0,M12) -> 1 | M12: =IF(N12>0,(M11+1),M11) -> 1 | N12: =H12 -> 11790
A13: =L13 -> 0 | B13: ='Road Estimate'!I12 -> 0 | C13: cum | D13: ='Road Estimate'!B10 -> Scarifying the granular surface to a depth of 50 mm by Mechanical means and re-using the scarified material with all leads and lifts as per MoRT&H (5th Revision) Specn. No.305.4.3 | E13: 305.3.4 MoRTH | F13: 1 Cum | G13: ='Road Estimate'!J12 -> 43.84 | H13: =ROUND(B13*G13,0) -> 0 | L13: =IF(M13=M12,0,M13) -> 0 | M13: =IF(N13>0,(M12+1),M12) -> 1 | N13: =H13 -> 0
A14: =L14 -> 0 | B14: ='Road Estimate'!I16 -> 0 | C14: cum | D14: ='Road Estimate'!B14 -> Excavation for roadwork in soil by mechanical means including cutting and pushing the earth to the site of Embankment upto a lead of 100m,including trimming bottom and side slopes, in accordance with requirements of lines, grades and cross sections as per Technical sanction Clause 302.3MORD/301 MORTH including overhead charges& Contractor's profit but excluding seignioarge charges for finished item of work . | E14: 305 MoRTH | F14: 1 Cum | G14: ='Road Estimate'!$J$16 -> 127.41 | H14: =ROUND(B14*G14,0) -> 0 | L14: =IF(M14=M13,0,M14) -> 0 | M14: =IF(N14>0,(M13+1),M13) -> 1 | N14: =H14 -> 0
A15: =L15 -> 2 | B15: ='Road Estimate'!I20 -> 2500 | C15: cum | D15: ='Road Estimate'!B18 -> Forming Embankment with material obtained from borrowed useful earth from outside road boundary by mechanical means upto SDR with all leads and lifts including pre-watering of soil at borrow area, removal of top soil, excavation of soils at borrowed area, conveyance of soil, depositing the soil on the embankment, spreading soil, breaking clods, sectioning, grading and consolidation with 8 to 10 Tonnes Vibratory Road Roller @ OMC to meet requirement of table 300-2 of MoRT&H, including all hire and operational charges of T&P, complete for finished item of work as per MoRT&H specification 305 (5th revision). (The soil CBR>10%, PI<18% & MDD>1.8 g/cc) | E15: 305 MoRTH | F15: 1 Cum | G15: ='Road Estimate'!$J$20 -> 270.81 | H15: =ROUND(B15*G15,0) -> 677025 | L15: =IF(M15=M14,0,M15) -> 2 | M15: =IF(N15>0,(M14+1),M14) -> 2 | N15: =H15 -> 677025
A16: =L16 -> 0 | B16: ='Road Estimate'!I24 -> 0 | C16: Sqm | D16: ='Road Estimate'!B22 -> Scarifying the existing bitumen surface to a depth of 50 mm by Mechanical means and disposal of scarified material with all leads and lifts upto 1000 Mtrs as per MoRT&H (5th Revision) Specn. No.305.4.3 | E16: 305.4.3 MoRTH | F16: 1 Sqm | G16: ='Road Estimate'!$J$24 -> 10.22 | H16: =ROUND(B16*G16,0) -> 0 | L16: =IF(M16=M15,0,M16) -> 0 | M16: =IF(N16>0,(M15+1),M15) -> 2 | N16: =H16 -> 0
A17: =L17 -> 3 | B17: ='Road Estimate'!I30 -> 600 | C17: cum | D17: ='Road Estimate'!B26 -> Construction of earthen shoulders with selective soils obtained from borrow pits with MDD of 18 KN/Cum , CBR ≥ 12%, PI < 12% from approved sources, grading and consoilidation with 8 to 10 Tonnes Vibratory Road Roller @ OMC to meet requirement of MoRT&H, including all hire and operational charges of T&P complete for finished item of work as per MoRT&H specification 305 (5th revision) | E17: 305 MoRTH | F17: 1 Cum | G17: ='Road Estimate'!$J$30 -> 288.3 | H17: =ROUND(B17*G17,0) -> 172980 | L17: =IF(M17=M16,0,M17) -> 3 | M17: =IF(N17>0,(M16+1),M16) -> 3 | N17: =H17 -> 172980
A18: =L18 -> 4 | B18: ='Road Estimate'!I36 -> 640 | C18: cum | D18: ='Road Estimate'!B32 -> Construction of Granular sub-base by providing HBG material confirming to Grading - VI of MoRT&H (Table 400-1 & 400-2) including cost, and conveyance of all materials to work site and spreading in uniform layers with motor grader or by approved means, on prepared surface mixing by mix-in-place method with rotavator / approved means at OMC and compacting with vibratory roller to achieve CBR value minimum of 30% at 98% of dry density and PI value maximum 6, complete for finished item of work as per MoRT&H Specification 401 (5th revision) including contractors profit & Over head charges excluding Seignarage charges etc | E18: 401 MoRTH | F18: 1 Cum | G18: ='Road Estimate'!$J$36 -> 2686.07 | H18: =ROUND(B18*G18,0) -> 1719085 | L18: =IF(M18=M17,0,M18) -> 4 | M18: =IF(N18>0,(M17+1),M17) -> 4 | N18: =H18 -> 1719085
A19: =L19 -> 0 | B19: ='Road Estimate'!I41 -> 0 | C19: cum | D19: ='Road Estimate'!B38 -> Providing, laying, spreading and compacting stone aggregates of specific sizes for Grading 2 material to water bound macadam specification including spreading in uniform thickness, hand packing, rolling with Vibratory roller 80-100 kN in stages to proper grade and camber, applying and brooming, stone screening/binding materials to fill-up the interstices of coarse aggregate, watering and compacting to the required density grading 2, as directed by the Engineer-in-Charge and as per Technical Specification Clause 404 MoRT&H ( 5th revision ) . For compacted thickness of 75 mm. including all over heads , and Contractors profit etc,But excluding VAT & Seignarage charges., Complete, for WBM Grading II ( Hand Broken) HBG metal | E19: 404 MoRTH | F19: 1 Cum | G19: ='Road Estimate'!$J$41 -> 2889.56 | H19: =ROUND(B19*G19,0) -> 0 | L19: =IF(M19=M18,0,M19) -> 0 | M19: =IF(N19>0,(M18+1),M18) -> 4 | N19: =H19 -> 0
A20: =L20 -> 0 | B20: ='Road Estimate'!I46 -> 0 | C20: cum | D20: ='Road Estimate'!B43 -> Providing, laying, spreading and compacting stone aggregates of specific sizes for Grading 3 material to to water bound macadam specification including spreading in uniform thickness, hand packing, rolling with Vibratory roller 80-100 kN in stages to proper grade and camber, applying and brooming, stone screening to fill-up the interstices of coarse aggregate, watering and compacting to the required density Grading 3, as directed by the Engineer-in-Charge and as per Technical Specification Clause 404 MoRT&H ( 5th revision ) .. For compacted thickness of 75 mm. including all over heads , and Contractors profit etc excluding Seignarage charges complete for WBM Grading III ( Machine Crushed) HBG metal | E20: 404 MoRTH | F20: 1 Cum | G20: ='Road Estimate'!$J$46 -> 3079 | H20: =ROUND(B20*G20,0) -> 0 | L20: =IF(M20=M19,0,M20) -> 0 | M20: =IF(N20>0,(M19+1),M19) -> 4 | N20: =H20 -> 0
A21: =L21 -> 5 | B21: ='Road Estimate'!I52 -> 506.25 | C21: cum | D21: ='Road Estimate'!B48 -> Providing, laying, spreading and compacting graded stone aggregate to Wet mix macadam specification including premixing the material with water at OMC in mechanical mixer (Pug Mill), carriage of mixed material by tipper to site, laying in uniform layers in sub-base/base course on a well prepared sub-base and compacting with Vibratory roller of 80 to 100kN to achieve the desired density including lighting, barricading and maintenance of diversion, etc as directed by the Engineer-in-Charge and as per Technical Specification Clause 406 MoRT&H ( 5th revision ), including overhead charges & Contractor profit excluding Seignarage charges etc complete. | E21: 406 MoRTH | F21: 1 Cum | G21: ='Road Estimate'!$J$52 -> 3062.5 | H21: =ROUND(B21*G21,0) -> 1550391 | L21: =IF(M21=M20,0,M21) -> 5 | M21: =IF(N21>0,(M20+1),M20) -> 5 | N21: =H21 -> 1550391
A22: =L22 -> 6 | B22: ='Road Estimate'!I57 -> 3000 | C22: Sqm | D22: ='Road Estimate'!B54 -> Providing and applying primer coat with bitumen emulsion (SS-1) on prepared surface of granular base including cleaning of road surface and spraying primer at the rate of 0.60 kg/sqm using mechanical means, as directed by the Engineer-in-Charge and as per Technical Specification Clause 502 MoRT&H (5th Revision) (for use on Wet mix macadam & WBM) ,including overhead charges & Contractors profit excluding Seignarage charges etc complete. | E22: 502 MoRTH | F22: 1 Sqm | G22: ='Road Estimate'!$J$57 -> 55.37 | H22: =ROUND(B22*G22,0) -> 166110 | L22: =IF(M22=M21,0,M22) -> 6 | M22: =IF(N22>0,(M21+1),M21) -> 6 | N22: =H22 -> 166110
A23: =L23 -> 7 | B23: ='Road Estimate'!I62 -> 3000 | C23: Sqm | D23: ='Road Estimate'!B59 -> Providing and applying tack coat with Bitumen emulsion (RS-1) using emulsion distributor at the rate of 0.275 kg per sqm on the prepared granular surfaces treated with primer & cleaned with Hydraulic broom,as directed by the Engineer-in-Charge and as per Technical Specification Clause 503 MoRT&H (5th Revision), including overhead charges & Contractors profit excluding Seignarage charges etc complete. | E23: 502 MoRTH | F23: 1 Sqm | G23: ='Road Estimate'!$J$62 -> 15.66 | H23: =ROUND(B23*G23,0) -> 46980 | L23: =IF(M23=M22,0,M23) -> 7 | M23: =IF(N23>0,(M22+1),M22) -> 7 | N23: =H23 -> 46980
A24: =L24 -> 0 | B24: ='Road Estimate'!I66 -> 0 | C24: Sqm | D24: ='Road Estimate'!B64 -> Providing, laying and rolling of open-graded premix carpet of 20 mm thickness composed of 13.2 mm to 5.6 mm aggregates either using penetration grade bitumen 60/70 grade at the rate of 14.6 kg/10 sqm to required line, grade and level to serve as wearing course on a previously prepared base, including mixing in a Hot Mix plant of 60TPH, laying and rolling with a three wheel 80-100 kN static roller capacity, finished to required level and grades to be followed by seal coat of Type B including cost and conveyance of all materials from approved sources, , labour charges and hire and operational charges of power road roller and all other machinery, tools and plants, providing barricading for diversion of traffic, erecting red flags other incidental and operational charges etc., complete for finished item of work, as directed by the Engineer-in-Charge and as per clause 511 MoRT&H (5th Revision), including overhead charges & Contractors profit excluding Seignarage charges etc complete. | E24: 511 MoRTH | F24: 1 Sqm | G24: ='Road Estimate'!$J$66 -> 147.14 | H24: =ROUND(B24*G24,0) -> 0 | L24: =IF(M24=M23,0,M24) -> 0 | M24: =IF(N24>0,(M23+1),M23) -> 7 | N24: =H24 -> 0
A25: =L25 -> 0 | B25: ='Road Estimate'!I70 -> 0 | C25: Sqm | D25: ='Road Estimate'!B68 -> Providing and laying bituminous premixed Seal coat (Type B) with HMP of appropriate capacity not less than 60TPH comprising of a thin application of fine aggregate premixed by mechanical means with bituminous binder of grading as defined in table 500.16 of MOST Crushed sand defined as passing through 2.36 mm sieve and retained on 180 micron seive applied @ 0.06 cum per 10 sqm.to be laid simultaneously along with the bitumunous course using 6.80 kgs of bitumen 60/70 grade for 10 sqm and rolling with power roller including of required line, level, grade to serve as wearing course on previously prepared surface and finishing to rquired level and grades including cost and conveyance of all materials from approved sources and stacking at site to departmental gauge for premeasurements, seigniorage, labour charges and hire and operational charges of power road roller 8 to 10 tonnes capacity and all other machinery, tools and plants, providing barricading for diversion of traffic, erecting red flags other incidental and operational charges etc., complete for finished item of work as directed by the Engineer-in-Charge and as per technical specification clause 513 of MoRT&H (5th Revision) Using Hot mix plant including contractors profit & Over head charges excluding Seignarage charges etc complete using Mechanical means | E25: 513 MoRTH | F25: 1 Sqm | G25: ='Road Estimate'!$J$70 -> 58.07 | H25: =ROUND(B25*G25,0) -> 0 | L25: =IF(M25=M24,0,M25) -> 0 | M25: =IF(N25>0,(M24+1),M24) -> 7 | N25: =H25 -> 0
A26: =L26 -> 0 | B26: ='Road Estimate'!I74 -> 0 | C26: cum | D26: ='Road Estimate'!B72 -> Providing and laying 50 mm thick of Dense Graded Bituminous Macadam with 100-120 TPH batch type hot mix plant using HBG crushed aggregates of Grading - II as per table 500-10 of MoRT&H Specification 505 (5th revision) premixed with bitumen VG-30 grade (60/70)@ 4 to 4.50% of weight of total mixture, transported to site, laid over a previously prepared surface with Mechanical Paver finisher to the required grade, level and alignment and rolled as per Clauses 501.6 and 501.7 to achieve the desired compaction for finished item of work as directed by the Engineer-in-Charge including hire and operational charges all T&P and all other contingent charges necessary including charges of all materials etc., complete and as per MoRTH specification No. 505(5th Revision) | E26: 505 MoRTH | F26: 1 Cum | G26: ='Road Estimate'!$J$74 -> 9744.47 | H26: =ROUND(B26*G26,0) -> 0 | L26: =IF(M26=M25,0,M26) -> 0 | M26: =IF(N26>0,(M25+1),M25) -> 7 | N26: =H26 -> 0
A27: =L27 -> 0 | B27: ='Road Estimate'!I78 -> 0 | C27: Sqm | D27: ='Road Estimate'!B76 -> Providing and applying tack coat with Bitumen emulsion (RS-1) using emulsion distributor at the rate of 0.20 kg per sqm on the prepared Bitumenus surfaces & cleaned with Hydraulic broom,as directed by the Engineer-in-Charge and as per Technical Specification Clause 503 MoRT&H (5th Revision), including overhead charges & Contractors profit excluding Seignarage charges etc complete. | E27: 503 MoRTH | F27: 1 Sqm | G27: ='Road Estimate'!$J$78 -> 11.97 | H27: =ROUND(B27*G27,0) -> 0 | L27: =IF(M27=M26,0,M27) -> 0 | M27: =IF(N27>0,(M26+1),M26) -> 7 | N27: =H27 -> 0
A28: =L28 -> 0 | B28: ='Road Estimate'!I82 -> 0 | C28: Sqm | D28: ='Road Estimate'!B80 -> Providing and laying semi dense bituminous concrete with 100-120 TPH batch type HMP producing an average output of 75 tonnes per hour using crushed aggregates of grading-II, premixed with bituminous binder 60/70 @ 4.5 to 5 per cent of mix and filler, transporting the hot mix to work site, laying with a hydrostatic paver finisher with sensor control to the required grade, level and alignment, rolling with smooth wheeled, vibratory and tandem rollers to achieve the desired compaction as per MoRTH specification clause No. 508 (5th Revision) complete in all respects | E28: 508 MoRTH | F28: 1 Sqm | G28: ='Road Estimate'!$J$82 -> 10227.82 | H28: =ROUND(B28*G28,0) -> 0 | L28: =IF(M28=M27,0,M28) -> 0 | M28: =IF(N28>0,(M27+1),M27) -> 7 | N28: =H28 -> 0
A29: =L29 -> 8 | B29: ='Road Estimate'!I87 -> 90 | C29: cum | D29: ='Road Estimate'!B84 -> Providing and laying bituminous concrete with 100-120 TPH batch type hot mix plant producing an average output of 75 tonnes per hour using crushed aggregates of grading-II premixed with bituminous binder 60/70 @ 5.4 to 5.6 percent of mix and filler with stone dust, transporting the hot mix to work site, laying with a Mechanical paver finisher to the required grade, level and alignment, rolling with smooth wheeled, vibratory and tandem rollers to achieve the desired compaction as per MORTH specification clause No. 507 complete in all respects | E29: 507 MoRTH | F29: 1 Cum | G29: ='Road Estimate'!$J$87 -> 10932.2 | H29: =ROUND(B29*G29,0) -> 983898 | L29: =IF(M29=M28,0,M29) -> 8 | M29: =IF(N29>0,(M28+1),M28) -> 8 | N29: =H29 -> 983898
A30: =L30 -> 9 | B30: ='Road Estimate'!I91 -> 150 | C30: cum | D30: ='Road Estimate'!B89 -> Construction of dowel jointed un-reinforced, expansion and construction joint plain cement concrete pavement, thickness as per design, over a prepared sub base, with 43 grade cement or any other type as per Clause 1501.2.2 M30 (Grade), coarse and fine aggregates (Natural sand 50%+Manufactured sand(Rock Sand)50% ) conforming to IS : 383, mixed in a concrete mixer of not less than 0.2 cum capacity and appropriate weigh batcher using approved mix design, laid in approved fixed side formwork (steel channel, laying and fixing of 125 micron thick polythene film, wedges, steel plates including levelling the formwork as per drawing), spreading the concrete with sholvels, rakes, compacted using needle, screed and plate vibrators and finished in continuous operation including provision of contraction and expansion and construction joints, applying primer, sealant, admixtures as approved, curing of concrete slabs for 14- days, curing compound (where specified) and water finishing to lines and grade as per drawing and Technical Specification Clause 1501 MORD including overhead charges & Contractors profit excluding Seignarage charges etc complete. | E30: 1501 MoRD | F30: 1 Cum | G30: ='Road Estimate'!$J$91 -> 7502.51 | H30: =ROUND(B30*G30,0) -> 1125377 | L30: =IF(M30=M29,0,M30) -> 9 | M30: =IF(N30>0,(M29+1),M29) -> 9 | N30: =H30 -> 1125377
A31: =L31 -> 0 | D31: CD Works | I31: =SUM(H12:H30) -> 6453636 | J31: ='Road Estimate'!L93 -> 6453636 | K31: =I31-J31 -> 0 | L31: =IF(M31=M30,0,M31) -> 0 | M31: =IF(N31>0,(M30+1),M30) -> 9 | N31: =H31 -> 0
A32: =L32 -> 0 | D32: ='CD Abs'!B5 -> Construction of HP Culvert 1V of 1000mm Dia.NP4 Pipes at Km | E32: ='CD Abs'!C5 -> 3 | L32: =IF(M32=M31,0,M32) -> 0 | M32: =IF(N32>0,(M31+1),M31) -> 9 | N32: =H32 -> 0
A33: =L33 -> 10 | B33: ='1V 1m dia Pipe Culverts'!I9*E32 -> 81.99 | C33: cum | D33: ='2V 1m dia Pipe Culverts'!$B$6 -> Earthwork excavation in soils upto SDR by mechanical means for foundations of structures as per drawing and technical specification including setting out, construction of shoring and bracing, removal of stumps and other deleterious matter, dressing sides of bottom, back filling the excavation earth to the extent required etc., complete excluding seignioarge charges for finished item of work as per MoRT&H specification 304(5th Revision) and as directed by the Engineer-in-Charge. | E33: 304 MoRTH | F33: 1 Cum | G33: ='2V 1m dia Pipe Culverts'!$J$9 -> 123.69928 | H33: =ROUND(B33*G33,0) -> 10142 | L33: =IF(M33=M32,0,M33) -> 10 | M33: =IF(N33>0,(M32+1),M32) -> 10 | N33: =H33 -> 10142
A34: =L34 -> 11 | B34: ='1V 1m dia Pipe Culverts'!I14*E32 -> 17.31 | C34: cum | D34: ='2V 1m dia Pipe Culverts'!$B$11 -> Sand Filling in foundation trenches as per drawing and technical specification Clause 304 of MORTH including overhead charges & Contractors profit etc complete. | E34: 304 MoRTH | F34: 1 Cum | G34: ='2V 1m dia Pipe Culverts'!$J$14 -> 1237.43 | H34: =ROUND(B34*G34,0) -> 21420 | L34: =IF(M34=M33,0,M34) -> 11 | M34: =IF(N34>0,(M33+1),M33) -> 11 | N34: =H34 -> 21420
A35: =L35 -> 12 | B35: ='1V 1m dia Pipe Culverts'!I19*E32 -> 11.79 | C35: cum | D35: ='1V 1m dia Pipe Culverts'!B16 -> Providing Plain Cement Concrete (1:3:6) mix using 40mm size HBG crushed stone aggregate and fine aggregate(Natural sand 50%+Manufactured sand(Rock Sand)50% ) conforming to table 1000-2 of MoRT&H including cost, conveyance of all materials to site and labour charges, centering, machine mixing, laying, Vibrating, curing etc., including all other incidental and operational charges of all T&P etc., complete for finished item of work as per MoRT&H specification 1500,1700, 2100 (5th Revision) and as directed by the Engineer-in-Charge for foundation. | E35: 1500, 1700, 2100 MoRTH | F35: 1 Cum | G35: ='1V 1m dia Pipe Culverts'!J19 -> 5706.01 | H35: =ROUND(B35*G35,0) -> 67274 | L35: =IF(M35=M34,0,M35) -> 12 | M35: =IF(N35>0,(M34+1),M34) -> 12 | N35: =H35 -> 67274
A36: =L36 -> 13 | B36: ='1V 1m dia Pipe Culverts'!I24*E32 -> 53.34 | C36: cum | D36: ='2V 1m dia Pipe Culverts'!$B$21 -> Vibrated cement concrete M 15 Grade Concrete using 40mm , 20mm and 10mm size HBG crushed stone aggregate (Coarse aggregate conforming to table 1000-1 and fine aggregate (Natural sand 50%+Manufactured sand(Rock Sand)50% ) conforming to table 1000-2) including cost, (excluding seigniorage) and conveyance of all materials to site and all labour charges , centering, machine mixing, laying in position, Compacting, Vibrating and curing including all other incidental and all other operational charges of T&P required etc., complete as per MoRT&H Specification 1500,1700, 2200 (5th Revision) for foundations. | E36: 1500, 1700, 2100 MoRTH | F36: 1 Cum | G36: ='2V 1m dia Pipe Culverts'!$J$24 -> 6381.51 | H36: =ROUND(B36*G36,0) -> 340390 | L36: =IF(M36=M35,0,M36) -> 13 | M36: =IF(N36>0,(M35+1),M35) -> 13 | N36: =H36 -> 340390
A37: =L37 -> 14 | B37: ='1V 1m dia Pipe Culverts'!I30*E32 -> 42.96 | C37: cum | D37: ='2V 1m dia Pipe Culverts'!$B$26 -> Providing PCC M15 mix using 40mm, 20mm & 10mm size HBG crushed stone aggregate and fine aggregate(Natural sand 50%+Manufactured sand(Rock Sand)50% ) conforming to table 1000-2 of MoRT&H including cost, conveyance of all materials to site and labour charges, centering, machine mixing, laying, Vibrating, curing etc., including all other incidental and operational charges of all T&P etc., complete for finished item of work as per MoRT&H specification 1500,1700, 2100 (5th Revision) and as directed by the Engineer-in-Charge for Substructure. | E37: 1500, 1700, 2200 MoRTH | F37: 1 Cum | G37: ='2V 1m dia Pipe Culverts'!$J$30 -> 6749.67 | H37: =ROUND(B37*G37,0) -> 289966 | L37: =IF(M37=M36,0,M37) -> 14 | M37: =IF(N37>0,(M36+1),M36) -> 14 | N37: =H37 -> 289966
A38: =L38 -> 0 | B38: =$E$32*0 -> 0 | C38: cum | D38: ='Slab-Culverts Data'!$B$538 -> Providing and laying boulders apron for bed protection against scour with stone boulders weighing not less than 40kg each complete as per drawing and specification. complete for finished item of work as per MoRT&H specification 2504 ( 5th revision ) and as directed by the Engineer-in-Charge | E38: 2504 MoRTH | F38: 1 Cum | G38: ='Slab-Culverts Data'!$J$559 -> 2028.19 | H38: =ROUND(B38*G38,0) -> 0 | L38: =IF(M38=M37,0,M38) -> 0 | M38: =IF(N38>0,(M37+1),M37) -> 14 | N38: =H38 -> 0
A39: =L39 -> 15 | B39: ='1V 1m dia Pipe Culverts'!I33*E32 -> 22.5 | C39: RM | D39: ='2V 1m dia Pipe Culverts'!$B$32 -> Providing, laying Reinforced cement concrete Hume pipes of 1000 mm Dia., NP4 class for pipe culverts including cost and conveyance of Pipes etc., complete and Labour charges for laying, jointing of 1000mm dia. R.C.C Hume pipes in position including lifting, aligning, lowering and hoisting etc., as per drawing and as per MoRT&H Specification 2900, 2905 and 2906 (5th Revision) and IRC Special Publication No: 13 and as directed by the Engineer-in-Charge for finished item of work. | E39: 2900, 2905, 2906 MoRTH | F39: 1 RM | G39: ='1V 1m dia Pipe Culverts'!J33 -> 13850.07 | H39: =ROUND(B39*G39,0) -> 311627 | I39: =SUM(H33:H39) -> 1040819 | J39: ='CD Abs'!E5 -> 1040820 | L39: =IF(M39=M38,0,M39) -> 15 | M39: =IF(N39>0,(M38+1),M38) -> 15 | N39: =H39 -> 311627
A40: =L40 -> 0 | C40: 2 | D40: ='CD Abs'!B6 -> Construction of HP Culvert 2V of 1000mm Dia.NP4 Pipes at Km | E40: ='CD Abs'!C6 -> 1 | L40: =IF(M40=M39,0,M40) -> 0 | M40: =IF(N40>0,(M39+1),M39) -> 15 | N40: =H40 -> 0
A41: =L41 -> 16 | B41: ='2V 1m dia Pipe Culverts'!I9*E40 -> 37.41 | C41: cum | D41: ='2V 1m dia Pipe Culverts'!$B$6 -> Earthwork excavation in soils upto SDR by mechanical means for foundations of structures as per drawing and technical specification including setting out, construction of shoring and bracing, removal of stumps and other deleterious matter, dressing sides of bottom, back filling the excavation earth to the extent required etc., complete excluding seignioarge charges for finished item of work as per MoRT&H specification 304(5th Revision) and as directed by the Engineer-in-Charge. | E41: 304 MoRTH | F41: 1 Cum | G41: ='2V 1m dia Pipe Culverts'!$J$9 -> 123.69928 | H41: =ROUND(B41*G41,0) -> 4628 | L41: =IF(M41=M40,0,M41) -> 16 | M41: =IF(N41>0,(M40+1),M40) -> 16 | N41: =H41 -> 4628
A42: =L42 -> 17 | B42: ='2V 1m dia Pipe Culverts'!I14*E40 -> 6.99 | C42: cum | D42: ='2V 1m dia Pipe Culverts'!$B$11 -> Sand Filling in foundation trenches as per drawing and technical specification Clause 304 of MORTH including overhead charges & Contractors profit etc complete. | E42: 304 MoRTH | F42: 1 Cum | G42: ='2V 1m dia Pipe Culverts'!$J$14 -> 1237.43 | H42: =ROUND(B42*G42,0) -> 8650 | L42: =IF(M42=M41,0,M42) -> 17 | M42: =IF(N42>0,(M41+1),M41) -> 17 | N42: =H42 -> 8650
A43: =L43 -> 18 | B43: ='2V 1m dia Pipe Culverts'!I19*E40 -> 4.69 | C43: cum | D43: ='2V 1m dia Pipe Culverts'!B16 -> Providing Plain Cement Concrete (1:3:6) mix using 40mm size HBG crushed stone aggregate and fine aggregate(Natural sand 50%+Manufactured sand(Rock Sand)50% ) conforming to table 1000-2 of MoRT&H including cost, conveyance of all materials to site and labour charges, centering, machine mixing, laying, Vibrating, curing etc., including all other incidental and operational charges of all T&P etc., complete for finished item of work as per MoRT&H specification 1500,1700, 2100 (5th Revision) and as directed by the Engineer-in-Charge for foundation. | E43: 1500, 1700, 2100 MoRTH | F43: 1 Cum | G43: ='2V 1m dia Pipe Culverts'!J19 -> 5706.01 | H43: =ROUND(B43*G43,0) -> 26761 | L43: =IF(M43=M42,0,M43) -> 18 | M43: =IF(N43>0,(M42+1),M42) -> 18 | N43: =H43 -> 26761
A44: =L44 -> 19 | B44: ='2V 1m dia Pipe Culverts'!I24*E40 -> 23.6 | C44: cum | D44: Providing PCC M15 mix using 40mm, 20mm & 10mm size HBG crushed stone aggregate and fine aggregate(Natural sand 50%+Manufactured sand(Rock Sand)50% ) conforming to table 1000-2 of MoRT&H including cost, conveyance of all materials to site and labour charges, centering, machine mixing, laying, Vibrating, curing etc., including all other incidental and operational charges of all T&P etc., complete for finished item of work as per MoRT&H specification 1500,1700, 2100 (5th Revision) and as directed by the Engineer-in-Charge for foundation. | E44: 1500, 1700, 2100 MoRTH | F44: 1 Cum | G44: ='2V 1m dia Pipe Culverts'!$J$24 -> 6381.51 | H44: =ROUND(B44*G44,0) -> 150604 | L44: =IF(M44=M43,0,M44) -> 19 | M44: =IF(N44>0,(M43+1),M43) -> 19 | N44: =H44 -> 150604
A45: =L45 -> 20 | B45: ='2V 1m dia Pipe Culverts'!I30*E40 -> 19.51 | C45: cum | D45: ='2V 1m dia Pipe Culverts'!$B$26 -> Providing PCC M15 mix using 40mm, 20mm & 10mm size HBG crushed stone aggregate and fine aggregate(Natural sand 50%+Manufactured sand(Rock Sand)50% ) conforming to table 1000-2 of MoRT&H including cost, conveyance of all materials to site and labour charges, centering, machine mixing, laying, Vibrating, curing etc., including all other incidental and operational charges of all T&P etc., complete for finished item of work as per MoRT&H specification 1500,1700, 2100 (5th Revision) and as directed by the Engineer-in-Charge for Substructure. | E45: 1500, 1700, 2100 MoRTH | F45: 1 Cum | G45: ='2V 1m dia Pipe Culverts'!$J$30 -> 6749.67 | H45: =ROUND(B45*G45,0) -> 131686 | L45: =IF(M45=M44,0,M45) -> 20 | M45: =IF(N45>0,(M44+1),M44) -> 20 | N45: =H45 -> 131686
A46: =L46 -> 0 | B46: =$E$40*0 -> 0 | C46: cum | D46: ='Slab-Culverts Data'!$B$538 -> Providing and laying boulders apron for bed protection against scour with stone boulders weighing not less than 40kg each complete as per drawing and specification. complete for finished item of work as per MoRT&H specification 2504 ( 5th revision ) and as directed by the Engineer-in-Charge | E46: 2504 MoRTH | F46: 1 Cum | G46: ='Slab-Culverts Data'!$J$559 -> 2028.19 | H46: =ROUND(B46*G46,0) -> 0 | L46: =IF(M46=M45,0,M46) -> 0 | M46: =IF(N46>0,(M45+1),M45) -> 20 | N46: =H46 -> 0
A47: =L47 -> 21 | B47: ='2V 1m dia Pipe Culverts'!I33*E40 -> 15 | C47: RM | D47: ='Pipe data'!$B$105 -> Providing, laying Reinforced cement concrete Hume pipes of 1000 mm Dia., NP4 class for pipe culverts including cost and conveyance of Pipes etc., complete and Labour charges for laying, jointing of 1000mm dia. R.C.C Hume pipes in position including lifting, aligning, lowering and hoisting etc., as per drawing and as per MoRT&H Specification 2900, 2905 and 2906 (5th Revision) and IRC Special Publication No: 13 and as directed by the Engineer-in-Charge for finished item of work. | E47: 2900, 2905, 2906 MoRTH | F47: 1 RM | G47: ='Pipe data'!$G$128 -> 13850.07 | H47: =ROUND(B47*G47,0) -> 207751 | I47: =SUM(H41:H47) -> 530080 | J47: ='CD Abs'!E6 -> 530080 | K47: =I47-J47 -> 0 | L47: =IF(M47=M46,0,M47) -> 21 | M47: =IF(N47>0,(M46+1),M46) -> 21 | N47: =H47 -> 207751
A48: =L48 -> 0 | D48: ="Construction of HP Culvert 1 V of 1000mm Dia.NP4 Pipes "&E48&" Nos at 2/150 (Skew) Kms" -> Construction of HP Culvert 1 V of 1000mm Dia.NP4 Pipes 0 Nos at 2/150 (Skew) Kms | E48: ='CD Abs'!C7 -> 0 | L48: =IF(M48=M47,0,M48) -> 0 | M48: =IF(N48>0,(M47+1),M47) -> 21 | N48: =H48 -> 0
A49: =L49 -> 0 | B49: 0 | C49: cum | D49: ='2V 1m dia Pipe Culverts'!$B$6 -> Earthwork excavation in soils upto SDR by mechanical means for foundations of structures as per drawing and technical specification including setting out, construction of shoring and bracing, removal of stumps and other deleterious matter, dressing sides of bottom, back filling the excavation earth to the extent required etc., complete excluding seignioarge charges for finished item of work as per MoRT&H specification 304(5th Revision) and as directed by the Engineer-in-Charge. | E49: 304 MoRTH | F49: 1 Cum | G49: ='2V 1m dia Pipe Culverts'!$J$9 -> 123.69928 | H49: =ROUND(B49*G49,0) -> 0 | L49: =IF(M49=M48,0,M49) -> 0 | M49: =IF(N49>0,(M48+1),M48) -> 21 | N49: =H49 -> 0
A50: =L50 -> 0 | B50: 0 | C50: cum | D50: ='2V 1m dia Pipe Culverts'!$B$11 -> Sand Filling in foundation trenches as per drawing and technical specification Clause 304 of MORTH including overhead charges & Contractors profit etc complete. | E50: 304 MoRTH | F50: 1 Cum | G50: ='2V 1m dia Pipe Culverts'!$J$14 -> 1237.43 | H50: =ROUND(B50*G50,0) -> 0 | L50: =IF(M50=M49,0,M50) -> 0 | M50: =IF(N50>0,(M49+1),M49) -> 21 | N50: =H50 -> 0
A51: =L51 -> 0 | B51: 0 | C51: cum | D51: ='2V 1m dia Pipe Culverts'!$B$21 -> Vibrated cement concrete M 15 Grade Concrete using 40mm , 20mm and 10mm size HBG crushed stone aggregate (Coarse aggregate conforming to table 1000-1 and fine aggregate (Natural sand 50%+Manufactured sand(Rock Sand)50% ) conforming to table 1000-2) including cost, (excluding seigniorage) and conveyance of all materials to site and all labour charges , centering, machine mixing, laying in position, Compacting, Vibrating and curing including all other incidental and all other operational charges of T&P required etc., complete as per MoRT&H Specification 1500,1700, 2200 (5th Revision) for foundations. | E51: 1500, 1700, 2100 MoRTH | F51: 1 Cum | G51: ='2V 1m dia Pipe Culverts'!$J$24 -> 6381.51 | H51: =ROUND(B51*G51,0) -> 0 | L51: =IF(M51=M50,0,M51) -> 0 | M51: =IF(N51>0,(M50+1),M50) -> 21 | N51: =H51 -> 0
A52: =L52 -> 0 | B52: 0 | C52: cum | D52: ='2V 1m dia Pipe Culverts'!$B$26 -> Providing PCC M15 mix using 40mm, 20mm & 10mm size HBG crushed stone aggregate and fine aggregate(Natural sand 50%+Manufactured sand(Rock Sand)50% ) conforming to table 1000-2 of MoRT&H including cost, conveyance of all materials to site and labour charges, centering, machine mixing, laying, Vibrating, curing etc., including all other incidental and operational charges of all T&P etc., complete for finished item of work as per MoRT&H specification 1500,1700, 2100 (5th Revision) and as directed by the Engineer-in-Charge for Substructure. | E52: 1500, 1700, 2200 MoRTH | F52: 1 Cum | G52: ='2V 1m dia Pipe Culverts'!$J$30 -> 6749.67 | H52: =ROUND(B52*G52,0) -> 0 | L52: =IF(M52=M51,0,M52) -> 0 | M52: =IF(N52>0,(M51+1),M51) -> 21 | N52: =H52 -> 0
A53: =L53 -> 0 | B53: =$E$48*0 -> 0 | C53: cum | D53: ='Slab-Culverts Data'!$B$538 -> Providing and laying boulders apron for bed protection against scour with stone boulders weighing not less than 40kg each complete as per drawing and specification. complete for finished item of work as per MoRT&H specification 2504 ( 5th revision ) and as directed by the Engineer-in-Charge | E53: 2504 MoRTH | F53: 1 Cum | G53: ='Slab-Culverts Data'!$J$559 -> 2028.19 | H53: =ROUND(B53*G53,0) -> 0 | L53: =IF(M53=M52,0,M53) -> 0 | M53: =IF(N53>0,(M52+1),M52) -> 21 | N53: =H53 -> 0
A54: =L54 -> 0 | B54: 0 | C54: RM | D54: ='Pipe data'!$B$105 -> Providing, laying Reinforced cement concrete Hume pipes of 1000 mm Dia., NP4 class for pipe culverts including cost and conveyance of Pipes etc., complete and Labour charges for laying, jointing of 1000mm dia. R.C.C Hume pipes in position including lifting, aligning, lowering and hoisting etc., as per drawing and as per MoRT&H Specification 2900, 2905 and 2906 (5th Revision) and IRC Special Publication No: 13 and as directed by the Engineer-in-Charge for finished item of work. | E54: 2900, 2905, 2906 MoRTH | F54: 1 RM | G54: ='Pipe data'!$G$128 -> 13850.07 | H54: =ROUND(B54*G54,0) -> 0 | I54: =SUM(H49:H54) -> 0 | L54: =IF(M54=M53,0,M54) -> 0 | M54: =IF(N54>0,(M53+1),M53) -> 21 | N54: =H54 -> 0
A55: =L55 -> 0 | D55: ="Wearing Coat over existing road Dam - "&E55&" at Km " -> Wearing Coat over existing road Dam - 0 at Km | E55: 0 | L55: =IF(M55=M54,0,M55) -> 0 | M55: =IF(N55>0,(M54+1),M54) -> 21 | N55: =H55 -> 0
A56: =L56 -> 0 | B56: =$E$55*0 -> 0 | C56: cum | D56: ='Slab Culvert 1V 5m x 2m span'!$B$6 -> Earthwork excavation in soils upto SDR by mechanical means for foundations of structures as per drawing and technical specification including setting out, construction of shoring and bracing, removal of stumps and other deleterious matter, dressing sides of bottom, back filling the excavation earth to the extent required etc., complete excluding seignioarge charges for finished item of work as per MoRT&H specification 304(5th Revision) and as directed by the Engineer-in-Charge. | E56: 304 MoRTH | F56: 1 Cum | G56: ='Slab Culvert 1V 5m x 2m span'!$J$9 -> 123.69928 | H56: =ROUND(B56*G56,0) -> 0 | L56: =IF(M56=M55,0,M56) -> 0 | M56: =IF(N56>0,(M55+1),M55) -> 21 | N56: =H56 -> 0
A57: =L57 -> 0 | B57: =$E$55*0 -> 0 | C57: cum | D57: ='Slab Culvert 1V 5m x 2m span'!$B$11 -> Sand Filling in foundation trenches as per drawing and technical specification Clause 304 of MORTH including overhead charges & Contractors profit etc complete. | E57: 304 MoRTH | F57: 1 Cum | G57: ='Slab Culvert 1V 5m x 2m span'!$J$13 -> 1237.43 | H57: =ROUND(B57*G57,0) -> 0 | L57: =IF(M57=M56,0,M57) -> 0 | M57: =IF(N57>0,(M56+1),M56) -> 21 | N57: =H57 -> 0
A58: =L58 -> 0 | B58: =$E$55*0 -> 0 | C58: cum | D58: ='Slab Culvert 1V 5m x 2m span'!$B$15 -> Providing Plain Cement Concrete (1:3:6) mix using 40mm size HBG crushed stone aggregate and fine aggregate(Natural sand 50%+Manufactured sand(Rock Sand)50% ) conforming to table 1000-2 of MoRT&H including cost, conveyance of all materials to site and labour charges, centering, machine mixing, laying, Vibrating, curing etc., including all other incidental and operational charges of all T&P etc., complete for finished item of work as per MoRT&H specification 1500,1700, 2100 (5th Revision) and as directed by the Engineer-in-Charge for foundation. | E58: 1500, 1700, 2100 MoRTH | F58: 1 Cum | G58: ='Slab Culvert 1V 5m x 2m span'!$J$18 -> 5706.01 | H58: =ROUND(B58*G58,0) -> 0 | L58: =IF(M58=M57,0,M58) -> 0 | M58: =IF(N58>0,(M57+1),M57) -> 21 | N58: =H58 -> 0
A59: =L59 -> 0 | B59: =$E$55*0 -> 0 | C59: cum | D59: ='2V 1m dia Pipe Culverts'!$B$26 -> Providing PCC M15 mix using 40mm, 20mm & 10mm size HBG crushed stone aggregate and fine aggregate(Natural sand 50%+Manufactured sand(Rock Sand)50% ) conforming to table 1000-2 of MoRT&H including cost, conveyance of all materials to site and labour charges, centering, machine mixing, laying, Vibrating, curing etc., including all other incidental and operational charges of all T&P etc., complete for finished item of work as per MoRT&H specification 1500,1700, 2100 (5th Revision) and as directed by the Engineer-in-Charge for Substructure. | E59: 1500, 1700, 2200 MoRTH | F59: 1 Cum | G59: ='2V 1m dia Pipe Culverts'!$J$30 -> 6749.67 | H59: =ROUND(B59*G59,0) -> 0 | L59: =IF(M59=M58,0,M59) -> 0 | M59: =IF(N59>0,(M58+1),M58) -> 21 | N59: =H59 -> 0
A60: =L60 -> 0 | B60: =$E$55*0 -> 0 | C60: cum | D60: ='Slab Culvert 1V 5m x 2m span'!B$46 -> Vibrated reinforced cement concrete M 25 grade using 20mm & 10mm HBG crushed stone aggregate (Coarse aggregate conforming to table 1000-1 and fine aggregate(Natural sand 50%+Manufactured sand(Rock Sand)50% ) conforming to table 1000-2) including cost, (excluding seigniorage) conveyance of all materials to site and labour charges, centering, machine mixing, laying, vibrating, curing etc., including other incidental hire and operational charges of all T&P as per approved drawings and as directed during execution but excluding cost of steel and its fabrication charges for finished item as per MoRT&H specification 1500,1600,1700 & 2200 (5th revision ) and as directed by the Engineer-in-Charge | E60: 1500, 1600, 1700, 2300 MoRTH | F60: 1 Cum | G60: ='Slab Culvert 1V 5m x 2m span'!$J$49 -> 8336.31 | H60: =ROUND(B60*G60,0) -> 0 | L60: =IF(M60=M59,0,M60) -> 0 | M60: =IF(N60>0,(M59+1),M59) -> 21 | N60: =H60 -> 0
A61: =L61 -> 0 | B61: =$E$55*0 -> 0 | C61: cum | D61: ='Slab Culvert 1V 5m x 2m span'!B$55 -> Vibrated cement concrete M 30 grade using 20mm & 10mm HBG crushed stone aggregate (Coarse aggregate conforming to table 1000-1 and fine aggregate(Natural sand 50%+Manufactured sand(Rock Sand)50% ) conforming to table 1000-2) including cost, (excluding seigniorage) conveyance of all materials to site and labour charges, centering, machine mixing, laying, vibrating, curing etc., including other incidental hire and operational charges of all T&P as per approved drawings and as directed during execution but excluding cost of steel and its fabrication charges for finished item as per SBD specification 1500, 1600, 1700 & 2702 as directed by the Engineer-in-Charge for Wearing Coat. | E61: 1500, 1600 1700, 2702 MoRTH | F61: 1 Cum | G61: ='Slab Culvert 1V 5m x 2m span'!$J$57 -> 7037.28 | H61: =ROUND(B61*G61,0) -> 0 | L61: =IF(M61=M60,0,M61) -> 0 | M61: =IF(N61>0,(M60+1),M60) -> 21 | N61: =H61 -> 0
A62: =L62 -> 0 | B62: =$E$55*0 -> 0 | C62: MT | D62: ='Slab Culvert 1V 5m x 2m span'!B$97 -> Supplying, fitting and placing of HYSD bars Fe-500 ( From Primary producers ,Like TATA,SAIL,VSP, JWS & Shyam steel Etc.,) of different diameters, wrought and put up bars of all diameters including cost and conveyance of steel to site and all labour charges for fabrication of reinforcement including cutting, bending, binding rods, tying grills, placing them in position etc., complete including cost and conveyance of binding wire and all handling charges and operational charges etc., and including over lapping welding if required etc., complete for all R.C.C items for finished item of work as per standard drawings, as per the directions of the Engineer-in-Charge and as per MoRT&H specification 1600 & 2200 (5th revision) in super structure. | E62: 1600, 2200 MoRTH | F62: 1 MT | G62: ='Slab Culvert 1V 5m x 2m span'!$J$98 -> 66904.47 | H62: =ROUND(B62*G62,0) -> 0 | I62: =SUM(H56:H62) -> 0 | K62: =I62-J62 -> 0 | L62: =IF(M62=M61,0,M62) -> 0 | M62: =IF(N62>0,(M61+1),M61) -> 21 | N62: =H62 -> 0
A63: =L63 -> 0 | D63: ="Construction of 1 Vents of 2.00m span Slab Culvert "&E63&" Nos at 1/944 Km " -> Construction of 1 Vents of 2.00m span Slab Culvert 0 Nos at 1/944 Km | E63: 0 | L63: =IF(M63=M62,0,M63) -> 0 | M63: =IF(N63>0,(M62+1),M62) -> 21 | N63: =H63 -> 0
A64: =L64 -> 0 | B64: =$E$63*0 -> 0 | C64: cum | D64: ='Slab Culvert 1V 5m x 2m span'!$B$6 -> Earthwork excavation in soils upto SDR by mechanical means for foundations of structures as per drawing and technical specification including setting out, construction of shoring and bracing, removal of stumps and other deleterious matter, dressing sides of bottom, back filling the excavation earth to the extent required etc., complete excluding seignioarge charges for finished item of work as per MoRT&H specification 304(5th Revision) and as directed by the Engineer-in-Charge. | E64: 304 MoRTH | F64: 1 Cum | G64: ='Slab Culvert 1V 5m x 2m span'!$J$9 -> 123.69928 | H64: =ROUND(B64*G64,0) -> 0 | L64: =IF(M64=M63,0,M64) -> 0 | M64: =IF(N64>0,(M63+1),M63) -> 21 | N64: =H64 -> 0
A65: =L65 -> 0 | B65: =$E$63*0 -> 0 | C65: cum | D65: ='Slab Culvert 1V 5m x 2m span'!$B$11 -> Sand Filling in foundation trenches as per drawing and technical specification Clause 304 of MORTH including overhead charges & Contractors profit etc complete. | E65: 304 MoRTH | F65: 1 Cum | G65: ='Slab Culvert 1V 5m x 2m span'!$J$13 -> 1237.43 | H65: =ROUND(B65*G65,0) -> 0 | L65: =IF(M65=M64,0,M65) -> 0 | M65: =IF(N65>0,(M64+1),M64) -> 21 | N65: =H65 -> 0
A66: =L66 -> 0 | B66: =$E$63*0 -> 0 | C66: cum | D66: ='Slab Culvert 1V 5m x 2m span'!$B$15 -> Providing Plain Cement Concrete (1:3:6) mix using 40mm size HBG crushed stone aggregate and fine aggregate(Natural sand 50%+Manufactured sand(Rock Sand)50% ) conforming to table 1000-2 of MoRT&H including cost, conveyance of all materials to site and labour charges, centering, machine mixing, laying, Vibrating, curing etc., including all other incidental and operational charges of all T&P etc., complete for finished item of work as per MoRT&H specification 1500,1700, 2100 (5th Revision) and as directed by the Engineer-in-Charge for foundation. | E66: 1500, 1700, 2100 MoRTH | F66: 1 Cum | G66: ='Slab Culvert 1V 5m x 2m span'!$J$18 -> 5706.01 | H66: =ROUND(B66*G66,0) -> 0 | L66: =IF(M66=M65,0,M66) -> 0 | M66: =IF(N66>0,(M65+1),M65) -> 21 | N66: =H66 -> 0
A67: =L67 -> 0 | B67: =$E$63*0 -> 0 | C67: cum | D67: ='2V 1m dia Pipe Culverts'!$B$21 -> Vibrated cement concrete M 15 Grade Concrete using 40mm , 20mm and 10mm size HBG crushed stone aggregate (Coarse aggregate conforming to table 1000-1 and fine aggregate (Natural sand 50%+Manufactured sand(Rock Sand)50% ) conforming to table 1000-2) including cost, (excluding seigniorage) and conveyance of all materials to site and all labour charges , centering, machine mixing, laying in position, Compacting, Vibrating and curing including all other incidental and all other operational charges of T&P required etc., complete as per MoRT&H Specification 1500,1700, 2200 (5th Revision) for foundations. | E67: 1500, 1700, 2100 MoRTH | F67: 1 Cum | G67: ='2V 1m dia Pipe Culverts'!$J$24 -> 6381.51 | H67: =ROUND(B67*G67,0) -> 0 | L67: =IF(M67=M66,0,M67) -> 0 | M67: =IF(N67>0,(M66+1),M66) -> 21 | N67: =H67 -> 0
A68: =L68 -> 0 | B68: =$E$63*0 -> 0 | C68: cum | D68: ='2V 1m dia Pipe Culverts'!$B$26 -> Providing PCC M15 mix using 40mm, 20mm & 10mm size HBG crushed stone aggregate and fine aggregate(Natural sand 50%+Manufactured sand(Rock Sand)50% ) conforming to table 1000-2 of MoRT&H including cost, conveyance of all materials to site and labour charges, centering, machine mixing, laying, Vibrating, curing etc., including all other incidental and operational charges of all T&P etc., complete for finished item of work as per MoRT&H specification 1500,1700, 2100 (5th Revision) and as directed by the Engineer-in-Charge for Substructure. | E68: 1500, 1700, 2200 MoRTH | F68: 1 Cum | G68: ='2V 1m dia Pipe Culverts'!$J$30 -> 6749.67 | H68: =ROUND(B68*G68,0) -> 0 | L68: =IF(M68=M67,0,M68) -> 0 | M68: =IF(N68>0,(M67+1),M67) -> 21 | N68: =H68 -> 0
A69: =L69 -> 0 | B69: =$E$63*0 -> 0 | C69: cum | D69: ='Slab-Culverts Data'!$B$239 -> Providing reinforced concrete of M25 mix using 20mm & 10mm size HBG crushed stone aggregate and fine aggregate(Natural sand 50%+Manufactured sand(Rock Sand)50% ) conforming to table 1000-2 of MoRT&H including cost, conveyance of all materials to site and labour charges, centering, machine mixing, laying, Vibrating, curing etc., including all other incidental and operational charges of all T&P etc., complete for finished item of work as per MoRT&H specification 1500,1700, 2100 (5th Revision) and as directed by the Engineer-in-Charge for Sub-structure.for Bed blocks & Backing walls | E69: 1500, 1700, 2100 MoRTH | F69: 1 Cum | G69: ='Slab-Culverts Data'!$J$267 -> 7666.61 | H69: =ROUND(B69*G69,0) -> 0 | L69: =IF(M69=M68,0,M69) -> 0 | M69: =IF(N69>0,(M68+1),M68) -> 21 | N69: =H69 -> 0
A70: =L70 -> 0 | B70: =$E$63*0 -> 0 | C70: cum | D70: ='Slab Culvert 1V 5m x 2m span'!B$46 -> Vibrated reinforced cement concrete M 25 grade using 20mm & 10mm HBG crushed stone aggregate (Coarse aggregate conforming to table 1000-1 and fine aggregate(Natural sand 50%+Manufactured sand(Rock Sand)50% ) conforming to table 1000-2) including cost, (excluding seigniorage) conveyance of all materials to site and labour charges, centering, machine mixing, laying, vibrating, curing etc., including other incidental hire and operational charges of all T&P as per approved drawings and as directed during execution but excluding cost of steel and its fabrication charges for finished item as per MoRT&H specification 1500,1600,1700 & 2200 (5th revision ) and as directed by the Engineer-in-Charge | E70: 1500, 1600, 1700, 2300 MoRTH | F70: 1 Cum | G70: ='Slab Culvert 1V 5m x 2m span'!$J$49 -> 8336.31 | H70: =ROUND(B70*G70,0) -> 0 | L70: =IF(M70=M69,0,M70) -> 0 | M70: =IF(N70>0,(M69+1),M69) -> 21 | N70: =H70 -> 0
A71: =L71 -> 0 | B71: =$E$63*0 -> 0 | C71: cum | D71: ='Slab Culvert 1V 5m x 2m span'!B$55 -> Vibrated cement concrete M 30 grade using 20mm & 10mm HBG crushed stone aggregate (Coarse aggregate conforming to table 1000-1 and fine aggregate(Natural sand 50%+Manufactured sand(Rock Sand)50% ) conforming to table 1000-2) including cost, (excluding seigniorage) conveyance of all materials to site and labour charges, centering, machine mixing, laying, vibrating, curing etc., including other incidental hire and operational charges of all T&P as per approved drawings and as directed during execution but excluding cost of steel and its fabrication charges for finished item as per SBD specification 1500, 1600, 1700 & 2702 as directed by the Engineer-in-Charge for Wearing Coat. | E71: 1500, 1600 1700, 2702 MoRTH | F71: 1 Cum | G71: ='Slab Culvert 1V 5m x 2m span'!$J$57 -> 7037.28 | H71: =ROUND(B71*G71,0) -> 0 | L71: =IF(M71=M70,0,M71) -> 0 | M71: =IF(N71>0,(M70+1),M70) -> 21 | N71: =H71 -> 0
A72: =L72 -> 0 | B72: =$E$63*0 -> 0 | C72: cum | D72: ='Slab Culvert 1V 5m x 2m span'!B$97 -> Supplying, fitting and placing of HYSD bars Fe-500 ( From Primary producers ,Like TATA,SAIL,VSP, JWS & Shyam steel Etc.,) of different diameters, wrought and put up bars of all diameters including cost and conveyance of steel to site and all labour charges for fabrication of reinforcement including cutting, bending, binding rods, tying grills, placing them in position etc., complete including cost and conveyance of binding wire and all handling charges and operational charges etc., and including over lapping welding if required etc., complete for all R.C.C items for finished item of work as per standard drawings, as per the directions of the Engineer-in-Charge and as per MoRT&H specification 1600 & 2200 (5th revision) in super structure. | E72: 1600, 2200 MoRTH | F72: 1 MT | G72: ='Slab Culvert 1V 5m x 2m span'!$J$98 -> 66904.47 | H72: =ROUND(B72*G72,0) -> 0 | L72: =IF(M72=M71,0,M72) -> 0 | M72: =IF(N72>0,(M71+1),M71) -> 21 | N72: =H72 -> 0
A73: =L73 -> 0 | B73: =$E$63*0 -> 0 | C73: Nos. | H73: =ROUND(B73*G73,0) -> 0 | I73: =SUM(H64:H73) -> 0 | L73: =IF(M73=M72,0,M73) -> 0 | M73: =IF(N73>0,(M72+1),M72) -> 21 | N73: =H73 -> 0
A74: =L74 -> 0 | D74: ="Construction of 1 Vents of 2.00m span Slab Culverts "&E74&" Nos at 1/944 Kms " -> Construction of 1 Vents of 2.00m span Slab Culverts 0 Nos at 1/944 Kms | E74: 0 | L74: =IF(M74=M73,0,M74) -> 0 | M74: =IF(N74>0,(M73+1),M73) -> 21 | N74: =H74 -> 0
A75: =L75 -> 0 | B75: =$E$74*0 -> 0 | C75: cum | D75: ='Pipe data'!$B$4 -> Earthwork excavation in soils upto SDR by mechanical means for foundations of structures as per drawing and technical specification including setting out, construction of shoring and bracing, removal of stumps and other deleterious matter, dressing sides of bottom, back filling the excavation earth to the extent required etc., complete excluding seignioarge charges for finished item of work as per MoRT&H specification 304(5th Revision) and as directed by the Engineer-in-Charge. | E75: 304 MoRTH | F75: 1 Cum | G75: ='Pipe data'!$G$20 -> 123.69928 | H75: =ROUND(B75*G75,0) -> 0 | L75: =IF(M75=M74,0,M75) -> 0 | M75: =IF(N75>0,(M74+1),M74) -> 21 | N75: =H75 -> 0
A76: =L76 -> 0 | B76: =$E$74*0 -> 0 | C76: cum | D76: ='Pipe data'!$B$55 -> Sand Filling in foundation trenches as per drawing and technical specification Clause 304 of MORTH including overhead charges & Contractors profit etc complete. | E76: 304 MoRTH | F76: 1 Cum | G76: ='Pipe data'!$G$72 -> 1237.43 | H76: =ROUND(B76*G76,0) -> 0 | L76: =IF(M76=M75,0,M76) -> 0 | M76: =IF(N76>0,(M75+1),M75) -> 21 | N76: =H76 -> 0
A77: =L77 -> 0 | B77: =$E$74*0 -> 0 | C77: cum | D77: ='Slab-Culverts Data'!$B$5 -> Providing Plain Cement Concrete (1:3:6) mix using 40mm size HBG crushed stone aggregate and fine aggregate(Natural sand 50%+Manufactured sand(Rock Sand)50% ) conforming to table 1000-2 of MoRT&H including cost, conveyance of all materials to site and labour charges, centering, machine mixing, laying, Vibrating, curing etc., including all other incidental and operational charges of all T&P etc., complete for finished item of work as per MoRT&H specification 1500,1700, 2100 (5th Revision) and as directed by the Engineer-in-Charge for foundation. | E77: 1500, 1700, 2100 MoRTH | F77: 1 Cum | G77: ='Slab-Culverts Data'!$J$31 -> 5706.01 | H77: =ROUND(B77*G77,0) -> 0 | L77: =IF(M77=M76,0,M77) -> 0 | M77: =IF(N77>0,(M76+1),M76) -> 21 | N77: =H77 -> 0
A78: =L78 -> 0 | B78: =$E$74*0 -> 0 | C78: cum | D78: ='Slab-Culverts Data'!$B$33 -> Providing PCC M15 mix using 40mm, 20mm & 10mm size HBG crushed stone aggregate and fine aggregate(Natural sand 50%+Manufactured sand(Rock Sand)50% ) conforming to table 1000-2 of MoRT&H including cost, conveyance of all materials to site and labour charges, centering, machine mixing, laying, Vibrating, curing etc., including all other incidental and operational charges of all T&P etc., complete for finished item of work as per MoRT&H specification 1500,1700, 2100 (5th Revision) and as directed by the Engineer-in-Charge for foundation. | E78: 1500, 1700, 2100 MoRTH | F78: 1 Cum | G78: ='Slab-Culverts Data'!$J$62 -> 6381.51 | H78: =ROUND(B78*G78,0) -> 0 | L78: =IF(M78=M77,0,M78) -> 0 | M78: =IF(N78>0,(M77+1),M77) -> 21 | N78: =H78 -> 0
A79: =L79 -> 0 | B79: =$E$74*0 -> 0 | C79: cum | D79: ='Slab-Culverts Data'!$B$177 -> Providing PCC M15 mix using 40mm, 20mm & 10mm size HBG crushed stone aggregate and fine aggregate(Natural sand 50%+Manufactured sand(Rock Sand)50% ) conforming to table 1000-2 of MoRT&H including cost, conveyance of all materials to site and labour charges, centering, machine mixing, laying, Vibrating, curing etc., including all other incidental and operational charges of all T&P etc., complete for finished item of work as per MoRT&H specification 1500,1700, 2100 (5th Revision) and as directed by the Engineer-in-Charge for Substructure. | E79: 1500, 1700, 2100 MoRTH | F79: 1 Cum | G79: ='Slab-Culverts Data'!$J$206 -> 6749.67 | H79: =ROUND(B79*G79,0) -> 0 | L79: =IF(M79=M78,0,M79) -> 0 | M79: =IF(N79>0,(M78+1),M78) -> 21 | N79: =H79 -> 0
A80: =L80 -> 0 | B80: =$E$74*0 -> 0 | C80: cum | D80: ='Slab-Culverts Data'!$B$239 -> Providing reinforced concrete of M25 mix using 20mm & 10mm size HBG crushed stone aggregate and fine aggregate(Natural sand 50%+Manufactured sand(Rock Sand)50% ) conforming to table 1000-2 of MoRT&H including cost, conveyance of all materials to site and labour charges, centering, machine mixing, laying, Vibrating, curing etc., including all other incidental and operational charges of all T&P etc., complete for finished item of work as per MoRT&H specification 1500,1700, 2100 (5th Revision) and as directed by the Engineer-in-Charge for Sub-structure.for Bed blocks & Backing walls | E80: 1500, 1700, 2100 MoRTH | F80: 1 Cum | G80: ='Slab-Culverts Data'!$J$267 -> 7666.61 | H80: =ROUND(B80*G80,0) -> 0 | K80: =18774/G80 -> 2.4488007 | L80: =IF(M80=M79,0,M80) -> 0 | M80: =IF(N80>0,(M79+1),M79) -> 21 | N80: =H80 -> 0
A81: =L81 -> 0 | B81: =$E$74*0 -> 0 | C81: cum | D81: ='Slab-Culverts Data'!$B$369 -> Vibrated reinforced cement concrete M 30 grade using 20mm & 10mm HBG crushed stone aggregate (Coarse aggregate conforming to table 1000-1 and fine aggregate(Natural sand 50%+Manufactured sand(Rock Sand)50% ) conforming to table 1000-2) including cost, (excluding seigniorage) conveyance of all materials to site and labour charges, centering, machine mixing, laying, vibrating, curing etc., including other incidental hire and operational charges of all T&P as per approved drawings and as directed during execution but excluding cost of steel and its fabrication charges for finished item as per MoRT&H specification 1500, 1600, 1700& 2300 as directed by the Engineer-in-Charge for superstructure (Deck Slab) | E81: 1500, 1600, 1700, 2300 MoRTH | F81: 1 Cum | G81: ='Slab-Culverts Data'!$J$397 -> 8444.74 | H81: =ROUND(B81*G81,0) -> 0 | L81: =IF(M81=M80,0,M81) -> 0 | M81: =IF(N81>0,(M80+1),M80) -> 21 | N81: =H81 -> 0
A82: =L82 -> 0 | B82: =$E$74*0 -> 0 | C82: cum | D82: ='Slab-Culverts Data'!$B$400 -> Vibrated cement concrete M 30 grade using 20mm & 10mm HBG crushed stone aggregate (Coarse aggregate conforming to table 1000-1 and fine aggregate(Natural sand 50%+Manufactured sand(Rock Sand)50% ) conforming to table 1000-2) including cost, (excluding seigniorage) conveyance of all materials to site and labour charges, centering, machine mixing, laying, vibrating, curing etc., including other incidental hire and operational charges of all T&P as per approved drawings and as directed during execution but excluding cost of steel and its fabrication charges for finished item as per SBD specification 1500, 1600, 1700 & 2702 as directed by the Engineer-in-Charge for Wearing Coat. | E82: 1500, 1600 1700, 2702 MoRTH | F82: 1 Cum | G82: ='Slab-Culverts Data'!$J$428 -> 7037.28 | H82: =ROUND(B82*G82,0) -> 0 | K82: =61979/5270.45 -> 11.759717 | L82: =IF(M82=M81,0,M82) -> 0 | M82: =IF(N82>0,(M81+1),M81) -> 21 | N82: =H82 -> 0
A83: =L83 -> 0 | B83: =$E$74*0 -> 0 | C83: cum | D83: ='Slab-Culverts Data'!$B$33 -> Providing PCC M15 mix using 40mm, 20mm & 10mm size HBG crushed stone aggregate and fine aggregate(Natural sand 50%+Manufactured sand(Rock Sand)50% ) conforming to table 1000-2 of MoRT&H including cost, conveyance of all materials to site and labour charges, centering, machine mixing, laying, Vibrating, curing etc., including all other incidental and operational charges of all T&P etc., complete for finished item of work as per MoRT&H specification 1500,1700, 2100 (5th Revision) and as directed by the Engineer-in-Charge for foundation. | E83: 1500, 1700, 2100 MoRTH | F83: 1 Cum | G83: ='Slab-Culverts Data'!$J$62 -> 6381.51 | H83: =ROUND(B83*G83,0) -> 0 | L83: =IF(M83=M82,0,M83) -> 0 | M83: =IF(N83>0,(M82+1),M82) -> 21 | N83: =H83 -> 0
A84: =L84 -> 0 | B84: =$E$74*0 -> 0 | C84: MT | D84: ='Slab-Culverts Data'!$B$431 -> Supplying, fitting and placing of HYSD bars Fe-500 ( From Primary producers ,Like TATA,SAIL,VSP, JWS & Shyam steel Etc.,) of different diameters, wrought and put up bars of all diameters including cost and conveyance of steel to site and all labour charges for fabrication of reinforcement including cutting, bending, binding rods, tying grills, placing them in position etc., complete including cost and conveyance of binding wire and all handling charges and operational charges etc., and including over lapping welding if required etc., complete for all R.C.C items for finished item of work as per standard drawings, as per the directions of the Engineer-in-Charge and as per MoRT&H specification 1600 & 2200 (5th revision) in super structure. | E84: 1600, 2200 MoRTH | F84: 1 MT | G84: ='Slab-Culverts Data'!$J$451 -> 66904.47 | H84: =ROUND(B84*G84,0) -> 0 | L84: =IF(M84=M83,0,M84) -> 0 | M84: =IF(N84>0,(M83+1),M83) -> 21 | N84: =H84 -> 0
A85: =L85 -> 0 | B85: =$E$74*0 -> 0 | C85: cum | D85: ='Pipe data'!$B$156 -> Providing and filling bedding of Selected Earth material around the pipes of Hume pipe culverts suitably compacted / rammed including cost, (excluding seigniorage) and conveyance of materials to site etc., complete as per drawing and MoRT&H Specification 2900 ( 5th Revision) and as directed by the Engineer-in-Charge. | E85: 2900 MoRTH | F85: 1 Cum | G85: ='Pipe data'!$G$177 -> 691.79 | H85: =ROUND(B85*G85,0) -> 0 | L85: =IF(M85=M84,0,M85) -> 0 | M85: =IF(N85>0,(M84+1),M84) -> 21 | N85: =H85 -> 0
A86: =L86 -> 0 | B86: =$E$74*0 -> 0 | C86: cum | D86: ='Slab-Culverts Data'!$B$538 -> Providing and laying boulders apron for bed protection against scour with stone boulders weighing not less than 40kg each complete as per drawing and specification. complete for finished item of work as per MoRT&H specification 2504 ( 5th revision ) and as directed by the Engineer-in-Charge | E86: 2504 MoRTH | F86: 1 Cum | G86: ='Slab-Culverts Data'!$J$559 -> 2028.19 | H86: =ROUND(B86*G86,0) -> 0 | L86: =IF(M86=M85,0,M86) -> 0 | M86: =IF(N86>0,(M85+1),M85) -> 21 | N86: =H86 -> 0
A87: =L87 -> 0 | B87: =$E$74*0 -> 0 | C87: cum | D87: ='Slab-Culverts Data'!$B$506 -> Vibrated cement concrete M 15 Grade Concrete using 40mm , 20mm and 10mm size HBG crushed stone aggregate (Coarse aggregate conforming to table 1000-1 and fine aggregate(Natural sand 50%+Manufactured sand(Rock Sand)50% ) conforming to table 1000-2) including cost, (excluding seigniorage) and conveyance of all materials to site and all labour charges ,centering, machine mixing, laying in position, Compacting , Vibrating and curing including all other incidental and all other operational charges of T&P required etc., complete as per MoRT&H Specification 1500,1700, 2100 (5th Revision) for levelling course. | E87: 1500, 1700, 2100 MoRTH | F87: 1 Cum | G87: ='Slab-Culverts Data'!$J$535 -> 6139.47 | H87: =ROUND(B87*G87,0) -> 0 | L87: =IF(M87=M86,0,M87) -> 0 | M87: =IF(N87>0,(M86+1),M86) -> 21 | N87: =H87 -> 0
A88: =L88 -> 0 | B88: =$E$74*0 -> 0 | C88: cum | D88: ='Slab-Culverts Data'!$B$476 -> Vibrated reinforced cement concrete M30 grade using 20mm & 10mm HBG crushed stone aggregate (Coarse aggregate conforming to table 1000-1 and fine aggregate(Natural sand 50%+Manufactured sand(Rock Sand)50% ) conforming to table 1000-2) including cost, (excluding seigniorage) conveyance of all materials to site and labour charges, centering, machine mixing, laying, vibrating, curing etc., including all other incidental and operational charges of all T&P etc., complete for finished item of work as per Approved drawing but excluding cost of steel and its fabrication charges as per MoRT&H specification 1500, 1600,1700, & 2704 (5th Revision) and as directed by the Engineer-in-Charge for Approach slab. | E88: 1500, 1600 1700, 2704 MoRTH | F88: 1 Cum | G88: ='Slab-Culverts Data'!$J$504 -> 7131.83 | H88: =ROUND(B88*G88,0) -> 0 | L88: =IF(M88=M87,0,M88) -> 0 | M88: =IF(N88>0,(M87+1),M87) -> 21 | N88: =H88 -> 0
A89: =L89 -> 0 | B89: =$E$74*0 -> 0 | C89: cum | D89: ='Road data'!$B$161 -> Forming Embankment with material obtained from borrowed useful earth from outside road boundary by mechanical means upto SDR with all leads and lifts including pre-watering of soil at borrow area, removal of top soil, excavation of soils at borrowed area, conveyance of soil, depositing the soil on the embankment, spreading soil, breaking clods, sectioning, grading and consolidation with 8 to 10 Tonnes Vibratory Road Roller @ OMC to meet requirement of table 300-2 of MoRT&H, including all hire and operational charges of T&P, complete for finished item of work as per MoRT&H specification 305 (5th revision). (The soil CBR>10%, PI<18% & MDD>1.8 g/cc) | E89: 305 MoRTH | F89: 1 Cum | G89: ='Road data'!$G$188 -> 270.81 | H89: =ROUND(B89*G89,0) -> 0 | L89: =IF(M89=M88,0,M89) -> 0 | M89: =IF(N89>0,(M88+1),M88) -> 21 | N89: =H89 -> 0
A90: =L90 -> 0 | B90: =$E$74*0 -> 0 | C90: Nos. | D90: ='Slab-Culverts Data'!$B$580 -> Construction of RCC guide posts of 250 mm dia M25 grade cast-in-situ with 20 mm nominal size aggregate, true to line and grade, tolerance of vertical RCC posts not to exceed 1 in 500 as per drawing and Technical Specification Clause 1608.2 | E90: 1608.2 MoRTH | F90: Each | G90: ='Slab-Culverts Data'!$J$601 -> 804.3 | H90: =ROUND(B90*G90,0) -> 0 | L90: =IF(M90=M89,0,M90) -> 0 | M90: =IF(N90>0,(M89+1),M89) -> 21 | N90: =H90 -> 0
A91: =L91 -> 0 | B91: =$E$74*0 -> 0 | C91: Nos. | D91: ='Slab-Culverts Data'!$B$291 -> Providing Weep holes in VCC Abutment/ Wing wall/return wall with 100mm Diameter AC pipe extending through the full width of the structure at 1.00m C/C in both horizontal and vertical direction so that the weep holes in each horizontal direction is staggered from the weep holes laying above and below lines as shown in drawing including cost and conveyance of the A.C pipes and labour charges for cutting to required length, placing the pipe with a slope of about 1V : 20H towards stream side face etc., complete for finished item of work for weep holes as per SSR Data | E91: 2706, 2200 MoRTH | F91: Each | G91: ='Slab-Culverts Data'!J289 -> 64943.47 | H91: =ROUND(B91*G91,0) -> 0 | I91: =SUM(H75:H91) -> 0 | K91: =I91-J91 -> 0 | L91: =IF(M91=M90,0,M91) -> 0 | M91: =IF(N91>0,(M90+1),M90) -> 21 | N91: =H91 -> 0
A92: =L92 -> 0 | L92: =IF(M92=M91,0,M92) -> 0 | M92: =IF(N92>0,(M91+1),M91) -> 21 | N92: =H92 -> 0
A93: =L93 -> 0 | C93: 3 | D93: ='Slab Culvert 1V 5m x 2m span'!A3 -> Construction of 1 Vent of 5.00 x 2.00m span Slab Culverts- 1nos at Km 2/100 | E93: 0 | L93: =IF(M93=M92,0,M93) -> 0 | M93: =IF(N93>0,(M92+1),M92) -> 21 | N93: =H93 -> 0
A94: =L94 -> 0 | B94: ='Slab Culvert 1V 5m x 2m span'!I9*E93 -> 0 | C94: cum | D94: ='Pipe data'!$B$4 -> Earthwork excavation in soils upto SDR by mechanical means for foundations of structures as per drawing and technical specification including setting out, construction of shoring and bracing, removal of stumps and other deleterious matter, dressing sides of bottom, back filling the excavation earth to the extent required etc., complete excluding seignioarge charges for finished item of work as per MoRT&H specification 304(5th Revision) and as directed by the Engineer-in-Charge. | E94: 304 MoRTH | F94: 1 Cum | G94: ='Pipe data'!$G$20 -> 123.69928 | H94: =ROUND(B94*G94,0) -> 0 | L94: =IF(M94=M93,0,M94) -> 0 | M94: =IF(N94>0,(M93+1),M93) -> 21 | N94: =H94 -> 0
A95: =L95 -> 0 | B95: ='Slab Culvert 1V 5m x 2m span'!I13*E93 -> 0 | C95: cum | D95: ='Pipe data'!$B$55 -> Sand Filling in foundation trenches as per drawing and technical specification Clause 304 of MORTH including overhead charges & Contractors profit etc complete. | E95: 304 MoRTH | F95: 1 Cum | G95: ='Pipe data'!$G$72 -> 1237.43 | H95: =ROUND(B95*G95,0) -> 0 | L95: =IF(M95=M94,0,M95) -> 0 | M95: =IF(N95>0,(M94+1),M94) -> 21 | N95: =H95 -> 0
A96: =L96 -> 0 | B96: ='Slab Culvert 1V 5m x 2m span'!I18*E93 -> 0 | C96: cum | D96: ='Slab-Culverts Data'!$B$5 -> Providing Plain Cement Concrete (1:3:6) mix using 40mm size HBG crushed stone aggregate and fine aggregate(Natural sand 50%+Manufactured sand(Rock Sand)50% ) conforming to table 1000-2 of MoRT&H including cost, conveyance of all materials to site and labour charges, centering, machine mixing, laying, Vibrating, curing etc., including all other incidental and operational charges of all T&P etc., complete for finished item of work as per MoRT&H specification 1500,1700, 2100 (5th Revision) and as directed by the Engineer-in-Charge for foundation. | E96: 1500, 1700, 2100 MoRTH | F96: 1 Cum | G96: ='Slab-Culverts Data'!$J$31 -> 5706.01 | H96: =ROUND(B96*G96,0) -> 0 | L96: =IF(M96=M95,0,M96) -> 0 | M96: =IF(N96>0,(M95+1),M95) -> 21 | N96: =H96 -> 0
A97: =L97 -> 0 | B97: ='Slab Culvert 1V 5m x 2m span'!I29*E93 -> 0 | C97: cum | D97: ='Slab-Culverts Data'!$B$33 -> Providing PCC M15 mix using 40mm, 20mm & 10mm size HBG crushed stone aggregate and fine aggregate(Natural sand 50%+Manufactured sand(Rock Sand)50% ) conforming to table 1000-2 of MoRT&H including cost, conveyance of all materials to site and labour charges, centering, machine mixing, laying, Vibrating, curing etc., including all other incidental and operational charges of all T&P etc., complete for finished item of work as per MoRT&H specification 1500,1700, 2100 (5th Revision) and as directed by the Engineer-in-Charge for foundation. | E97: 1500, 1700, 2100 MoRTH | F97: 1 Cum | G97: ='Slab-Culverts Data'!$J$62 -> 6381.51 | H97: =ROUND(B97*G97,0) -> 0 | L97: =IF(M97=M96,0,M97) -> 0 | M97: =IF(N97>0,(M96+1),M96) -> 21 | N97: =H97 -> 0
A98: =L98 -> 0 | B98: ='Slab Culvert 1V 5m x 2m span'!I35*E93 -> 0 | C98: cum | D98: ='Slab-Culverts Data'!$B$177 -> Providing PCC M15 mix using 40mm, 20mm & 10mm size HBG crushed stone aggregate and fine aggregate(Natural sand 50%+Manufactured sand(Rock Sand)50% ) conforming to table 1000-2 of MoRT&H including cost, conveyance of all materials to site and labour charges, centering, machine mixing, laying, Vibrating, curing etc., including all other incidental and operational charges of all T&P etc., complete for finished item of work as per MoRT&H specification 1500,1700, 2100 (5th Revision) and as directed by the Engineer-in-Charge for Substructure. | E98: 1500, 1700, 2100 MoRTH | F98: 1 Cum | G98: ='Slab-Culverts Data'!$J$206 -> 6749.67 | H98: =ROUND(B98*G98,0) -> 0 | L98: =IF(M98=M97,0,M98) -> 0 | M98: =IF(N98>0,(M97+1),M97) -> 21 | N98: =H98 -> 0
A99: =L99 -> 0 | B99: ='Slab Culvert 1V 5m x 2m span'!I43*E93 -> 0 | C99: cum | D99: ='Slab-Culverts Data'!$B$239 -> Providing reinforced concrete of M25 mix using 20mm & 10mm size HBG crushed stone aggregate and fine aggregate(Natural sand 50%+Manufactured sand(Rock Sand)50% ) conforming to table 1000-2 of MoRT&H including cost, conveyance of all materials to site and labour charges, centering, machine mixing, laying, Vibrating, curing etc., including all other incidental and operational charges of all T&P etc., complete for finished item of work as per MoRT&H specification 1500,1700, 2100 (5th Revision) and as directed by the Engineer-in-Charge for Sub-structure.for Bed blocks & Backing walls | E99: 1500, 1700, 2100 MoRTH | F99: 1 Cum | G99: ='Slab-Culverts Data'!$J$267 -> 7666.61 | H99: =ROUND(B99*G99,0) -> 0 | K99: =18774/G99 -> 2.4488007 | L99: =IF(M99=M98,0,M99) -> 0 | M99: =IF(N99>0,(M98+1),M98) -> 21 | N99: =H99 -> 0
A100: =L100 -> 0 | B100: ='Slab Culvert 1V 5m x 2m span'!I49*E93 -> 0 | C100: cum | D100: ='Slab-Culverts Data'!B338 -> Vibrated reinforced cement concrete M 25 grade using 20mm & 10mm HBG crushed stone aggregate (Coarse aggregate conforming to table 1000-1 and fine aggregate(Natural sand 50%+Manufactured sand(Rock Sand)50% ) conforming to table 1000-2) including cost, (excluding seigniorage) conveyance of all materials to site and labour charges, centering, machine mixing, laying, vibrating, curing etc., including other incidental hire and operational charges of all T&P as per approved drawings and as directed during execution but excluding cost of steel and its fabrication charges for finished item as per MoRT&H specification 1500,1600,1700 & 2200 (5th revision ) and as directed by the Engineer-in-Charge | E100: 1500, 1600, 1700, 2300 MoRTH | F100: 1 Cum | G100: ='Slab-Culverts Data'!J366 -> 8336.31 | H100: =ROUND(B100*G100,0) -> 0 | L100: =IF(M100=M99,0,M100) -> 0 | M100: =IF(N100>0,(M99+1),M99) -> 21 | N100: =H100 -> 0
...

Sheet Schedule-A (Part-B)
A1: Schedule -A (Part-B)
A2: Details of amount reimbursseble to the Contractor
A4: ='Schedule-A'!D3 -> R/F A to B in Wanaparthy Mandal of Wanaparthy District
A5: 1 | B5: NAC @ 0.10% | E5: =GA!E13 -> 8482
A6: 2 | B6: Seigniorage Charges | E6: =GA!E14 -> 297019
A7: 3 | B7: DMF Charges @ 30% on Seigniorage Charge | E7: =GA!E15 -> 89106
A8: 4 | B8: SMET Charges @ 2% on Seigniorage Charge | E8: =GA!E16 -> 5940
A9: 5 | B9: Towards GST @ 18% | E9: =GA!E19 -> 1649306
A10: 6 | B10: =GA!B17 -> Add 0.8 times permit fee on Seign Charges | E10: =GA!E17 -> 237615
B11: Total | D11: Rs. | E11: =SUM(E5:E10) -> 2287468
B13: GST component loaded in Part ‘B’ of the estimate shall be reimbursed to the contractor upon producing the required document in support of payment of GST. GST for the works contract shall be as per GST Act 2017 including amendments there on from time to time.
D14: "APPROVED"
D17: Engineer - in - Chief
D18: Panchayat Raj, Hyderabad
B28: OLD
B29: GST component loaded in Part ‘B’ of the estimate shall be reimbursed to the contractor upon producing the required document in support of payment of GST. GST for the works contract shall be as per GST Act 2017 and amendments there on from time to time. For works contract, Tax deduction at source will be recovered from each bill of the contractor at 2% of bill amount. The TDS for GST at 2% will be added and recovered on each work bill. It is the liability of the contractor to pay GST at 12% on each bill of work done. However 2% TDS recovered from each bill could be added in monthly returns submitted. The contractors will be reimbursed of the balance GST paid i.e. (12%-2% already deducted as TDS) 10% of each bill amount provided in part “B” of the estimate.

Sheet Road Estimate
A1: ROAD PART ESTIMATE WITH SSR 2023-24
A2: Name of the Work | C2: ='Input Data'!E1 -> R/F A to B in Wanaparthy Mandal of Wanaparthy District
A3: Sl. No. | B3: Description of work | C3: No. | F3: L | G3: B | H3: D | I3: Quantity | J3: Rate | K3: Per | L3: Amount (Rs.)
A4: 1 | B4: 2 | C4: 3 | F4: 4 | G4: 5 | H4: 6 | I4: 7 | J4: 8 | K4: 9 | L4: 10
A5: 1 | B5: ='Road data'!B5:G5 -> Clearing and grubbing road land including uprooting rank vegetation, grass, bushes, shrubs, saplings and trees girth up to 300 mm, removal of stumps of trees cut earlier and disposal of unserviceable materials and stacking of serviceable material to be used or auctioned, up to a lead of 1000 metres including removal and disposal of top organic soil not exceeding 150 mm in thickness by Mechanical means as per the Techinical Specification Clause 201 MoRTH 5th Revision
B6: 0/000 to 1/00 km | C6: 1 | D6: x | E6: 2 | F6: 1000 | G6: 2.5 | I6: =C6*E6*F6*G6 -> 5000
B7: Deduct voids @40% | I7: =-(I6)*40% -> -2000
I8: =SUM(I6:I7) -> 3000 | J8: ='Road data'!G22 -> 3.93 | K8: 1 | L8: =ROUND(I8*J8,0) -> 11790
I9: Sqm | K9: Sqm
A10: 2 | B10: ='Road data'!B255:G255 -> Scarifying the granular surface to a depth of 50 mm by Mechanical means and re-using the scarified material with all leads and lifts as per MoRT&H (5th Revision) Specn. No.305.4.3
B11: =B6 -> 0/000 to 1/00 km | C11: 0 | D11: x | E11: 1 | F11: 1000 | G11: 3.75 | I11: =C11*E11*F11*G11 -> 0
I12: =SUM(I11) -> 0 | J12: ='Road data'!G270 -> 43.84 | K12: 1 | L12: =ROUND(I12*J12,0) -> 0
I13: Sqm | K13: Sqm
A14: 2 | B14: ='Road data'!B117:G117 -> Excavation for roadwork in soil by mechanical means including cutting and pushing the earth to the site of Embankment upto a lead of 100m,including trimming bottom and side slopes, in accordance with requirements of lines, grades and cross sections as per Technical sanction Clause 302.3MORD/301 MORTH including overhead charges& Contractor's profit but excluding seignioarge charges for finished item of work .
B15: =B11 -> 0/000 to 1/00 km | C15: 0 | D15: x | E15: 2 | F15: 2100 | G15: 1.03 | H15: 0.2 | I15: =C15*E15*F15*G15 -> 0
I16: =SUM(I15) -> 0 | J16: ='Road data'!G134 -> 127.41 | K16: 1 | L16: =ROUND(I16*J16,0) -> 0
I17: Cum | K17: cum
A18: 2 | B18: ='Road data'!B161:G161 -> Forming Embankment with material obtained from borrowed useful earth from outside road boundary by mechanical means upto SDR with all leads and lifts including pre-watering of soil at borrow area, removal of top soil, excavation of soils at borrowed area, conveyance of soil, depositing the soil on the embankment, spreading soil, breaking clods, sectioning, grading and consolidation with 8 to 10 Tonnes Vibratory Road Roller @ OMC to meet requirement of table 300-2 of MoRT&H, including all hire and operational charges of T&P, complete for finished item of work as per MoRT&H specification 305 (5th revision). (The soil CBR>10%, PI<18% & MDD>1.8 g/cc)
I19: =2.5*F6 -> 2500
B20: rest | I20: =SUM(I19) -> 2500 | J20: ='Road data'!G188 -> 270.81 | K20: 1 | L20: =ROUND(I20*J20,0) -> 677025
B21: 2500cm/km | I21: Cum | K21: cum
B22: ='Road data'!B272:G272 -> Scarifying the existing bitumen surface to a depth of 50 mm by Mechanical means and disposal of scarified material with all leads and lifts upto 1000 Mtrs as per MoRT&H (5th Revision) Specn. No.305.4.3
B23: 2/00 to 4/970 KM | C23: 1 | D23: x | E23: 1 | F23: 0 | G23: 3.75 | I23: =C23*E23*F23*G23 -> 0
I24: =SUM(I23) -> 0 | J24: ='Road data'!G290 -> 10.22 | K24: 1 | L24: =ROUND(I24*J24,0) -> 0
I25: Sqm | K25: Sqm
A26: 3 | B26: ='Road data'!B228:G228 -> Construction of earthen shoulders with selective soils obtained from borrow pits with MDD of 18 KN/Cum , CBR ≥ 12%, PI < 12% from approved sources, grading and consoilidation with 8 to 10 Tonnes Vibratory Road Roller @ OMC to meet requirement of MoRT&H, including all hire and operational charges of T&P complete for finished item of work as per MoRT&H specification 305 (5th revision)
B27: From Km 0/0 to 0/8 | C27: 1 | D27: x | E27: 2 | F27: 800 | G27: 1.875 | H27: 0.15 | I27: =ROUND(C27*E27*F27*G27*H27,2) -> 450 | K27: BT
B28: From Km 0/800 to 1/000 | C28: 1 | D28: x | E28: 2 | F28: 200 | G28: 1.875 | H28: 0.2 | I28: =ROUND(C28*E28*F28*G28*H28,2) -> 150 | K28: CC
I30: =SUM(I27:I29) -> 600 | J30: ='Road data'!G253 -> 288.3 | K30: 1 | L30: =ROUND(I30*J30,0) -> 172980
I31: Cum | K31: cum
A32: 4 | B32: ='Road data'!B295:G295 -> Construction of Granular sub-base by providing HBG material confirming to Grading - VI of MoRT&H (Table 400-1 & 400-2) including cost, and conveyance of all materials to work site and spreading in uniform layers with motor grader or by approved means, on prepared surface mixing by mix-in-place method with rotavator / approved means at OMC and compacting with vibratory roller to achieve CBR value minimum of 30% at 98% of dry density and PI value maximum 6, complete for finished item of work as per MoRT&H Specification 401 (5th revision) including contractors profit & Over head charges excluding Seignarage charges etc
B33: =B27 -> From Km 0/0 to 0/8 | C33: 1 | D33: x | E33: 1 | F33: 800 | G33: 4 | H33: 0.175 | I33: =ROUND(C33*E33*F33*G33*H33,2) -> 560 | K33: BT
B34: =B28 -> From Km 0/800 to 1/000 | C34: 1 | D34: x | E34: 1 | F34: =F28 -> 200 | G34: 4 | H34: 0.1 | I34: =ROUND(C34*E34*F34*G34*H34,2) -> 80 | K34: CC
B35: =B29 -> 0 | C35: 1 | D35: x | E35: 1 | F35: =F29 -> 0 | G35: 4 | H35: 0.175 | I35: =ROUND(C35*E35*F35*G35*H35,2) -> 0
I36: =SUM(I33:I35) -> 640 | J36: ='Road data'!G324 -> 2686.07 | K36: 1 | L36: =ROUND(I36*J36,0) -> 1719085
I37: Cum | K37: cum
A38: 7 | B38: ='Road data'!B327:G327 -> Providing, laying, spreading and compacting stone aggregates of specific sizes for Grading 2 material to water bound macadam specification including spreading in uniform thickness, hand packing, rolling with Vibratory roller 80-100 kN in stages to proper grade and camber, applying and brooming, stone screening/binding materials to fill-up the interstices of coarse aggregate, watering and compacting to the required density grading 2, as directed by the Engineer-in-Charge and as per Technical Specification Clause 404 MoRT&H ( 5th revision ) . For compacted thickness of 75 mm. including all over heads , and Contractors profit etc,But excluding VAT & Seignarage charges., Complete, for WBM Grading II ( Hand Broken) HBG metal
B39: 0/0 to 1/1 km | C39: 1 | D39: x | E39: 1 | G39: 3.75 | H39: 0.1 | I39: =ROUND(C39*E39*F39*G39*H39,2) -> 0
B40: 0/0 to 1/1 km | C40: 1 | D40: x | E40: 1 | G40: 3.75 | H40: 0.15 | I40: =ROUND(C40*E40*F40*G40*H40,2) -> 0
I41: =SUM(I39:I40) -> 0 | J41: ='Road data'!G362 -> 2889.56 | K41: 1 | L41: =ROUND(I41*J41,0) -> 0
I42: Cum | K42: cum
A43: 8 | B43: ='Road data'!B366:G366 -> Providing, laying, spreading and compacting stone aggregates of specific sizes for Grading 3 material to to water bound macadam specification including spreading in uniform thickness, hand packing, rolling with Vibratory roller 80-100 kN in stages to proper grade and camber, applying and brooming, stone screening to fill-up the interstices of coarse aggregate, watering and compacting to the required density Grading 3, as directed by the Engineer-in-Charge and as per Technical Specification Clause 404 MoRT&H ( 5th revision ) .. For compacted thickness of 75 mm. including all over heads , and Contractors profit etc excluding Seignarage charges complete for WBM Grading III ( Machine Crushed) HBG metal
B44: 0/0 to 1/1 km | C44: 1 | D44: x | E44: 1 | F44: 0 | G44: 3.75 | H44: 0.225 | I44: =ROUND(C44*E44*F44*G44*H44,2) -> 0
I46: =SUM(I44:I45) -> 0 | J46: ='Road data'!G398 -> 3079 | K46: 1 | L46: =ROUND(I46*J46,0) -> 0
I47: Cum | K47: cum
A48: 5 | B48: ='Road data'!B400:G400 -> Providing, laying, spreading and compacting graded stone aggregate to Wet mix macadam specification including premixing the material with water at OMC in mechanical mixer (Pug Mill), carriage of mixed material by tipper to site, laying in uniform layers in sub-base/base course on a well prepared sub-base and compacting with Vibratory roller of 80 to 100kN to achieve the desired density including lighting, barricading and maintenance of diversion, etc as directed by the Engineer-in-Charge and as per Technical Specification Clause 406 MoRT&H ( 5th revision ), including overhead charges & Contractor profit excluding Seignarage charges etc complete.
B49: =B33 -> From Km 0/0 to 0/8 | C49: 1 | D49: x | E49: 1 | F49: =F33 -> 800 | G49: 3.75 | H49: 0.15 | I49: =ROUND(C49*E49*F49*G49*H49,2) -> 450 | K49: BT
B50: =B34 -> From Km 0/800 to 1/000 | C50: 1 | D50: x | E50: 1 | F50: =F34 -> 200 | G50: 3.75 | H50: 0.075 | I50: =ROUND(C50*E50*F50*G50*H50,2) -> 56.25 | K50: CC
I52: =SUM(I49:I51) -> 506.25 | J52: ='Road data'!G431 -> 3062.5 | K52: 1 | L52: =ROUND(I52*J52,0) -> 1550391
I53: Cum | K53: cum
A54: 6 | B54: ='Road data'!B481:G481 -> Providing and applying primer coat with bitumen emulsion (SS-1) on prepared surface of granular base including cleaning of road surface and spraying primer at the rate of 0.60 kg/sqm using mechanical means, as directed by the Engineer-in-Charge and as per Technical Specification Clause 502 MoRT&H (5th Revision) (for use on Wet mix macadam & WBM) ,including overhead charges & Contractors profit excluding Seignarage charges etc complete.
B55: =B49 -> From Km 0/0 to 0/8 | C55: =C50 -> 1 | D55: x | E55: 1 | F55: =F49 -> 800 | G55: =G49 -> 3.75 | I55: =F55*G55 -> 3000
B56: =B51 -> 0 | C56: =C51 -> 0 | D56: x | E56: 1 | F56: =F51 -> 0 | G56: =G50 -> 3.75 | I56: =F56*G56 -> 0
I57: =SUM(I55:I56) -> 3000 | J57: ='Road data'!G505 -> 55.37 | K57: 1 | L57: =ROUND(I57*J57,0) -> 166110
I58: Sqm | K58: Sqm
A59: 7 | B59: ='Road data'!B433:G433 -> Providing and applying tack coat with Bitumen emulsion (RS-1) using emulsion distributor at the rate of 0.275 kg per sqm on the prepared granular surfaces treated with primer & cleaned with Hydraulic broom,as directed by the Engineer-in-Charge and as per Technical Specification Clause 503 MoRT&H (5th Revision), including overhead charges & Contractors profit excluding Seignarage charges etc complete.
B60: =B55 -> From Km 0/0 to 0/8 | C60: =C55 -> 1 | D60: x | E60: 1 | F60: =F55 -> 800 | G60: =G55 -> 3.75 | I60: =F60*G60 -> 3000
B61: =B56 -> 0 | C61: =C56 -> 0 | D61: x | E61: 1 | F61: =F56 -> 0 | G61: =G55 -> 3.75 | I61: =F61*G61 -> 0
B62: Tack Coat-1 | I62: =SUM(I60:I61) -> 3000 | J62: ='Road data'!G455 -> 15.66 | K62: 1 | L62: =ROUND(I62*J62,0) -> 46980
I63: Sqm | K63: sqm
A64: 8 | B64: ='Road data'!B508:G508 -> Providing, laying and rolling of open-graded premix carpet of 20 mm thickness composed of 13.2 mm to 5.6 mm aggregates either using penetration grade bitumen 60/70 grade at the rate of 14.6 kg/10 sqm to required line, grade and level to serve as wearing course on a previously prepared base, including mixing in a Hot Mix plant of 60TPH, laying and rolling with a three wheel 80-100 kN static roller capacity, finished to required level and grades to be followed by seal coat of Type B including cost and conveyance of all materials from approved sources, , labour charges and hire and operational charges of power road roller and all other machinery, tools and plants, providing barricading for diversion of traffic, erecting red flags other incidental and operational charges etc., complete for finished item of work, as directed by the Engineer-in-Charge and as per clause 511 MoRT&H (5th Revision), including overhead charges & Contractors profit excluding Seignarage charges etc complete.
B65: =#REF! -> #REF! | C65: 1 | D65: x | E65: 1 | F65: =#REF! -> #REF! | G65: =#REF! -> #REF!
I66: =SUM(I65:I65) -> 0 | J66: ='Road data'!G536 -> 147.14 | K66: 1 | L66: =ROUND(I66*J66,0) -> 0
I67: Sqm | K67: sqm
A68: 9 | B68: ='Road data'!B567:G567 -> Providing and laying bituminous premixed Seal coat (Type B) with HMP of appropriate capacity not less than 60TPH comprising of a thin application of fine aggregate premixed by mechanical means with bituminous binder of grading as defined in table 500.16 of MOST Crushed sand defined as passing through 2.36 mm sieve and retained on 180 micron seive applied @ 0.06 cum per 10 sqm.to be laid simultaneously along with the bitumunous course using 6.80 kgs of bitumen 60/70 grade for 10 sqm and rolling with power roller including of required line, level, grade to serve as wearing course on previously prepared surface and finishing to rquired level and grades including cost and conveyance of all materials from approved sources and stacking at site to departmental gauge for premeasurements, seigniorage, labour charges and hire and operational charges of power road roller 8 to 10 tonnes capacity and all other machinery, tools and plants, providing barricading for diversion of traffic, erecting red flags other incidental and operational charges etc., complete for finished item of work as directed by the Engineer-in-Charge and as per technical specification clause 513 of MoRT&H (5th Revision) Using Hot mix plant including contractors profit & Over head charges excluding Seignarage charges etc complete using Mechanical means
B69: =B65 -> #REF! | C69: 1 | D69: x | E69: 1 | F69: =F65 -> #REF! | G69: =G65 -> #REF!
I70: =SUM(I69:I69) -> 0 | J70: ='Road data'!G593 -> 58.07 | K70: 1 | L70: =ROUND(I70*J70,0) -> 0
I71: Sqm | K71: sqm
A72: 8 | B72: ='Road data'!B682:G682 -> Providing and laying 50 mm thick of Dense Graded Bituminous Macadam with 100-120 TPH batch type hot mix plant using HBG crushed aggregates of Grading - II as per table 500-10 of MoRT&H Specification 505 (5th revision) premixed with bitumen VG-30 grade (60/70)@ 4 to 4.50% of weight of total mixture, transported to site, laid over a previously prepared surface with Mechanical Paver finisher to the required grade, level and alignment and rolled as per Clauses 501.6 and 501.7 to achieve the desired compaction for finished item of work as directed by the Engineer-in-Charge including hire and operational charges all T&P and all other contingent charges necessary including charges of all materials etc., complete and as per MoRTH specification No. 505(5th Revision)
B73: =#REF! -> #REF! | C73: 1 | D73: x | E73: 1 | F73: 0 | G73: 0 | H73: 0.05 | I73: =ROUND(C73*E73*F73*G73*H73,2) -> 0
I74: =SUM(I73:I73) -> 0 | J74: ='Road data'!G721 -> 9744.47 | K74: 1 | L74: =ROUND(I74*J74,0) -> 0
I75: Cum | K75: cum
A76: 9 | B76: ='Road data'!B457:G457 -> Providing and applying tack coat with Bitumen emulsion (RS-1) using emulsion distributor at the rate of 0.20 kg per sqm on the prepared Bitumenus surfaces & cleaned with Hydraulic broom,as directed by the Engineer-in-Charge and as per Technical Specification Clause 503 MoRT&H (5th Revision), including overhead charges & Contractors profit excluding Seignarage charges etc complete.
B77: =B73 -> #REF! | C77: 1 | D77: x | E77: 1 | F77: =$F$73 -> 0 | G77: =G73 -> 0 | I77: =ROUND(C77*E77*F77*G77,2) -> 0
B78: Tack Coat-2 | I78: =SUM(I77:I77) -> 0 | J78: ='Road data'!G479 -> 11.97 | K78: 1 | L78: =ROUND(I78*J78,0) -> 0
I79: Sqm | K79: sqm
A80: 16 | B80: ='Road data'!B808:G808 -> Providing and laying semi dense bituminous concrete with 100-120 TPH batch type HMP producing an average output of 75 tonnes per hour using crushed aggregates of grading-II, premixed with bituminous binder 60/70 @ 4.5 to 5 per cent of mix and filler, transporting the hot mix to work site, laying with a hydrostatic paver finisher with sensor control to the required grade, level and alignment, rolling with smooth wheeled, vibratory and tandem rollers to achieve the desired compaction as per MoRTH specification clause No. 508 (5th Revision) complete in all respects
B81: =B73 -> #REF! | C81: 1 | D81: x | E81: 1 | F81: 0 | G81: 3.75 | H81: 0.025 | I81: =ROUND(C81*E81*F81*G81*H81,2) -> 0
I82: =SUM(I81:I81) -> 0 | J82: ='Road data'!G845 -> 10227.82 | K82: 1 | L82: =ROUND(I82*J82,0) -> 0
I83: Cum | K83: cum
A84: 8 | B84: ='Road data'!B766:G766 -> Providing and laying bituminous concrete with 100-120 TPH batch type hot mix plant producing an average output of 75 tonnes per hour using crushed aggregates of grading-II premixed with bituminous binder 60/70 @ 5.4 to 5.6 percent of mix and filler with stone dust, transporting the hot mix to work site, laying with a Mechanical paver finisher to the required grade, level and alignment, rolling with smooth wheeled, vibratory and tandem rollers to achieve the desired compaction as per MORTH specification clause No. 507 complete in all respects
B85: =B60 -> From Km 0/0 to 0/8 | C85: =C60 -> 1 | D85: x | E85: 1 | F85: =F60 -> 800 | G85: =G60 -> 3.75 | H85: 0.03 | I85: =ROUND(C85*E85*F85*G85*H85,2) -> 90
B86: =B61 -> 0 | C86: =C61 -> 0 | D86: x | E86: 1 | F86: =F61 -> 0 | G86: =G61 -> 3.75 | H86: 0.03 | I86: =ROUND(C86*E86*F86*G86*H86,2) -> 0
I87: =SUM(I85:I86) -> 90 | J87: ='Road data'!G806 -> 10932.2 | K87: 1 | L87: =ROUND(I87*J87,0) -> 983898
I88: Cum | K88: cum
A89: 9 | B89: ='Road data'!B595:G595 -> Construction of dowel jointed un-reinforced, expansion and construction joint plain cement concrete pavement, thickness as per design, over a prepared sub base, with 43 grade cement or any other type as per Clause 1501.2.2 M30 (Grade), coarse and fine aggregates (Natural sand 50%+Manufactured sand(Rock Sand)50% ) conforming to IS : 383, mixed in a concrete mixer of not less than 0.2 cum capacity and appropriate weigh batcher using approved mix design, laid in approved fixed side formwork (steel channel, laying and fixing of 125 micron thick polythene film, wedges, steel plates including levelling the formwork as per drawing), spreading the concrete with sholvels, rakes, compacted using needle, screed and plate vibrators and finished in continuous operation including provision of contraction and expansion and construction joints, applying primer, sealant, admixtures as approved, curing of concrete slabs for 14- days, curing compound (where specified) and water finishing to lines and grade as per drawing and Technical Specification Clause 1501 MORD including overhead charges & Contractors profit excluding Seignarage charges etc complete. | R89: ='[3]Datas P7'!$C$315 -> Construction of un-reinforced, dowel jointed at expansion and construction joint only, plain cement concrete pavement, thickness as per design, over a prepared sub base, with 43 grade cement or any other type as per Clause 1501.2.2 M20 (Grade), coarse and fine aggregates conforming to IS : 383, maximum in a concrete mixer of not less than 0.2 cum capacity and appropeiate weigh batcher using approved mix design, laid in approved fixed side formwork (steel channel, laying and fixing of 125 mictron thick polythene film, wedges, steel plates including levelling the formwork as per drawing), spreading the concrete with sholvels, rakes, compacted using needle, scareed and plate vibrators and finished in continuous operation including provision of contraction and expansion, construction joints, applying debonding strips, primer, sealant, dowel bars, near approaches to bridge / culvert and construction joints, admixtures as approved, curing of concrete slabs for 14- days, curing compound (where specified) and water finishing to lines and grade as per drawing and Technical Specification Clause 1501 MORD.
B90: =B50 -> From Km 0/800 to 1/000 | C90: 1 | D90: x | E90: 1 | F90: =F50 -> 200 | G90: 3.75 | H90: 0.2 | I90: =ROUND(C90*E90*F90*G90*H90,2) -> 150
I91: =SUM(I90:I90) -> 150 | J91: ='Road data'!G646 -> 7502.51 | K91: 1 | L91: =ROUND(I91*J91,0) -> 1125377
I92: Cum | K92: Cum
J93: Total | L93: =SUM(L5:L92) -> 6453636
E97: =GA!B34 -> Assistant Engineer, | I97: Dy. Exe. Engineer
E98: =+GA!$B$35 -> PRSD, Wanaparthy | I98: =+GA!$C$35 -> PRSD, Wanaparthy
F101: District Panchayat Raj Engineer, | I101: Superintending Engineer
E102: =+GA!$B$38 -> PIU, Wanaparthy | I102: =+GA!$C$38 -> PR, Circle, Warangal

Sheet CD Abs
A1: CD WORKS ABSTRACT
A2: ='Input Data'!E1 -> R/F A to B in Wanaparthy Mandal of Wanaparthy District
A3: S.No. | B3: Item of work | C3: No | D3: Rate/ each | E3: Amount
A4: 1 | B4: 2 | C4: 3 | D4: 4 | E4: 5
A5: 1 | B5: ='1V 1m dia Pipe Culverts'!A3 -> Construction of HP Culvert 1V of 1000mm Dia.NP4 Pipes at Km | C5: 3 | D5: ='1V 1m dia Pipe Culverts'!L35 -> 346940 | E5: =+C5*D5 -> 1040820
A6: 1 | B6: ='2V 1m dia Pipe Culverts'!A3 -> Construction of HP Culvert 2V of 1000mm Dia.NP4 Pipes at Km | C6: 1 | D6: ='2V 1m dia Pipe Culverts'!L35 -> 530080 | E6: =+C6*D6 -> 530080
A7: 2 | B7: Construction of HP Culvert 3V of 1000mm Dia. NP4 Pipes | C7: 0 | D7: 692428 | E7: =+C7*D7 -> 0
A8: =A5+1 -> 2 | B8: 1vent 3.00 x 1.50m span slab culvert at | C8: 0 | D8: 1505515 | E8: =+C8*D8 -> 0
A9: =A5+1 -> 2 | B9: 1vent 5.00 x 2.00m span slab culvert at 2/100Km | C9: 0 | D9: ='Slab Culvert 1V 5m x 2m span'!L100 -> 1916133 | E9: =+C9*D9 -> 0
A10: 2 | B10: Construction of 1vent 6.00 x 1.50m span slab culvert at 0/340 KM (1 No) | C10: 0 | D10: ='Slab Culvert 1V 6m x 2m spa'!L108 -> 2521025 | E10: =+C10*D10 -> 0
A11: =A10+1 -> 3 | B11: 2vent 6.00 x 2.00m span slab culvert at 1/600 Km | C11: 0 | D11: ='Slab Culvert 2V 6m x 2m spa'!L108 -> 3506510 | E11: =+C11*D11 -> 0
A12: =A8+1 -> 3 | B12: 3vent 6.00 x 2.00m span slab culvert at | C12: 0 | D12: 4523766 | E12: =+C12*D12 -> 0
A13: =A12+1 -> 4 | B13: Construction of Low level causeway | C13: 0 | D13: 4499646 | E13: =+C13*D13 -> 0
A14: =A13+1 -> 5 | B14: Construction of Road dam | C14: 0 | D14: ='Road dam 30m'!L64 -> 0 | E14: =+C14*D14 -> 0
A15: =A11+1 -> 4 | B15: Protection walls at 1/800, 2/400 & 3/500 KM | C15: 2 | D15: ='Ret wall'!L29 -> 202912 | E15: =+C15*D15 -> 405824
A16: 2 | B16: Construction of Village Side Drains | C16: 0 | D16: ='Drain '!L33 -> 2342807 | E16: =+C16*D16 -> 0
B17: Total CD work No's | C17: =SUM(C5:C16) -> 6 | E17: =SUM(E5:E16) -> 1976724
B26: =GA!B34 -> Assistant Engineer, | C26: ='Road Estimate'!I97 -> Dy. Exe. Engineer
B27: =GA!B35 -> PRSD, Wanaparthy | C27: ='Road Estimate'!I98 -> PRSD, Wanaparthy
B31: ='Road Estimate'!F101 -> District Panchayat Raj Engineer, | C31: ='Road Estimate'!I101 -> Superintending Engineer
B32: ='Road Estimate'!E102 -> PIU, Wanaparthy | C32: ='Road Estimate'!I102 -> PR, Circle, Warangal

Sheet Mtc-Abs
A1: ABSTRACT MAINTANANCE ESTIMATE
A2: ='Input Data'!E1 -> R/F A to B in Wanaparthy Mandal of Wanaparthy District
D3: Length of Road | E3: ='MTS Esti'!C6/1000 -> 2.5
D4: Total Estimate Cost Rs. | E4: =E3*3 -> 7.5
D5: Cost per Km | E5: =E4/E3 -> 3
C6: The routine meaintanance estimates is prepared for 5 years period, each 6 months period i.e. 6 months premonsoon and 6 months postmonsoon period. As per the estimates the following is the estimate cost for the years mentioned below.
C7: Cost of routine maintanance for 5 years Rs | E7: =D15 -> 650192 | F7: =(E7/100000)/E3 -> 2.600768
C9: Year | D9: Total Amount | E9: Generated % Year wise | F9: Remarks per Km rate | G9: Actual Cost
C10: 1 | D10: =ROUND(G10,0) -> 84290 | E10: =ROUND(D10/$E$7,2) -> 0.13 | F10: =D10/$E$3 -> 33716 | G10: ='MTS Esti'!N80 -> 84289.798
C11: 2 | D11: =ROUND(G11,0) -> 105527 | E11: =ROUND(D11/$E$7,2) -> 0.16 | F11: =D11/$E$3 -> 42210.8 | G11: ='MTS Esti'!O80 -> 105526.74
C12: 3 | D12: =ROUND(G12,0) -> 130857 | E12: =ROUND(D12/$E$7,2) -> 0.2 | F12: =D12/$E$3 -> 52342.8 | G12: ='MTS Esti'!P80 -> 130856.64
C13: 4 | D13: =ROUND(G13,0) -> 154125 | E13: =ROUND(D13/$E$7,2) -> 0.24 | F13: =D13/$E$3 -> 61650 | G13: ='MTS Esti'!Q80 -> 154124.57
C14: 5 | D14: =ROUND(G14,0) -> 175393 | E14: =ROUND(D14/$E$7,2) -> 0.27 | F14: =D14/$E$3 -> 70157.2 | G14: ='MTS Esti'!R80 -> 175392.5
C15: Total Cost of routine Maintenance cost Rs. | D15: =SUM(D10:D14) -> 650192 | E15: =ROUND(SUM(E10:E14),0) -> 1 | G15: =SUM(G10:G14) -> 650190.26
C16: Add 12% GST on Above amount | D16: =ROUND(D15*0.12,0) -> 78023
C17: LS Provision for Emergency repairs due to floods , other natural calamities etc., | D17: =D18-D15-D16 -> 21785
C18: Total Maintenance Cost Rs. | D18: =E4*100000 -> 750000
C22: ="The maintanance Abstract sub estiamte is approved for Rs. "&D18&" Only" -> The maintanance Abstract sub estiamte is approved for Rs. 750000 Only

Sheet MTS Esti
A1: Estimate for maintenance of BT work as per guidelines issued by NRRDA for 5 years
A2: ='Input Data'!E1 -> R/F A to B in Wanaparthy Mandal of Wanaparthy District | O2: =$C$6/1000 -> 2.5 | R2: Dia / Span of CD work
B3: Carriage way width | C3: 3.75 | D3: Mtrs | G3: Rainfall | H3: Low-1 | I3: Medium-2 | J3: High-3 | K3: 2
B4: Roadway Width | C4: 10 | D4: Mtrs | G4: Traffic CVPD | H4: Value of CPVD | K4: 78 | L4: ='Mtc-Abs'!D17 -> 21785 | N4: Sum of vents of Pipe Culverts | Q4: 0 | R4: 0.6 | S4: =Q4*R4 -> 0
B5: Shoulder width | C5: 0.95 | D5: Mtrs | K5: Total | L5: =L80/100000 -> 6.5019 | N5: Sum of vents of Pipe Culverts | Q5: 0 | R5: 0.9 | S5: =Q5*R5 -> 0
B6: Total length | C6: 2500 | D6: Mtrs | F6: Total Road dam/Cause way Lengths | I6: 0 | J6: Mtrs | K6: Per Km | L6: =L5*1000/C6 -> 2.60076 | N6: Sum of vents of Pipe Culverts | Q6: 0 | R6: 1 | S6: =Q6*R6 -> 0
B7: BT length | C7: 2200 | D7: Mtrs | F7: Total No. of Pipe Culverts | I7: =S7 -> 0 | J7: No of equalent vents of 1000mm dia | Q7: `Total equalent Pipe culvet Vents of 1000mm dia= | S7: =SUM(S4:S6) -> 0
B8: CC length | C8: =C6-C7 -> 300 | D8: Mtrs | F8: Total No. of Slab Culverts | I8: =S13 -> 0 | J8: No of eqalent vents f 2.00m Span | R8: Sum of Total Spans
B9: Drain Length | C9: 0 | D9: Mtrs | F9: Guard stone Nos | I9: 0 | J9: Nos | N9: Total Nos Slab Culvert Vents of 2m | Q9: 0 | R9: 2 | S9: =Q9*R9 -> 0
N10: Total Nos Slab Culvert Vents of 3m | Q10: 0 | R10: 3 | S10: =Q10*R10 -> 0
A11: Sl.No | B11: Details | C11: L (m) | D11: B(m) | E11: D(m) | F11: Nos | G11: Percentage/Frequency | H11: Multiplying factor | I11: Quantity | J11: Unit | K11: As per SSR-Rates as per SSR 2016-17 | N11: Total Nos Slab Culvert Vents of 5m | Q11: 0 | R11: 5 | S11: =Q11*R11 -> 0
K12: Rate | L12: Amount | Q12: `Total Ventage in meters = | S12: =SUM(S9:S11) -> 0
A13: 1 | B13: 2 | C13: 3 | D13: 4 | E13: 5 | F13: 6 | G13: 7 | H13: 8 | I13: 9 | J13: 10 | K13: 11 | L13: 12 | Q13: `Total equalent 2.00m Vents = | S13: =S12/2 -> 0
A14: 1 | B14: Filling of Pot holes | N14: YEAR WISE BREAKUP FOR MTC. AMOUNT
B15: BT SURFACE | M15: year | N15: 1 st year | O15: 2nd year | P15: 3 rd year | Q15: 4th year | R15: 5th year | S15: TOTAL
B16: 1st year | C16: =$C$7 -> 2200 | D16: =$C$3 -> 3.75 | F16: 1 | G16: 0.5 | H16: 1.5 | I16: =C16*D16*F16*(G16/100)*H16 -> 61.875 | J16: sqm | K16: ='Mtc-data'!G77 -> 177.04219 | L16: =ROUND(I16*K16,2) -> 10954.49 | N16: =L16 -> 10954.49
B17: 2nd year | C17: =$C$7 -> 2200 | D17: =$D$16 -> 3.75 | F17: 1 | G17: 1 | H17: 1.5 | I17: =C17*D17*F17*(G17/100)*H17 -> 123.75 | J17: sqm | K17: =$K$16 -> 177.04219 | L17: =I17*K17 -> 21908.971 | O17: =L17 -> 21908.971
B18: 3rd year | C18: =$C$7 -> 2200 | D18: =$D$16 -> 3.75 | F18: 1 | G18: 1.5 | H18: 1.5 | I18: =C18*D18*F18*(G18/100)*H18 -> 185.625 | J18: sqm | K18: =$K$16 -> 177.04219 | L18: =I18*K18 -> 32863.456 | P18: =L18 -> 32863.456
B19: 4th Year | C19: =$C$7 -> 2200 | D19: =$D$16 -> 3.75 | F19: 1 | G19: 2 | H19: 1.5 | I19: =C19*D19*F19*(G19/100)*H19 -> 247.5 | J19: sqm | K19: =$K$16 -> 177.04219 | L19: =I19*K19 -> 43817.941 | Q19: =L19 -> 43817.941
B20: 5th Year | C20: =$C$7 -> 2200 | D20: =$D$16 -> 3.75 | F20: 1 | G20: 2.5 | H20: 1.5 | I20: =C20*D20*F20*(G20/100)*H20 -> 309.375 | J20: sqm | K20: =$K$16 -> 177.04219 | L20: =I20*K20 -> 54772.427 | R20: =L20 -> 54772.427
B21: WBM TOP LAYER/WMM layer With B C
B22: 3rd year | C22: =$C$7 -> 2200 | D22: =$D$16 -> 3.75 | E22: 0.075 | F22: 1 | G22: 1.5 | H22: 1.5 | I22: =C22*D22*E22*F22*(G22/100)*H22 -> 13.921875 | J22: cum | K22: ='Mtc-data'!G112 -> 437.65408 | L22: =I22*K22 -> 6092.9654 | P22: =L22 -> 6092.9654
B23: 4th Year | C23: =$C$7 -> 2200 | D23: =$D$16 -> 3.75 | E23: 0.075 | F23: 1 | G23: 2 | H23: 1.5 | I23: =C23*D23*E23*F23*(G23/100)*H23 -> 18.5625 | J23: cum | K23: =K22 -> 437.65408 | L23: =I23*K23 -> 8123.9539 | Q23: =L23 -> 8123.9539
B24: 5th Year | C24: =$C$7 -> 2200 | D24: =$D$16 -> 3.75 | E24: 0.075 | F24: 1 | G24: 2.5 | H24: 1.5 | I24: =C24*D24*E24*F24*(G24/100)*H24 -> 23.203125 | J24: cum | K24: =K23 -> 437.65408 | L24: =I24*K24 -> 10154.942 | R24: =L24 -> 10154.942
A25: Subtotal | L25: =SUM(L16:L20,L22,L23,L24) -> 188689.15 | S25: =SUM(N16:R24) -> 188689.15
A26: 2 | B26: Making up of berms/shoulders stripping excesss soil from the shoulder surface to achieve the required level
B27: 1st year | C27: =$C$6 -> 2500 | D27: =$C$5 -> 0.95 | F27: 2 | G27: 10 | H27: 1.5 | I27: =C27*D27*F27*(G27/100)*H27 -> 712.5 | J27: sqm | K27: ='Mtc-data'!G49 -> 48.042444 | L27: =I27*K27 -> 34230.241 | N27: =L27 -> 34230.241
B28: 2nd year | C28: =$C$6 -> 2500 | D28: =$D$27 -> 0.95 | F28: 2 | G28: 12 | H28: 1.5 | I28: =C28*D28*F28*(G28/100)*H28 -> 855 | J28: sqm | K28: =$K$27 -> 48.042444 | L28: =I28*K28 -> 41076.289 | O28: =L28 -> 41076.289
B29: 3rd year | C29: =$C$6 -> 2500 | D29: =$D$27 -> 0.95 | F29: 2 | G29: 14 | H29: 1.5 | I29: =C29*D29*F29*(G29/100)*H29 -> 997.5 | J29: sqm | K29: =$K$27 -> 48.042444 | L29: =I29*K29 -> 47922.337 | P29: =L29 -> 47922.337
B30: 4th Year | C30: =$C$6 -> 2500 | D30: =$D$27 -> 0.95 | F30: 2 | G30: 16 | H30: 1.5 | I30: =C30*D30*F30*(G30/100)*H30 -> 1140 | J30: sqm | K30: =$K$27 -> 48.042444 | L30: =I30*K30 -> 54768.386 | Q30: =L30 -> 54768.386
B31: 5th Year | C31: =$C$6 -> 2500 | D31: =$D$27 -> 0.95 | F31: 2 | G31: 18 | H31: 1.5 | I31: =C31*D31*F31*(G31/100)*H31 -> 1282.5 | J31: sqm | K31: =$K$27 -> 48.042444 | L31: =I31*K31 -> 61614.434 | R31: =L31 -> 61614.434
A32: Subtotal | L32: =SUM(L27:L31) -> 239611.69 | S32: =SUM(N27:R31) -> 239611.69
A33: 3 | B33: Restoration of berms and raincuts in hard shoulders
B34: A- 50% by soil for embankment
B35: 1st year | C35: =$C$6 -> 2500 | D35: =$C$5/2 -> 0.475 | E35: 0.3 | F35: 1 | G35: 6 | H35: 1.5 | I35: =C35*D35*E35*F35*(G35/100)*H35 -> 32.0625 | J35: cum | K35: ='Mtc-data'!G25 -> 189.97337 | L35: =I35*K35 -> 6091.0211 | N35: =L35 -> 6091.0211
B36: 2nd year | C36: =$C$6 -> 2500 | D36: =D35 -> 0.475 | E36: 0.3 | F36: 1 | G36: 7.2 | H36: 1.5 | I36: =C36*D36*E36*F36*(G36/100)*H36 -> 38.475 | J36: cum | K36: =$K$35 -> 189.97337 | L36: =I36*K36 -> 7309.2254 | O36: =L36 -> 7309.2254
B37: 3rd year | C37: =$C$6 -> 2500 | D37: =D36 -> 0.475 | E37: 0.3 | F37: 1 | G37: 8.4 | H37: 1.5 | I37: =C37*D37*E37*F37*(G37/100)*H37 -> 44.8875 | J37: cum | K37: =$K$35 -> 189.97337 | L37: =I37*K37 -> 8527.4296 | P37: =L37 -> 8527.4296
B38: 4th Year | C38: =$C$6 -> 2500 | D38: =D37 -> 0.475 | E38: 0.3 | F38: 1 | G38: 9.6 | H38: 1.5 | I38: =C38*D38*E38*F38*(G38/100)*H38 -> 51.3 | J38: cum | K38: =$K$35 -> 189.97337 | L38: =I38*K38 -> 9745.6338 | Q38: =L38 -> 9745.6338
B39: 5th Year | C39: =$C$6 -> 2500 | D39: =D38 -> 0.475 | E39: 0.3 | F39: 1 | G39: 10.8 | H39: 1.5 | I39: =C39*D39*E39*F39*(G39/100)*H39 -> 57.7125 | J39: cum | K39: =$K$35 -> 189.97337 | L39: =I39*K39 -> 10963.838 | R39: =L39 -> 10963.838
B40: Subsub Total | L40: =SUM(L35:L39) -> 42637.148 | S40: =SUM(N35:R39) -> 42637.148
B41: B-50% by hard shoulder
B42: 1st year | C42: =$C$6 -> 2500 | D42: =D39 -> 0.475 | E42: 0.3 | F42: 1 | G42: 6 | H42: 1.5 | I42: =C42*D42*E42*F42*(G42/100)*H42 -> 32.0625 | J42: cum | K42: =$K$35 -> 189.97337 | L42: =I42*K42 -> 6091.0211 | N42: =L42 -> 6091.0211
B43: 2nd year | C43: =$C$6 -> 2500 | D43: =D42 -> 0.475 | E43: 0.3 | F43: 1 | G43: 7.2 | H43: 1.5 | I43: =C43*D43*E43*F43*(G43/100)*H43 -> 38.475 | J43: cum | K43: =$K$35 -> 189.97337 | L43: =I43*K43 -> 7309.2254 | O43: =L43 -> 7309.2254
B44: 3rd year | C44: =$C$6 -> 2500 | D44: =D43 -> 0.475 | E44: 0.3 | F44: 1 | G44: 8.4 | H44: 1.5 | I44: =C44*D44*E44*F44*(G44/100)*H44 -> 44.8875 | J44: cum | K44: =$K$35 -> 189.97337 | L44: =I44*K44 -> 8527.4296 | P44: =L44 -> 8527.4296
B45: 4th Year | C45: =$C$6 -> 2500 | D45: =D44 -> 0.475 | E45: 0.3 | F45: 1 | G45: 9.6 | H45: 1.5 | I45: =C45*D45*E45*F45*(G45/100)*H45 -> 51.3 | J45: cum | K45: =$K$35 -> 189.97337 | L45: =I45*K45 -> 9745.6338 | Q45: =L45 -> 9745.6338
B46: 5th Year | C46: =$C$6 -> 2500 | D46: =D45 -> 0.475 | E46: 0.3 | F46: 1 | G46: 10.8 | H46: 1.5 | I46: =C46*D46*E46*F46*(G46/100)*H46 -> 57.7125 | J46: cum | K46: =$K$35 -> 189.97337 | L46: =I46*K46 -> 10963.838 | R46: =L46 -> 10963.838
B47: Subsub Total | L47: =SUM(L42:L46) -> 42637.148 | S47: =SUM(N42:R46) -> 42637.148
A48: SubTotal | L48: =L40+L47 -> 85274.296
A49: 4 | B49: Labour for cleaning the shoulders one labour for 200m for one year | C49: =$C$6/1000 -> 2.5 | G49: exam. For 1 km length 5 labour hence for 5 year 5x5=25 man days | I49: 25 | J49: man days | K49: ='SSR-rates'!$I$60 -> 490 | L49: =C49*I49*K49 -> 30625 | N49: =$L49/5 -> 6125 | O49: =$L49/5 -> 6125 | P49: =$L49/5 -> 6125 | Q49: =$L49/5 -> 6125 | R49: =$L49/5 -> 6125
A50: Subtotal | L50: =L49 -> 30625 | S50: =SUM(N49:R49) -> 30625
A51: 5 | B51: Cleaning of CD opening and maintenance of CD pitchning etc 3 CD per KM two labour or one | C51: =$C$6/1000 -> 2.5 | G51: For 1 km length 6 labour hence for 5 year 5x6=30 man days | I51: 30 | J51: man days | K51: ='SSR-rates'!$I$60 -> 490 | L51: =C51*I51*K51 -> 36750 | N51: =$L51/5 -> 7350 | O51: =$L51/5 -> 7350 | P51: =$L51/5 -> 7350 | Q51: =$L51/5 -> 7350 | R51: =$L51/5 -> 7350
A52: Subtotal | L52: =L51 -> 36750 | S52: =SUM(N51:R51) -> 36750
A53: 6 | B53: Maintenance of 200 m stones and Km stones by way of refiting , repairing with cement mortar , cleaning and lettering as per drawing and technical specification clause 1912 (Clause 2.3 of OM for Frequency) | C53: =$C$6/1000 -> 2.5 | G53: Once in year . 5 times in 5 years | I53: 5 | J53: km | K53: 600 | L53: =C53*I53*K53 -> 7500 | N53: =$L53/5 -> 1500 | O53: =$L53/5 -> 1500 | P53: =$L53/5 -> 1500 | Q53: =$L53/5 -> 1500 | R53: =$L53/5 -> 1500
A54: Subtotal | L54: =L53 -> 7500 | S54: =SUM(N53:R53) -> 7500
A55: 7 | B55: Maintenance of Drains include erosion, repair, clearing,reshaping, regarding ,deeping of side drains as well as catch water drains as per clause 1907 of the specification. ( 50 % length of drains , for | C55: =C9/2 -> 0 | F55: =2*0.5 -> 1 | G55: Twice in a year.For 5 years 10 times | I55: 10 | J55: Rmt | K55: 3 | L55: =C55*I55*K55 -> 0 | N55: =$L55/5 -> 0 | O55: =$L55/5 -> 0 | P55: =$L55/5 -> 0 | Q55: =$L55/5 -> 0 | R55: =$L55/5 -> 0
A56: Subtotal | L56: =SUM(L55) -> 0 | S56: =SUM(N55:R55) -> 0
A57: 8 | B57: Clearing wild seasonal growth on berm/shoulders etc. ( 50 % area) | C57: 1000 | D57: =$D$27 -> 0.95 | F57: =2*0.5 -> 1 | G57: Once in a years 5 times in 5 year | H57: =$C$6/1000 -> 2.5 | I57: =C57*D57*F57*5 -> 4750 | J57: sqm | K57: ='Road data'!G22 -> 3.93 | L57: =I57*K57*H57 -> 46668.75 | N57: =$L57/5 -> 9333.75 | O57: =$L57/5 -> 9333.75 | P57: =$L57/5 -> 9333.75 | Q57: =$L57/5 -> 9333.75 | R57: =$L57/5 -> 9333.75
B58: Cutting of Tree Branches ( assuming 10 trees in 1 km ) | F58: 10 | H58: =$C$6/1000 -> 2.5 | I58: =F58*5 -> 50 | J58: each | K58: 104.571 | L58: =I58*K58*H58 -> 13071.375 | N58: =$L58/5 -> 2614.275 | O58: =$L58/5 -> 2614.275 | P58: =$L58/5 -> 2614.275 | Q58: =$L58/5 -> 2614.275 | R58: =$L58/5 -> 2614.275
B59: White washing and Geo painting of Tree Trunks ( 0.5 sqm per tree) | C59: 0.5 | F59: 10 | H59: 0 | I59: =C59*F59*5 -> 25 | J59: sqm | K59: 0 | L59: =I59*K59*H59 -> 0 | N59: =$L59/5 -> 0 | O59: =$L59/5 -> 0 | P59: =$L59/5 -> 0 | Q59: =$L59/5 -> 0 | R59: =$L59/5 -> 0
A60: Subtotal | L60: =SUM(L57:L59) -> 59740.125 | S60: =SUM(N57:R59) -> 59740.125
A61: 9 | B61: Maintanence of Guard rails and parapet rails as per 1911 clause (considering 10 sqm area ) | C61: 0 | G61: Once in a year 5 times in 5 year | I61: =C61*5 -> 0 | J61: sqm | L61: =I61*K61 -> 0 | N61: =$L61/5 -> 0 | O61: =$L61/5 -> 0 | P61: =$L61/5 -> 0 | Q61: =$L61/5 -> 0 | R61: =$L61/5 -> 0
A62: Subtotal | L62: =L61 -> 0 | S62: =SUM(N61:R61) -> 0
A63: 10 | B63: Maintenance of culverts and cause ways as per 1908 and 1909
B64: Pipe Culverts / ASPER ACTUAL | C64: =I7 -> 0 | F64: 1 | G64: Twice in a year 10 times in 5 years | H64: =ROUND(C64/F64,0) -> 0 | I64: =F64*10 -> 10 | J64: per row of hume pipe | K64: 1200 | L64: =I64*K64*H64 -> 0 | N64: =$L64/5 -> 0 | O64: =$L64/5 -> 0 | P64: =$L64/5 -> 0 | Q64: =$L64/5 -> 0 | R64: =$L64/5 -> 0
B65: Slab Culverts ASPER ACTUAL | C65: =I8 -> 0 | F65: 1 | G65: Twice in a year 10 times in 5 years | H65: =ROUND(C65/F65,0) -> 0 | I65: =F65*10 -> 10 | J65: Per Vent | K65: 2000 | L65: =I65*K65*H65 -> 0 | N65: =$L65/5 -> 0 | O65: =$L65/5 -> 0 | P65: =$L65/5 -> 0 | Q65: =$L65/5 -> 0 | R65: =$L65/5 -> 0
B66: Cause way ( assuming 10 m causeway ) ASPER ACTUAL LENGTH | C66: =I6 -> 0 | F66: 1 | G66: Twice in a year 10 times in 5 years | I66: =C66*F66*10 -> 0 | J66: RM | K66: 60 | L66: =I66*K66 -> 0 | N66: =$L66/5 -> 0 | O66: =$L66/5 -> 0 | P66: =$L66/5 -> 0 | Q66: =$L66/5 -> 0 | R66: =$L66/5 -> 0
B67: White washing parapets of CD works | C67: =C64+C65 -> 0 | D67: 5.5 | E67: 2 | F67: 1 | G67: Once in a year 5 times in 5 year | I67: =C67*D67*E67*F67*5 -> 0 | J67: sqm | K67: 25 | L67: =I67*K67 -> 0 | N67: =$L67/5 -> 0 | O67: =$L67/5 -> 0 | P67: =$L67/5 -> 0 | Q67: =$L67/5 -> 0 | R67: =$L67/5 -> 0
A68: Subtotal | L68: =SUM(L64:L67) -> 0 | S68: =SUM(N64:R67) -> 0
A69: 11 | B69: Maintence of Road Furniture & Signs | C69: 1 | H69: Once in two years | I69: =C69*2 -> 2 | J69: Kms | K69: 1000 | L69: =I69*K69 -> 2000
B70: Road Furniture
K74: 1096.015 | O74: =$L$75/2 -> 1000 | Q74: =$L$75/2 -> 1000
A75: Subtotal | L75: =SUM(L69) -> 2000 | S75: =SUM(N70:R74) -> 2000
A76: 12 | B76: Maintence of Guard Stones
B77: Refixing of Guard Stones ( 20 % of total Numbers) | C77: =$I$9 -> 0 | F77: 0.2 | G77: Once in a years 5 times in 5 year | I77: =C77*F77*5 -> 0 | J77: each | K77: 0 | L77: =I77*K77 -> 0 | N77: =$L77/5 -> 0 | O77: =$L77/5 -> 0 | P77: =$L77/5 -> 0 | Q77: =$L77/5 -> 0 | R77: =$L77/5 -> 0
B78: White washing of Guard Stone | C78: =$I$9 -> 0 | F78: 0.2 | G78: Twice in a year 10 times in 5 years | I78: =C78*F78*10 -> 0 | J78: each | K78: 0 | L78: =I78*K78 -> 0 | N78: =$L78/5 -> 0 | O78: =$L78/5 -> 0 | P78: =$L78/5 -> 0 | Q78: =$L78/5 -> 0 | R78: =$L78/5 -> 0
A79: Subtotal | L79: =SUM(L77:L78) -> 0 | S79: =SUM(N77:R78) -> 0
A80: Total | L80: =ROUND(L79+L75+L68+L62+L60+L56+L54+L52+L50+L48+L32+L25,0) -> 650190 | N80: =SUM(N16:N79) -> 84289.798 | O80: =SUM(O16:O79) -> 105526.74 | P80: =SUM(P16:P79) -> 130856.64 | Q80: =SUM(Q16:Q79) -> 154124.57 | R80: =SUM(R16:R79) -> 175392.5 | S80: =SUM(S16:S79) -> 650190.26

Sheet MTC DAtas
A1: MAINTENANCE OF ROADS DATA 2022-23
D2: Patch Repairs DATA
A3: 17 | B3: RBR-MTRD-15 | D3: Maintenance of WBM Road / WMM
B4: Sr.NO 15.5, MORD Spec 1900 , Pg 15-7 | C4: Maintenance of WBM road including filling up of pot holes, ruts and rectifying corrugated surface, damaged edges and raveling as per technical specification Clause 1906 MORD.
D5: Unit = Sqm
C6: Output - Taking affected area @ 5% in 1 km = 1000 x 3.75 x 0.05 = 187.5 sqm
D7: Quantity 187.5 x 0.10 = 18.75 cum | H7: as per MORD , QTY = 187.50 X 0.075 = 14.06 CUM | L7: Quantity 187.5 x 0.075 = 14.06 cum
B8: i. | C8: For grading I Material compacting with Smooth Wheel Roller 80-100 kN
B9: 18.75 | C9: cum | D9: a) Rate as per item 4.7(3) of Chapter 4 | F9: cum | G9: =ROUND(B9*E9,2) -> 0 | I9: =ROUND(B9*G9,2) -> 0
D10: b) Add 50% for extra efforts involved as maintenance is to be done in small reaches | E10: 0.5 | G10: =ROUND(G9*E10,0) -> 0 | I10: =ROUND(I9*50%,2) -> 0 | P10: =187.5*0.1 -> 18.75
D11: Cost of 187.5 Sqm = a+b | G11: =SUM(G9:G10) -> 0 | I11: =SUM(I9:I10) -> 0
D12: Rate of per sqm a+b/187.5 for 100mm thick | G12: =G11/187.5 -> 0 | I12: =ROUND(I11/187.5,2) -> 0 | J12: per sqm
B13: ii | C13: For grading II Material compacting with Smooth Wheel Roller 80-100 kN
B14: 18.75 | C14: cum | D14: a) Rate as per item 4.7(3) of Chapter 4 | E14: ='Road data'!G362 -> 2889.56 | F14: cum | G14: =B14*E14 -> 54179.25 | I14: =ROUND(B14*G14,2) -> 1015860.9
D15: b) Add 50% for extra efforts involved as maintenance is to be done in small reaches | E15: 0.5 | G15: =G14*E15 -> 27089.625 | I15: =ROUND(I14*50%,2) -> 507930.47 | P15: =187.5*0.1 -> 18.75
D16: Cost of 187.5 Sqm = a+b | G16: =SUM(G14:G15) -> 81268.875 | I16: =SUM(I14:I15) -> 1523791.4
D17: Rate of per sqm a+b/187.5 for 100mm thick | G17: =G16/187.5 -> 433.434 | I17: =ROUND(I16/187.5,2) -> 8126.89 | J17: per sqm
B18: iii. | C18: For grading III Material compacting with Smooth Wheel Roller 80-100 kN
B19: 18.75 | C19: cum | D19: a) Rate as per item 4.7(3) of Chapter 4 | E19: ='Road data'!G398 -> 3079 | F19: cum | G19: =B19*E19 -> 57731.25 | I19: =ROUND(B19*G19,2) -> 1082460.9
D20: b) Add 50% for extra efforts involved as maintenance is to be done in small reaches | E20: 0.5 | G20: =G19*E20 -> 28865.625 | I20: =ROUND(I19*50%,2) -> 541230.47 | P20: =187.5*0.1 -> 18.75
D21: Cost of 187.5 Sqm = a+b | G21: =SUM(G19:G20) -> 86596.875 | I21: =SUM(I19:I20) -> 1623691.4
D22: Rate of per sqm a+b/187.5 for 100mm thick | G22: =G21/187.5 -> 461.85 | I22: =ROUND(I21/187.5,2) -> 8659.69 | J22: per sqm
A24: Sr.NO 15.3, MORD Spec 1900 , Pg 15-4 to 15-6 | D24: Maintenance of Bituminous Surface road
A25: 18 | B25: RBR-MTRD-3 (iii) | D25: Repair to pot holes and removal of loose material, trimming of sides, cleaning of surface by providing tack coat, 20 mm thick pre-mix carpet and seal coat Type - B as per drawing and technical specification Clause 1904.2 MORD, 503 and 508.1, including overhead charges & Contractor profit but excluding GST and seignorage charges.
D26: Unit = sqm
D27: Taking output = 200 sqm
D28: (a) Labour
B29: 0 | C29: day | D29: Mate | F29: day | G29: =ROUND(B29*E29,2) -> 0
B30: 20.8 | C30: day | D30: Mazdoor (Unskilled) | E30: ='SSR-rates'!J60 -> 520 | F30: day | G30: =ROUND(B30*E30,2) -> 10816
B31: ='Input Data'!D23 -> 0 | D31: Add Muncipal area allowance | G31: =+ROUND((G30)*B31,2) -> 0
G32: =SUM(G30:G31) -> 10816
D33: (b) Machinery
B34: 2 | C34: hour | D34: Air compressor 210 cfm with tractor | E34: ='SSR-rates'!J73 -> 668.6 | F34: hour | G34: =ROUND(B34*E34,2) -> 1337.2
B35: 2 | C35: hour | D35: Bitumen pressure distributor | E35: ='SSR-rates'!J76 -> 1846 | F35: hour | G35: =ROUND(B35*E35,2) -> 3692
B36: 2 | C36: hour | D36: Mixall 6/10t capacity | E36: 946.4 | F36: hour | G36: =ROUND(B36*E36,2) -> 1892.8
B37: 4 | C37: hour | D37: Three wheeled 80-100 kN Static Roller | E37: ='SSR-rates'!J68 -> 1734.8 | F37: hour | G37: =ROUND(B37*E37,2) -> 6939.2
G38: =SUM(G34:G37) -> 13861.2
D39: (c) Materials
B40: 0.064 | C40: t | D40: Bitumen for tack coat @ 3kg per 10 sqm 200 x 3 / 10 = 60 kg (RS1) | E40: =Emution_RS -> 43276.86 | F40: t | G40: =ROUND(B40*E40,2) -> 2769.72
B41: 0.292 | C41: t | D41: Bitumen for pre-mix carpet @ 14.60 kg per 10 sqm = 200 x 14.6 / 10 = 292 kg (60/70) | E41: =BT_Rate_60_70 -> 43863.86 | F41: t | G41: =ROUND(B41*E41,2) -> 12808.25
B42: 0.136 | C42: t | D42: Bitumen for seal coat at 6.8kgs/10sqm(60/70) = 200x 6.8/10 = 136 kg | E42: =E41 -> 43863.86 | F42: t | G42: =ROUND(B42*E42,2) -> 5965.48
B43: 5.4 | C43: cum | D43: Crushed stone aggregate 13.2 mm to 5.6 mm @ 0.27 cum per 10 sqm= 200x0.27/10=5.4cum | E43: =AVERAGE(lead!J8:J10) -> 1768.8513 | F43: cum | G43: =ROUND(B43*E43,2) -> 9551.8
B44: 1.2 | C44: cum | D44: Crushed sand passing 2.36 mm sieve and retained on 180 micron sieve @ 0.06 cum per 10 sqm 200 x 0.06 / 10 = 1.20 cum | E44: =lead!J12 -> 1658.7679 | F44: cum | G44: =ROUND(B44*E44,2) -> 1990.52
G45: =SUM(G40:G44) -> 33085.77
E46: a+b+c= | G46: =G32+G38+G45 -> 57762.97
B47: 0.13615 | D47: (d) Overhead charges on (a+b+c) | G47: =ROUND(G46*B47,2) -> 7864.43
C48: 0 | D48: (d) contractors Profit | E48: =G46+G47 -> 65627.4 | G48: =E48*C48 -> 0
D49: Cost for 200 sqm = a+b+c+d+e | G49: =SUM(G46:G47) -> 65627.4
D50: Rate per sqm = a+b+c+d+e/200 | G50: =ROUND(G49/200,2) -> 328.14
D51: Rate per 1Sqm | G51: =G50 -> 328.14
A53: 19 | B53: RBR-MTRD-3 (ii) | C53: Patch repair on already filled pot holes with 75 mm BM with 20 mm premix carpet and seal coat Type B as per drawings and technical specification Clause 1904.2 MORD including overhead charges & Contractor profit but excluding GST and seignorage charges..
D54: Unit = sqm
D55: Taking output = 200 sqm
D56: (a) Labour
C57: day | D57: Mate
B58: 16.64 | C58: day | D58: Mazdoor (Unskilled) | E58: =E30 -> 520 | F58: day | G58: =ROUND(B58*E58,2) -> 8652.8
B59: ='Input Data'!D23 -> 0 | D59: Add Muncipal area allowance | G59: =+ROUND((G58)*B59,2) -> 0
D61: (b) Machinery
B62: 2 | C62: hour | D62: Mixall 6/10 tonne | E62: =E36 -> 946.4 | F62: hour | G62: =ROUND(B62*E62,2) -> 1892.8
B63: 2 | C63: hour | D63: Bitumen pressure distributor | E63: =E35 -> 1846 | F63: hour | G63: =ROUND(B63*E63,2) -> 3692
B64: 4 | C64: hour | D64: Three wheeled 80-100 kN Static Roller | E64: =E37 -> 1734.8 | F64: hour | G64: =ROUND(B64*E64,2) -> 6939.2
D65: (c) Materials | G65: =ROUND(B65*E65,2) -> 0
B66: 0.292 | C66: tonne | D66: Bitumen for pre-mix carpet @ 14.60 kg/10 sqm 200x14.60/10 =292 kg | E66: =E41 -> 43863.86 | F66: tonne | G66: =ROUND(B66*E66,2) -> 12808.25
B67: 0.04 | C67: tonne | D67: Bitumen for tack coat @2kg per 10sqm 200 x 2 / 10 =40kg | E67: =E40 -> 43276.86 | F67: tonne | G67: =ROUND(B67*E67,2) -> 1731.07
B68: 0.136 | C68: tonne | D68: Bitumen for seal coat @ 6.8 kg per 10 sqm 200 x 6.8 / 10 = 136 kg | E68: =E66 -> 43863.86 | F68: tonne | G68: =ROUND(B68*E68,2) -> 5965.48
B69: 5.4 | C69: cum | D69: Crushed stone aggregate 13.2 mm to 5.6 mm @ 0.27 cum per 10 sqm= 200x0.27/10=5.4cum | E69: =E43 -> 1768.8513 | F69: cum | G69: =ROUND(B69*E69,2) -> 9551.8
B70: 1.2 | C70: cum | D70: Crushed sand passing 2.36 mm sieve and retained on 180 micron sieve @ 0.06 cum per 10 sqm | E70: =E44 -> 1658.7679 | F70: cum | G70: =ROUND(B70*E70,2) -> 1990.52
D71: 200 x 0.06 / 10 = 1.20 cum
B72: 0.13615 | D72: (d) Overhead charges on (a+b+c) | E72: =SUM(G58:G71) -> 53223.92 | G72: =ROUND(B72*E72,2) -> 7246.44
B73: 0 | D73: (d) contractors Profit | E73: =E72+G72 -> 60470.36 | G73: =ROUND(B73*E73,2) -> 0
D74: Cost of 200 sqm = a+b+c+d+e | G74: =E73+G73 -> 60470.36
D75: Rate/sqm = a+b+c+d+e/200 | G75: =G74/200 -> 302.3518
A77: 20 | B77: Filling Pot-holes and Patch Repairs with open-Graded Premix surfacing, 20mm.
B78: MORTH 3004.2 | C78: Removal of all failed material,(Filling Pot-holes and Patch Repairs with open-Graded Premix surfacing, 20mm). trimming of completed excavation to provide firm vertical faces, cleaning of surface, painting of tack coat on the sides and base of excavation as per clause 503, back filling the pot holes with hot bituminous material as per clause 511, compacting, trimming and finishing the surface to form a smooth continuous surface, all as per clause 3004.2 MORTHincluding overhead charges & Contractor profit but excluding GST and seignorage charges..
D79: Unit = sq.m
C80: Taking output = 10250 sq.m (205 cu.m) (405 tonne)
D81: (a) Labour
B82: 3.76 | C82: day | D82: Mate | E82: =E83 -> 520 | F82: day | G82: =ROUND(B82*E82,2) -> 1955.2
B83: 90 | C83: day | D83: Mazdoor (Unskilled) | E83: =E58 -> 520 | F83: day | G83: =ROUND(B83*E83,2) -> 46800
B84: 4 | C84: day | D84: Mazdoor (skilled) | E84: ='SSR-rates'!J59 -> 550 | F84: day | G84: =ROUND(B84*E84,2) -> 2200
B85: ='Input Data'!D23 -> 0 | D85: Add Muncipal area allowance | E85: =G82+G83+G84 -> 50955.2 | G85: =+ROUND((E85)*B85,2) -> 0
G86: =SUM(G82:G85) -> 50955.2
D87: (b) Machinery
B88: 6 | C88: hour | D88: Air compressor 210 cfm | E88: =E34 -> 668.6 | F88: hour | G88: =ROUND(B88*E88,2) -> 4011.6
B89: 6 | C89: hour | D89: HMP 100-110 TPH Capacity | E89: ='SSR-rates'!Q78 -> 33344 | F89: hour | G89: =ROUND(B89*E89,2) -> 200064
B90: 45 | C90: hour | D90: Tipper 10 tonnes capacity | E90: ='SSR-rates'!J89 -> 1205.7 | F90: hour | G90: =ROUND(B90*E90,2) -> 54256.5
B91: 12 | C91: hour | D91: Smooth wheeled roller 8-10 tonnes | E91: ='SSR-rates'!J68 -> 1734.8 | F91: hour | G91: =ROUND(B91*E91,2) -> 20817.6
G92: =SUM(G88:G91) -> 279149.7
D93: (c) Materials
B94: 184.5 | C94: cu.m | D94: Crushed stone aggregate 13.2 mm nominal size | E94: =lead!J8 -> 1854.5179 | F94: cu.m | G94: =ROUND(B94*E94,2) -> 342158.56
B95: 92.25 | C95: cu.m | D95: Crushed stone aggregate 11.2 mm nominal size | E95: =lead!J9 -> 1754.5179 | F95: cu.m | G95: =ROUND(B95*E95,2) -> 161854.28
B96: 2.46 | C96: cu.m | D96: Bitumen emulsion for tack coat including vertical sides of pot hole. | E96: =E67 -> 43276.86 | F96: cu.m | G96: =ROUND(B96*E96,2) -> 106461.08
B97: 14.97 | C97: cu.m | D97: Bitumen 60/70 | E97: =E66 -> 43863.86 | F97: cu.m | G97: =ROUND(B97*E97,2) -> 656641.99
G98: =SUM(G94:G97) -> 1267115.9
E99: A+B+C | G99: =G86+G92+G98 -> 1597220.8
B100: 0.13615 | D100: (d) Overhead charges on (a+b+c) | E100: =G86+G92+G98 -> 1597220.8 | G100: =ROUND(B100*E100,2) -> 217461.61
B101: 0 | D101: (d) contractors Profit | E101: =E100+G100 -> 1814682.4 | G101: =ROUND(B101*E101,2) -> 0
D102: Cost for 10250 sq.m = a+b+c+d | G102: =G99+G100 -> 1814682.4
D104: Rate per 1 sq.m = (a+b+c+d) /10250 | G104: =G102/10250 -> 177.04219
A106: 21 | B106: Filling of Pot-holes and Patch Repairs with Bituminous concrete ,40mm
...

Sheet Mtc-data
A1: DATA FOR MAINTENANCE OF ROADS SSR 2022-23
A2: ='Input Data'!E1 -> R/F A to B in Wanaparthy Mandal of Wanaparthy District
A3: Sl. No | B3: Sr. No | C3: Reference to MoRTH Specification | D3: Description | E3: Unit | F3: Quantity | G3: Rate Rs.
A4: 1 | B4: 2 | C4: 3 | D4: 4 | E4: 5 | F4: 6 | G4: 7
A5: ='Road data'!A930+1 -> 22 | B5: 10.1 | C5: 3002 | D5: Restoration of Rain Cuts
D6: Restoration of rain cuts with soil, moorum, gravel or a mixture of these, clearing the loose soil, benching for 300 mm width, laying fresh material in layers not exceeding 250 mm and compacting with plate compactor or power rammers to restore the original alignment, levels and slopes
D7: Mechanical Means ( Page No 278 )
D8: Unit = cum
D9: Taking output = 10 cum
D10: (a) Labour
B11: 0.08 | C11: day | D11: Mate | E11: ='SSR-rates'!$J$58 -> 520 | F11: day | G11: =ROUND(B11*E11,2) -> 41.6
B12: 2 | C12: day | D12: Mazdoor | E12: ='SSR-rates'!$J$60 -> 520 | F12: day | G12: =ROUND(B12*E12,2) -> 1040
G13: =SUM(G11:G12) -> 1081.6
D14: (b) Machinery
B15: 0.13 | C15: hour | D15: Excavator1.0 cum bucket capacity @ 60 cum per hour | E15: ='SSR-rates'!$J$64 -> 3502.9 | F15: hour | G15: =ROUND(B15*E15,2) -> 455.38
B16: =12*1 -> 12 | C16: tonne.km | D16: Tipper (12L -> L is average lead in km for borrow earth =12x1=12 ) | E16: ='Road data'!$G$205 -> 8 | F16: tonne.km | G16: =ROUND(B16*E16,2) -> 96
B17: 0.1 | D17: Add 10 per cent of cost of carriage towards loading and unloading charges. | E17: =G16 -> 96 | G17: =ROUND(B17*E17,2) -> 9.6
B18: 0.5 | C18: hour | D18: Plate compactor | E18: ='SSR-rates'!$J$91 -> 59 | F18: hour | G18: =ROUND(B18*E18,2) -> 29.5
G19: =SUM(G15:G18) -> 590.48
G20: =G13+G19 -> 1672.08
B21: (C) | C21: Over head charges & CP
B22: ='Input Data'!$D$24 -> 0.13615 | D22: ="Over head charges & CP "&'Input Data'!$D$24*100&"% on (A) + (B)+(C)" -> Over head charges & CP 13.615% on (A) + (B)+(C) | E22: =G20 -> 1672.08 | G22: =E22*B22 -> 227.65369
B23: ='Input Data'!$E$24 -> 0 | D23: Contractor profit | E23: =E22+G22 -> 1899.7337 | G23: =E23*B23 -> 0
B24: (D) | C24: Total of (A) + (B)+( C) | G24: =G20+G22+G23 -> 1899.7337
D25: Cost per 1.00 Cum | F25: Total Rs. | G25: =G24/10 -> 189.97337
D26: Note : Only 75% of fresh material has been provided as 25% can be retrieved from site from earth i.e. flown down the slop in the form of slurry and deposited at the foot of rain cuts.
A27: =A5+1 -> 23 | B27: 10.2 | C27: 3003 | D27: Maintenance of Earthen shoulder (filling with fresh selected soil)
D28: Making up loss of material/ irregularities on shoulder to the design level by adding fresh approved soil and compacting it with appropriate equipment.
D29: Page No 279
D30: Unit = sqm
D31: Taking output = 100 sqm
D32: Assuming average thickness of filling to be 150 mm
D33: Quality of fresh material = 15 cum
D34: (a) Labour
B35: 0.18 | C35: day | D35: Mate | E35: ='SSR-rates'!$J$58 -> 520 | F35: day | G35: =ROUND(B35*E35,2) -> 93.6
B36: 4.5 | C36: day | D36: Mazdoor | E36: ='SSR-rates'!$J$60 -> 520 | F36: day | G36: =ROUND(B36*E36,2) -> 2340
G37: =SUM(G35:G36) -> 2433.6
D38: (b) Machinery
B39: 0.25 | C39: hour | D39: Excavator1.0 cum bucket capacity @ 60 cum per hour | E39: ='SSR-rates'!$J$64 -> 3502.9 | F39: hour | G39: =ROUND(B39*E39,2) -> 875.73
B40: =24*1 -> 24 | C40: tonne.km | D40: Tipper (24L -> L is average lead in km for borrow earth =24x1=24 ) | E40: ='Road data'!$G$205 -> 8 | F40: tonne.km | G40: =ROUND(B40*E40,2) -> 192
B41: 0.1 | D41: Add 10 per cent of cost of carriage towards loading and unloading charges. | E41: =G40 -> 192 | G41: =ROUND(B41*E41,2) -> 19.2
B42: 12 | C42: hour | D42: Plate compactor @ 25 Sqm per hour | E42: ='SSR-rates'!$J$91 -> 59 | F42: hour | G42: =ROUND(B42*E42,2) -> 708
G43: =SUM(G39:G42) -> 1794.93
G44: =G43+G37 -> 4228.53
B45: (C) | C45: Over head charges & CP
B46: ='Input Data'!$D$24 -> 0.13615 | D46: ="Over head charges & CP "&'Input Data'!$D$24*100&"% on (A) + (B)+(C)" -> Over head charges & CP 13.615% on (A) + (B)+(C) | E46: =G44 -> 4228.53 | G46: =E46*B46 -> 575.71436
B47: ='Input Data'!$E$24 -> 0 | D47: Contractor profit | E47: =E46+G46 -> 4804.2444 | G47: =E47*B47 -> 0
B48: (D) | C48: Total of (A) + (B)+( C) | G48: =G44+G46+G47 -> 4804.2444
D49: Cost per 1.00 Sqm | F49: Total Rs. | G49: =G48/100 -> 48.042444
A50: =A27+1 -> 24 | B50: 10.4 | C50: 3004.2 | D50: Filling Pot-holes and Patch Repairs with open-Graded Premix surfacing, 20mm.
D51: Removal of all failed material, trimming of completed excavation to provide firm vertical faces, cleaning of surface, painting of tack coat on the sides and base of excavation as per clause 503, back filling the pot holes with hot bituminous material as per clause 511, compacting, trimming and finishing the surface to form a smooth continuous surface, all as per clause 3004.2
D52: Page No 281
D53: Unit = Sqm
D54: Taking out put = 10250 sqm (205 cum)(405 tonne)
D55: a) Labour
B56: 3.76 | C56: Day | D56: Mate | E56: ='SSR-rates'!$J$58 -> 520 | F56: Day | G56: =ROUND(B56*E56,2) -> 1955.2
B57: 90 | C57: Day | D57: Mazdoor | E57: ='SSR-rates'!$J$60 -> 520 | F57: Day | G57: =ROUND(B57*E57,2) -> 46800
B58: 4 | C58: Day | D58: Mazdoor skilled | E58: ='SSR-rates'!$J$59 -> 550 | F58: Day | G58: =ROUND(B58*E58,2) -> 2200
G59: =SUM(G56:G58) -> 50955.2
D60: b) Machinery
B61: 6 | C61: hour | D61: Air compressor 250 cfm | E61: ='SSR-rates'!$J$73 -> 668.6 | F61: hour | G61: =ROUND(B61*E61,2) -> 4011.6
B62: 6 | C62: hour | D62: HMP 100-110 TPH Capacity | E62: ='SSR-rates'!$Q$78 -> 33344 | F62: hour | G62: =ROUND(B62*E62,2) -> 200064
B63: 45 | C63: hour | D63: Tipper 10 tonnes capacity | E63: ='SSR-rates'!$J$89 -> 1205.7 | F63: hour | G63: =ROUND(B63*E63,2) -> 54256.5
B64: 12 | C64: hour | D64: Smooth wheeled roller 8-10 tonnes | E64: ='SSR-rates'!$J$68 -> 1734.8 | F64: hour | G64: =ROUND(B64*E64,2) -> 20817.6
G65: =SUM(G61:G64) -> 279149.7
D66: c) Material
B67: 184.5 | C67: cum | D67: Crushed stone aggregates nominal size 13.2mm @ 0.18 Cum / 10 Sqm | E67: =lead!$J$8 -> 1854.5179 | F67: cum | G67: =ROUND(B67*E67,2) -> 342158.56
B68: 92.25 | C68: cum | D68: Crushed stone aggregates nominal size 11.2mm @ 0.09 Cum / 10 Sqm | E68: =lead!$J$9 -> 1754.5179 | F68: cum | G68: =ROUND(B68*E68,2) -> 161854.28
B69: 14.97 | C69: tonne | D69: Bitumen 60/70 @ 14.60 Cum / 10 Sqm | E69: =BT_Rate_60_70 -> 43863.86 | F69: tonne | G69: =ROUND(B69*E69,2) -> 656641.99
B70: 2.46 | C70: tonne | D70: Bitumen emulsion RS-1 for tack coat including vertical sides of pot hole. | E70: =Emution_RS -> 43276.86 | F70: tonne | G70: =ROUND(B70*E70,2) -> 106461.08
G71: =SUM(G67:G70) -> 1267115.9
G72: =G59+G65+G71 -> 1597220.8
B73: (D) | C73: Over head charges & CP
B74: ='Input Data'!$D$24 -> 0.13615 | D74: ="Over head charges & CP "&'Input Data'!$D$24*100&"% on (A) + (B)+(C)" -> Over head charges & CP 13.615% on (A) + (B)+(C) | E74: =G72 -> 1597220.8 | G74: =E74*B74 -> 217461.61
B75: ='Input Data'!$E$24 -> 0 | D75: Contractor profit | E75: =E74+G74 -> 1814682.4 | G75: =E75*B75 -> 0
B76: (E) | C76: Total of (A) + (B)+( C)+(D) | G76: =G72+G74+G75 -> 1814682.4
D77: Cost per 1.00 Sqm | F77: Total Rs. | G77: =G76/10250 -> 177.04219
A78: =A50+1 -> 25 | B78: 10.5 | C78: 3004.2 | D78: Filling Pot-holes and Patch Repairs with Bituminous concrete, 40mm.
D79: Removal of all failed material, trimming of completed excavation to provide firm vertical faces, cleaning of surface, painting of tack coat on the sides and base of excavation as per clause 503, back filling the pot holes with hot bituminous material as per clause 504, compacting, trimming and finishing the surface to form a smooth continuous surface, all as per clause 3004.2
D80: Page No : 282
D81: Unit = Sqm
D82: Taking out put = 4900 sqm (196 cum)(450 Tonnes)
D83: a) Labour
B84: 2.92 | C84: Day | D84: Mate | E84: ='SSR-rates'!$J$58 -> 520 | F84: Day | G84: =ROUND(B84*E84,2) -> 1518.4
B85: 70 | C85: Day | D85: Mazdoor | E85: ='SSR-rates'!$J$60 -> 520 | F85: Day | G85: =ROUND(B85*E85,2) -> 36400
B86: 3 | C86: Day | D86: Mazdoor skilled | E86: ='SSR-rates'!$J$59 -> 550 | F86: Day | G86: =ROUND(B86*E86,2) -> 1650
G87: =SUM(G84:G86) -> 39568.4
D88: b) Machinery
B89: 6 | C89: hour | D89: Air compressor 250 cfm | E89: ='SSR-rates'!$J$73 -> 668.6 | F89: hour | G89: =ROUND(B89*E89,2) -> 4011.6
B90: 6 | C90: hour | D90: HMP 100-110 TPH Capacity | E90: ='SSR-rates'!$Q$78 -> 33344 | F90: hour | G90: =ROUND(B90*E90,2) -> 200064
B91: 45 | C91: hour | D91: Tipper 10 tonnes capacity | E91: ='SSR-rates'!$J$89 -> 1205.7 | F91: hour | G91: =ROUND(B91*E91,2) -> 54256.5
B92: 12 | C92: hour | D92: Smooth wheeled roller 8-10 tonnes | E92: ='SSR-rates'!$J$68 -> 1734.8 | F92: hour | G92: =ROUND(B92*E92,2) -> 20817.6
G93: =SUM(G89:G92) -> 279149.7
D94: c) Material
B95: 22.5 | C95: tonne | D95: I) Bitumen 60/70 Grade | E95: =BT_Rate_60_70 -> 43863.86 | F95: tonne | G95: =ROUND(B95*E95,2) -> 986936.86
B96: 1.18 | C96: tonne | D96: ii) Bitumen emulsion for tack coat . (RS) | E96: =Emution_RS -> 43276.86 | F96: tonne | G96: =ROUND(B96*E96,2) -> 51066.7
G97: =SUM(G95:G96) -> 1038003.6
D98: iii) Aggregates
D99: Grading I - 19mm(Nominal size)
B100: 99.75 | C100: cum | D100: 20-10mm 35 per cent | E100: =AVERAGE(lead!J7:J9) -> 1871.5179 | F100: cum | G100: =ROUND(B100*E100,2) -> 186683.91
...

Sheet 1V 1m dia Pipe Culverts
A1: SUB-ESTIMATE FOR PIPE CULVERT WITH SSR 2023-24
A2: Name of the Work | F2: ='Input Data'!E1 -> R/F A to B in Wanaparthy Mandal of Wanaparthy District
A3: Construction of HP Culvert 1V of 1000mm Dia.NP4 Pipes at Km
A4: Sl. No. | B4: Description of work | C4: No. | F4: L | G4: B | H4: D | I4: Quantity | J4: Rate | K4: Per | L4: Amount (Rs.)
A5: 1 | B5: 2 | C5: 3 | F5: 4 | G5: 5 | H5: 6 | I5: 7 | J5: 8 | K5: 9 | L5: 10
A6: 1 | B6: ='Pipe data'!B4:G4 -> Earthwork excavation in soils upto SDR by mechanical means for foundations of structures as per drawing and technical specification including setting out, construction of shoring and bracing, removal of stumps and other deleterious matter, dressing sides of bottom, back filling the excavation earth to the extent required etc., complete excluding seignioarge charges for finished item of work as per MoRT&H specification 304(5th Revision) and as directed by the Engineer-in-Charge.
B7: Body Wall Foundation | C7: 1 | D7: x | E7: 2 | F7: 5.5 | G7: 1.4 | H7: 1.5 | I7: =ROUND(C7*E7*F7*G7*H7,2) -> 23.1
B8: Under Pipes | C8: 1 | D8: x | E8: 1 | F8: 4.7 | G8: 3 | H8: 0.3 | I8: =ROUND(C8*E8*F8*G8*H8,2) -> 4.23
I9: =SUM(I7:I8) -> 27.33 | J9: ='Pipe data'!G20 -> 123.69928 | K9: 1 | L9: =ROUND(I9*J9,0) -> 3381
I10: Cum | K10: Cum
A11: 2 | B11: ='Pipe data'!B55:G55 -> Sand Filling in foundation trenches as per drawing and technical specification Clause 304 of MORTH including overhead charges & Contractors profit etc complete.
B12: Body Wall Foundation | C12: 1 | D12: x | E12: 2 | F12: =F7 -> 5.5 | G12: 1.4 | H12: 0.1 | I12: =ROUND(C12*E12*F12*G12*H12,2) -> 1.54
B13: Under Pipes | C13: 1 | D13: x | E13: 1 | F13: 4.7 | G13: 3 | H13: 0.3 | I13: =ROUND(C13*E13*F13*G13*H13,2) -> 4.23
I14: =SUM(I12:I13) -> 5.77 | J14: ='Pipe data'!G72 -> 1237.43 | K14: 1 | L14: =ROUND(I14*J14,0) -> 7140
I15: Cum | K15: Cum
